Workbook
Name \a: #REF!
Name \B: #REF!
Name \C: #REF!
Name \d: #REF!
Name \E: #REF!
Name \F: #REF!
Name \G: #REF!
Name \p: #REF!
Name \s: #REF!
Name \z: #REF!
Name _: #REF!
Name _.dbf: #REF!
Name _?: #REF!
Name _??????: #REF!
Name __?: #REF!
Name __??????: #REF!
Name ___?: #REF!
Name ___??????: #REF!
Name ____?: #REF!
Name ____??????: #REF!
Name _____?: #REF!
Name _____??????: #REF!
Name ______?: #REF!
Name ______??????: #REF!
Name _______?: #REF!
Name _______??????: #REF!
Name ________?: #REF!
Name ________??????: #REF!
Name _________?: #REF!
Name _________??????: #REF!
Name ________________km1: #REF!
Name _______________km1: #REF!
Name _____________km1: #REF!
Name _____________pgz101: #REF!
Name _____________pgz102: #REF!
Name _____________pgz103: #REF!
Name _____________pgz104: #REF!
Name _____________pgz105: #REF!
Name _____________pgz106: #REF!
Name _____________pgz511: #REF!
Name _____________pgz512: #REF!
Name _____________pgz513: #REF!
Name _____________pgz521: #REF!
Name _____________pgz522: #REF!
Name _____________pgz523: #REF!
Name _____________pgz53: #REF!
Name _____________pgz541: #REF!
Name _____________pgz542: #REF!
Name _____________pgz55: #REF!
Name _____________pgz56: #REF!
Name _____________pgz61: #REF!
Name _____________pgz62: #REF!
Name _____________pgz71: #REF!
Name _____________pgz72: #REF!
Name _____________pgz81: #REF!
Name _____________pgz82: #REF!
Name _____________pgz91: #REF!
Name _____________pgz910: #REF!
Name _____________pgz911: #REF!
Name _____________pgz912: #REF!

Sheet 明细表模板信息表
A1: 模板信息 | B1: 内容
A2: 模板版本 | B2: V1.0.0.0
A3: 文档版本 | B3: cb0001

Sheet 申报表封面
A5: XXX资产评估项目
A8: 评估申报明细表
A10: ="评估基准日："&TEXT(基本信息输入表!M7,"yyyy年mm月dd日") -> 评估基准日：2025年11月30日
C13: 被评估单位：
C16: 企业负责人：xxx | G16: 财务负责人：xxx
C19: 填表人：xxx | G19: 填表人电话：xxx

Sheet 资产基础法评估明表工作流程图
B2: 资产基础法操作导航图（点击并完成各模块的任务）V1.0
D3: 01 | H3: 02 | L3: 03 | P3: 04 | T3: 05
B8: 01 | D8: 阅读填表说明 | H8: 数据输入 | L8: 核对资料 | P8: 方法确定 | T8: 结果分析
B10: 02 | D10: 数据输入★ | H10: 报表核对 | L10: 履行调查核实程序 | P10: 取价方式 | T10: 评估调整
B12: 03 | D12: 报表核对★ | L12: 账实调查结果 | P12: 参数输入 | T12: 打印输出
B14: 04 | L14: 产权调查结果 | P14: 评估测算
B18: 备注：每个科目按照以上程序完成

Sheet 索引目录
A1: 资产评估申报表索引目录
B2: 基本信息输入表
B3: 填表说明（填表前请先阅读）
B4: 企业基本情况表 | C4: 资产负债表 | D4: 汇总表 | E4: 分类汇总表
C6: 流动资产 | D6: 货币资金 | E6: 现金 | G6: 流动负债 | I6: 短期借款
E7: 银行存款 | I7: 交易性金融负债
E8: 其他货币资金 | I8: 应付票据
D9: 交易性金融资产 | E9: 股票投资 | I9: 应付账款
E10: 债券投资 | I10: 预收款项
I11: 合同负债
E12: 基金投资 | I12: 职工薪酬
D13: 衍生金融资产
D14: 应收票据 | I14: 应交税费
D15: 应收账款 | I15: 应付利息
D16: 应收款项融资
D17: 预付款项 | I17: 应付股利（应付利润）
I18: 其他应付款
I19: 一年内到期的非流动负债
D20: 其他应收款 | I20: 其他流动负债
D21: 存货 | E21: 材料采购（在途物资）
E22: 原材料
E23: 在库周转材料 | G23: 非流动负债 | I23: 长期借款
E24: 委托加工物资 | I24: 应付债券
E25: 产成品（库存商品） | I25: 长期应付款
E26: 在产品（自制半成品） | I26: 专项应付款
E27: 发出商品 | I27: 预计负债
D28: 合同资产 | E28: 在用周转材料 | I28: 递延所得税负债
D29: 持有待售资产
D30: 一年到期非流动资产 | E30: 开发产品 | I30: 其他非流动负债
D31: 其他流动资产 | E31: 开发成本
E32: 消耗性生物资产
E33: 工程施工
C35: 非流动资产 | D35: 可供出售金融资产 | E35: 股票投资
E36: 债券投资
E37: 其他投资
D38: 持有至到期投资
D39: 长期应收款
D40: 长期股权投资
D41: 投资性房地产 | E41: 投资性房地产（成本计量）
E42: 投资性房地产（公允计量）
E43: 投资性地产（成本计量）
E44: 投资性地产(公允计量）
C47: 固定资产 | D47: 固定资产 | E47: 房屋建筑物
E48: 构筑物及其他辅助设施
E49: 管道及沟槽
E50: 井巷工程
E51: 机器设备
E52: 车辆
E53: 电子设备
E54: 土地
E55: 船舶
D56: 在建工程 | E56: 在建工程-土建工程
E57: 在建工程-设备安装工程
D58: 工程物资
D59: 固定资产清理
D60: 生产性生物资产
D61: 油气资产
C62: 无形资产 | D62: 无形资产 | E62: 土地使用权
E63: 无形-矿业权
E64: 其他无形资产
D65: 开发支出
D66: 商誉
C67: 其他资产 | D67: 长期待摊费用
D68: 递延所得税资产
D69: 其他非流动资产

Sheet 基本信息输入表
A1: 返回索引目录
A5: 一、项目基本信息
B6: 1.企业名称（输入）： | K6: 产权持有人 | M6: 湖北省徽工生物技本研究有限公司
B7: 2.评估基准日（选择）： | M7: 45991
B8: 3.评估机构名称： | M8: 永业行土地房地产资产评估有限公司
B9: 4.项目名称：
B10: 5.金额单位： | M10: 人民币
B11: 6.填表人及填表日期：
C12: 选择 | D12: 科目 | M12: 填表人员姓名 | O12: 填表日期 | Q12: 评估人员
C13: √ | D13: 流动资产（汇总） | M13: 袁佳 | O13: 46006 | Q13: 韩策
C14: √ | D14: 货币资金（汇总） | M14: 袁佳 | O14: 46006 | Q14: 韩策
C15: √ | D15: 现金 | M15: 袁佳 | O15: 46006 | Q15: 韩策
C16: √ | D16: 银行存款 | M16: 袁佳 | O16: 46006 | Q16: 韩策
C17: √ | D17: 货币资金 | M17: 袁佳 | O17: 46006 | Q17: 韩策
C18: √ | D18: 交易性金融资产（汇总） | M18: 袁佳 | O18: 46006 | Q18: 韩策
C19: √ | D19: 股票投资 | M19: 袁佳 | O19: 46006 | Q19: 韩策
C20: √ | D20: 债券投资 | M20: 袁佳 | O20: 46006 | Q20: 韩策
C21: √ | D21: 基金投资 | M21: 袁佳 | O21: 46006 | Q21: 韩策
C22: √ | D22: 衍生金融资产 | M22: 袁佳 | O22: 46006 | Q22: 韩策
C23: √ | D23: 应收票据 | M23: 袁佳 | O23: 46006 | Q23: 韩策
C24: √ | D24: 应收帐款 | M24: 袁佳 | O24: 46006 | Q24: 韩策
... C105: √ | D105: 其他非流动负债 | M105: 袁佳 | O105: 46006 | Q105: 韩策

Sheet 填表说明
B1: 评估明细表填表说明
B3: 一、基本要求
B4: (一)填表范围：
B5: 对于纳入评估范围的各科目明细表余额要保证与评估基准日被评估单位的资产负债表（或模拟资产负债表）完全一致，如出现差异，请核对链接关系及所填报明细是否有误。
B6: (二)“评估基准日”、“被评估单位(或者产权持有单位)名称”、填表人、填表日期,统一在“基本信息输入表” 中填列，各明细表会自动生成。单位名称要与该单位的营业执照所列示的名称完全一致,如经检查各明细表与报表的余额数据完全一致，填表人员需与评估人员沟通无异议后再在打印好的A4纸每页明细表左上角单位名称处加盖单位公章上报。
B7: (三)对于企业财务核算中没有的会计科目不必填写相应的明细表，对应明细表可隐藏但不可删除。
B8: (四) 对于各科目明细表中“评估价值”一栏(不含本栏)左方的所有空白栏以及需要填写的备注栏项目请企业填写齐全。尤其对于实物类资产的评估作价密切相关信息需填报完整，不要出现空白项，该类信息往往包括规格、厂家、单位、数量、产权证号、产权人名称、车辆行驶里程、不良资产实际状态等，需要由资产管理相关部门协助财务人员进行填报。
B9: (五)明细表中填列金额单位为“人民币元”，精确到小数点后两位。
B10: (六)明细表中日期根据要求填至月(如建成年月)或日(如出票日期)，填写日期格式为“2001-05”（不能写为2001.5）或 “2001-05-02”（不能填为2001.5.2）。
B11: (七)未指明月利率之处应指年利率，计量单位为“%”。若原始资料中为月利率或日利率,则换算为年利率。
B12: (八)明细表与各级汇总表之间的数据已建立链接关系，带“汇总”字样的各明细表中除个别项的减值准备外，其他项中不应直接录入数据。
B13: (九)每一张明细表内容超过表中行数时，可在电子表中间直接插入行。注意，不能在第一行和合计行插入行。
... B192: ******

Sheet 资产负债表
A1: 返回索引页
A2: 资产负债表
A3: ="评估基准日："&TEXT(基本信息输入表!M7,"yyyy年mm月dd日") -> 评估基准日：2025年11月30日
A4: =基本信息输入表!K6&"："&基本信息输入表!M6 -> 产权持有人：湖北省徽工生物技本研究有限公司 | F4: ="金额单位："&基本信息输入表!M10&"元" -> 金额单位：人民币元
A5: 资产 | B5: 基准日未审数 | C5: 基准日审定数 | D5: 负债和所有者权益 | E5: 基准日未审数 | F5: 基准日审定数
A6: 流动资产： | D6: 流动负债：
A7: 货币资金 | D7: 短期借款
A8: 交易性金融资产 | D8: 交易性金融负债
A9: 衍生金融资产 | D9: 衍生金融负债
A10: 应收票据 | D10: 应付票据
A11: 应收账款 | D11: 应付账款
A12: 应收款项融资 | D12: 预收款项
A13: 预付款项 | D13: 合同负债
A14: 其他应收款 | D14: 应付职工薪酬
A15: 存货 | D15: 应交税费
A16: 合同资产 | D16: 其他应付款
A17: 持有待售资产 | D17: 持有待售负债
... A19: 其他流动资产 | D19: 其他流动负债
A20: 流动资产合计 | B20: =SUM(B7:B19) -> 0 | C20: =SUM(C7:C19) -> 0 | D20: 流动负债合计 | E20: =SUM(E7:E19) -> 0 | F20: =SUM(F7:F19) -> 0
A21: 非流动资产： | D21: 非流动负债：
A22: 债权投资 | D22: 长期借款
A23: 其他债权投资 | D23: 应付债券
A24: 长期应收款 | D24: 租赁负债
A25: 长期股权投资 | D25: 长期应付款
A26: 其他权益工具投资 | D26: 预计负债
A27: 其他非流动金融资产 | D27: 递延收益
A28: 投资性房地产 | D28: 递延所得税负债
A29: 固定资产 | D29: 其他非流动负债
A30: 在建工程 | D30: 非流动负债合计 | E30: =SUM(E22:E29) -> 0 | F30: =SUM(F22:F29) -> 0
A31: 生产性生物资产 | D31: 负债合计 | E31: =E30+E20 -> 0 | F31: =F30+F20 -> 0
A32: 油气资产 | D32: 所有者权益：
A33: 使用权资产 | D33: 实收资本（或股本）
A34: 无形资产 | D34: 资本公积
A35: 开发支出 | D35: 减：库存股
A36: 商誉 | D36: 专项储备
A37: 长期待摊费用 | D37: 盈余公积
A38: 递延所得税资产 | D38: 未分配利润
A39: 其他非流动资产 | D39: 外币报表折算差额
A40: 非流动资产合计 | B40: =SUM(B22:B39) -> 0 | C40: =SUM(C22:C39) -> 0 | D40: 所有者权益合计 | E40: =SUM(E33:E34,E36:E39)-E35 -> 0 | F40: =SUM(F33:F34,F36:F39)-F35 -> 0
A41: 资产总计 | B41: =B20+B40 -> 0 | C41: =C20+C40 -> 0 | D41: 负债和所有者权益总计 | E41: =E31+E40 -> 0 | F41: =F31+F40 -> 0

Sheet 2-分类汇总
A1: 返回索引目录
A2: 资产评估结果分类汇总表
A3: ="评估基准日："&TEXT(基本信息输入表!M7,"yyyy年mm月dd日") -> 评估基准日：2025年11月30日
G4: 表2
A5: =基本信息输入表!K6&"："&基本信息输入表!M6 -> 产权持有人：湖北省徽工生物技本研究有限公司 | G5: ="金额单位："&基本信息输入表!M10&"元" -> 金额单位：人民币元
A6: 序号 | B6: 科目名称 | C6: 审定前账面价值 | D6: 账面价值 | E6: 评估价值 | F6: 增减值 | G6: 增值率% | H6: 资产负债表校核列 | I6: 资产负债表数
A7: 1 | B7: 一、流动资产合计 | C7: ='3-流动汇总'!C31 -> 0 | D7: ='3-流动汇总'!D31 -> 0 | E7: ='3-流动汇总'!E31 -> 0 | F7: =E7-D7 -> 0 | G7: =IF(D7=0,"",F7/ABS(D7)*100) | H7: =IF(ABS(D7-资产负债表!C20)<0.01,"True","Wrong") -> True | I7: =资产负债表!C20 -> 0 | J7: =D7-资产负债表!C20 -> 0
A8: 2 | B8: 货币资金 | C8: ='3-流动汇总'!C7 -> 0 | D8: ='3-流动汇总'!D7 -> 0 | E8: ='3-流动汇总'!E7 -> 0 | F8: =E8-D8 -> 0 | G8: =IF(D8=0,"",F8/ABS(D8)*100) | H8: =IF(ABS(D8-资产负债表!C7)<0.01,"True","Wrong") -> True | I8: =资产负债表!C7 -> 0 | J8: =D8-资产负债表!C7 -> 0
A9: 3 | B9: 交易性金融资产 | C9: ='3-流动汇总'!C8 -> 0 | D9: ='3-流动汇总'!D8 -> 0 | E9: ='3-流动汇总'!E8 -> 0 | F9: =E9-D9 -> 0 | G9: =IF(D9=0,"",F9/ABS(D9)*100) | H9: =IF(ABS(D9-资产负债表!C8)<0.01,"True","Wrong") -> True | I9: =资产负债表!C8 -> 0 | J9: =D9-资产负债表!C8 -> 0
A10: 4 | B10: 衍生金融资产 | C10: ='3-流动汇总'!C9 -> 0 | D10: ='3-流动汇总'!D9 -> 0 | E10: ='3-流动汇总'!E9 -> 0 | F10: =E10-D10 -> 0 | G10: =IF(D10=0,"",F10/ABS(D10)*100) | H10: =IF(ABS(D10-资产负债表!C9)<0.01,"True","Wrong") -> True | I10: =资产负债表!C9 -> 0 | J10: =D10-资产负债表!C9 -> 0
A11: 5 | B11: 应收票据 | C11: ='3-流动汇总'!C10 -> 0 | D11: ='3-流动汇总'!D10 -> 0 | E11: ='3-流动汇总'!E10 -> 0 | F11: =E11-D11 -> 0 | G11: =IF(D11=0,"",F11/ABS(D11)*100) | H11: =IF(ABS(D11-资产负债表!C10)<0.01,"True","Wrong") -> True | I11: =资产负债表!C10 -> 0 | J11: =D11-资产负债表!C10 -> 0
A12: 6 | B12: 应收账款合计 | C12: ='3-流动汇总'!C11 -> 0 | D12: ='3-流动汇总'!D11 -> 0 | E12: ='3-流动汇总'!E11 -> 0 | F12: =E12-D12 -> 0 | G12: =IF(D12=0,"",F12/ABS(D12)*100)
A13: 7 | B13: 减：坏帐准备 | C13: ='3-流动汇总'!C12 -> 0 | D13: ='3-流动汇总'!D12 -> 0 | E13: ='3-流动汇总'!E12 -> 0 | F13: =E13-D13 -> 0 | G13: =IF(D13=0,"",F13/ABS(D13)*100)
A14: 8 | B14: 应收帐款净额 | C14: ='3-流动汇总'!C13 -> 0 | D14: ='3-流动汇总'!D13 -> 0 | E14: ='3-流动汇总'!E13 -> 0 | F14: =E14-D14 -> 0 | G14: =IF(D14=0,"",F14/ABS(D14)*100) | H14: =IF(ABS(D14-资产负债表!C11)<0.01,"True","Wrong") -> True | I14: =资产负债表!C11 -> 0 | J14: =D14-资产负债表!C11 -> 0
A15: 9 | B15: 应收款项融资 | C15: ='3-流动汇总'!C14 -> 0 | D15: ='3-流动汇总'!D14 -> 0 | E15: ='3-流动汇总'!E14 -> 0 | F15: =E15-D15 -> 0 | G15: =IF(D15=0,"",F15/ABS(D15)*100) | H15: =IF(ABS(D15-资产负债表!C12)<0.01,"True","Wrong") -> True | I15: =资产负债表!C12 -> 0 | J15: =D15-资产负债表!C12 -> 0
A16: 10 | B16: 预付款项 | C16: ='3-流动汇总'!C15 -> 0 | D16: ='3-流动汇总'!D15 -> 0 | E16: ='3-流动汇总'!E15 -> 0 | F16: =E16-D16 -> 0 | G16: =IF(D16=0,"",F16/ABS(D16)*100) | H16: =IF(ABS(D16-资产负债表!C13)<0.01,"True","Wrong") -> True | I16: =资产负债表!C13 -> 0 | J16: =D16-资产负债表!C13 -> 0
A17: 11 | B17: 其他应收款合计 | C17: ='3-流动汇总'!C16 -> 0 | D17: ='3-流动汇总'!D16 -> 0 | E17: ='3-流动汇总'!E16 -> 0 | F17: =E17-D17 -> 0 | G17: =IF(D17=0,"",F17/ABS(D17)*100)
A18: 12 | B18: 减：坏帐准备 | C18: ='3-流动汇总'!C17 -> 0 | D18: ='3-流动汇总'!D17 -> 0 | E18: ='3-流动汇总'!E17 -> 0 | F18: =E18-D18 -> 0 | G18: =IF(D18=0,"",F18/ABS(D18)*100)
A19: 13 | B19: 其他应收款净额 | C19: ='3-流动汇总'!C18 -> 0 | D19: ='3-流动汇总'!D18 -> 0 | E19: ='3-流动汇总'!E18 -> 0 | F19: =E19-D19 -> 0 | G19: =IF(D19=0,"",F19/ABS(D19)*100) | H19: =IF(ABS(D19-资产负债表!C14)<0.01,"True","Wrong") -> True | I19: =资产负债表!C14 -> 0 | J19: =D19-资产负债表!C14 -> 0
A20: 14 | B20: 存货合计 | C20: ='3-流动汇总'!C19 -> 0 | D20: ='3-流动汇总'!D19 -> 0 | E20: ='3-流动汇总'!E19 -> 0 | F20: =E20-D20 -> 0 | G20: =IF(D20=0,"",F20/ABS(D20)*100)
A21: 15 | B21: 减：存货跌价准备 | C21: ='3-流动汇总'!C20 -> 0 | D21: ='3-流动汇总'!D20 -> 0 | E21: ='3-流动汇总'!E20 -> 0 | F21: =E21-D21 -> 0 | G21: =IF(D21=0,"",F21/ABS(D21)*100)
A22: 16 | B22: 存货净额 | C22: ='3-流动汇总'!C21 -> 0 | D22: ='3-流动汇总'!D21 -> 0 | E22: ='3-流动汇总'!E21 -> 0 | F22: =E22-D22 -> 0 | G22: =IF(D22=0,"",F22/ABS(D22)*100) | H22: =IF(ABS(D22-资产负债表!C15)<0.01,"True","Wrong") -> True | I22: =资产负债表!C15 -> 0 | J22: =D22-资产负债表!C15 -> 0
A23: 17 | B23: 合同资产 | C23: ='3-流动汇总'!C22 -> 0 | D23: ='3-流动汇总'!D22 -> 0 | E23: ='3-流动汇总'!E22 -> 0 | F23: =E23-D23 -> 0 | G23: =IF(D23=0,"",F23/ABS(D23)*100)
A24: 18 | B24: 减：合同资产减值准备 | C24: ='3-流动汇总'!C23 -> 0 | D24: ='3-流动汇总'!D23 -> 0 | E24: ='3-流动汇总'!E23 -> 0 | F24: =E24-D24 -> 0 | G24: =IF(D24=0,"",F24/ABS(D24)*100)
A25: 19 | B25: 合同资产净额 | C25: ='3-流动汇总'!C24 -> 0 | D25: ='3-流动汇总'!D24 -> 0 | E25: ='3-流动汇总'!E24 -> 0 | F25: =E25-D25 -> 0 | G25: =IF(D25=0,"",F25/ABS(D25)*100) | H25: =IF(ABS(D25-资产负债表!C16)<0.01,"True","Wrong") -> True | I25: =资产负债表!C16 -> 0 | J25: =D25-资产负债表!C16 -> 0
A26: 20 | B26: 持有待售资产 | C26: ='3-流动汇总'!C25 -> 0 | D26: ='3-流动汇总'!D25 -> 0 | E26: ='3-流动汇总'!E25 -> 0 | F26: =E26-D26 -> 0 | G26: =IF(D26=0,"",F26/ABS(D26)*100) | H26: =IF(ABS(D26-资产负债表!C17)<0.01,"True","Wrong") -> True | I26: =资产负债表!C17 -> 0 | J26: =D26-资产负债表!C17 -> 0
A27: 21 | B27: 一年内到期的非流动资产 | C27: ='3-流动汇总'!C26 -> 0 | D27: ='3-流动汇总'!D26 -> 0 | E27: ='3-流动汇总'!E26 -> 0 | F27: =E27-D27 -> 0 | G27: =IF(D27=0,"",F27/ABS(D27)*100) | H27: =IF(ABS(D27-资产负债表!C18)<0.01,"True","Wrong") -> True | I27: =资产负债表!C18 -> 0 | J27: =D27-资产负债表!C18 -> 0
A28: 22 | B28: 其他流动资产 | C28: ='3-流动汇总'!C27 -> 0 | D28: ='3-流动汇总'!D27 -> 0 | E28: ='3-流动汇总'!E27 -> 0 | F28: =E28-D28 -> 0 | G28: =IF(D28=0,"",F28/ABS(D28)*100) | H28: =IF(ABS(D28-资产负债表!C19)<0.01,"True","Wrong") -> True | I28: =资产负债表!C19 -> 0 | J28: =D28-资产负债表!C19 -> 0
A29: 23 | B29: 二、非流动资产合计 | C29: ='4-非流动资产汇总'!C47 -> #REF! | D29: ='4-非流动资产汇总'!D47 -> #REF! | E29: ='4-非流动资产汇总'!E47 -> #REF! | F29: =E29-D29 -> #REF! | G29: =IF(D29=0,"",F29/ABS(D29)*100) -> #REF! | H29: =IF(ABS(D29-资产负债表!C40)<0.01,"True","Wrong") -> #REF! | I29: =资产负债表!C40 -> 0 | J29: =D29-资产负债表!C40 -> #REF!
A30: 24 | B30: 债权投资 | C30: ='4-非流动资产汇总'!C7 -> 0 | D30: ='4-非流动资产汇总'!D7 -> 0 | E30: ='4-非流动资产汇总'!E7 -> 0 | F30: =E30-D30 -> 0 | G30: =IF(D30=0,"",F30/ABS(D30)*100) | H30: =IF(ABS(D30-资产负债表!C22)<0.01,"True","Wrong") -> True | I30: =资产负债表!C22 -> 0 | J30: =D30-资产负债表!C22 -> 0
A31: 25 | B31: 其他债权投资 | C31: ='4-非流动资产汇总'!C8 -> 0 | D31: ='4-非流动资产汇总'!D8 -> 0 | E31: ='4-非流动资产汇总'!E8 -> 0 | F31: =E31-D31 -> 0 | G31: =IF(D31=0,"",F31/ABS(D31)*100) | H31: =IF(ABS(D31-资产负债表!C23)<0.01,"True","Wrong") -> True | I31: =资产负债表!C23 -> 0 | J31: =D31-资产负债表!C23 -> 0
A32: 26 | B32: 长期应收款 | C32: ='4-非流动资产汇总'!C9 -> 0 | D32: ='4-非流动资产汇总'!D9 -> 0 | E32: ='4-非流动资产汇总'!E9 -> 0 | F32: =E32-D32 -> 0 | G32: =IF(D32=0,"",F32/ABS(D32)*100) | H32: =IF(ABS(D32-资产负债表!C24)<0.01,"True","Wrong") -> True | I32: =资产负债表!C24 -> 0 | J32: =D32-资产负债表!C24 -> 0
A33: 27 | B33: 长期股权投资合计 | C33: ='4-非流动资产汇总'!C10 -> 0 | D33: ='4-非流动资产汇总'!D10 -> 0 | E33: ='4-非流动资产汇总'!E10 -> 0 | F33: =E33-D33 -> 0 | G33: =IF(D33=0,"",F33/ABS(D33)*100)
A34: 28 | B34: 减：长期股权投资减值准备 | C34: ='4-非流动资产汇总'!C11 -> 0 | D34: ='4-非流动资产汇总'!D11 -> 0 | E34: ='4-非流动资产汇总'!E11 -> 0 | F34: =E34-D34 -> 0 | G34: =IF(D34=0,"",F34/ABS(D34)*100)
A35: 29 | B35: 长期股权投资净额 | C35: ='4-非流动资产汇总'!C12 -> 0 | D35: ='4-非流动资产汇总'!D12 -> 0 | E35: ='4-非流动资产汇总'!E12 -> 0 | F35: =E35-D35 -> 0 | G35: =IF(D35=0,"",F35/ABS(D35)*100) | H35: =IF(ABS(D35-资产负债表!C25)<0.01,"True","Wrong") -> True | I35: =资产负债表!C25 -> 0 | J35: =D35-资产负债表!C25 -> 0
A36: 30 | B36: 其他权益工具投资 | C36: ='4-非流动资产汇总'!C13 -> 0 | D36: ='4-非流动资产汇总'!D13 -> 0 | E36: ='4-非流动资产汇总'!E13 -> 0 | F36: =E36-D36 -> 0 | G36: =IF(D36=0,"",F36/ABS(D36)*100) | H36: =IF(ABS(D36-资产负债表!C26)<0.01,"True","Wrong") -> True | I36: =资产负债表!C26 -> 0 | J36: =D36-资产负债表!C26 -> 0
A37: 31 | B37: 其他非流动金融资产 | C37: ='4-非流动资产汇总'!C14 -> 0 | D37: ='4-非流动资产汇总'!D14 -> 0 | E37: ='4-非流动资产汇总'!E14 -> 0 | F37: =E37-D37 -> 0 | G37: =IF(D37=0,"",F37/ABS(D37)*100) | H37: =IF(ABS(D37-资产负债表!C27)<0.01,"True","Wrong") -> True | I37: =资产负债表!C27 -> 0 | J37: =D37-资产负债表!C27 -> 0
A38: 32 | B38: 投资性房地产合计 | C38: ='4-非流动资产汇总'!C15 -> 0 | D38: ='4-非流动资产汇总'!D15 -> 0 | E38: ='4-非流动资产汇总'!E15 -> 0 | F38: =E38-D38 -> 0 | G38: =IF(D38=0,"",F38/ABS(D38)*100)
A39: 33 | B39: 减：投资性房地产减值准备 | C39: ='4-非流动资产汇总'!C16 -> 0 | D39: ='4-非流动资产汇总'!D16 -> 0 | E39: ='4-非流动资产汇总'!E16 -> 0 | F39: =E39-D39 -> 0 | G39: =IF(D39=0,"",F39/ABS(D39)*100)
A40: 34 | B40: 投资性房地产净额 | C40: ='4-非流动资产汇总'!C17 -> 0 | D40: ='4-非流动资产汇总'!D17 -> 0 | E40: ='4-非流动资产汇总'!E17 -> 0 | F40: =E40-D40 -> 0 | G40: =IF(D40=0,"",F40/ABS(D40)*100) | H40: =IF(ABS(D40-资产负债表!C28)<0.01,"True","Wrong") -> True | I40: =资产负债表!C28 -> 0 | J40: =D40-资产负债表!C28 -> 0
A41: 35 | B41: 固定资产原值 | C41: ='4-非流动资产汇总'!C18 -> #REF! | D41: ='4-非流动资产汇总'!D18 -> #REF! | E41: ='4-非流动资产汇总'!E18 -> #REF! | F41: =E41-D41 -> #REF! | G41: =IF(D41=0,"",F41/ABS(D41)*100) -> #REF!
A42: 36 | B42: 其中：建筑物类 | C42: ='4-非流动资产汇总'!C19 -> #REF! | D42: ='4-非流动资产汇总'!D19 -> #REF! | E42: ='4-非流动资产汇总'!E19 -> #REF! | F42: =E42-D42 -> #REF! | G42: =IF(D42=0,"",F42/ABS(D42)*100) -> #REF!
A43: 37 | B43: 设 备 类 | C43: ='4-非流动资产汇总'!C20 -> #REF! | D43: ='4-非流动资产汇总'!D20 -> #REF! | E43: ='4-非流动资产汇总'!E20 -> #REF! | F43: =E43-D43 -> #REF! | G43: =IF(D43=0,"",F43/ABS(D43)*100) -> #REF!
A44: 38 | B44: 土 地 类 | C44: ='4-非流动资产汇总'!C21 -> #REF! | D44: ='4-非流动资产汇总'!D21 -> #REF! | E44: ='4-非流动资产汇总'!E21 -> #REF! | F44: =E44-D44 -> #REF! | G44: =IF(D44=0,"",F44/ABS(D44)*100) -> #REF!
A45: 39 | B45: 减：累计折旧 | C45: ='4-非流动资产汇总'!C22 -> #REF! | D45: ='4-非流动资产汇总'!D22 -> #REF! | E45: ='4-非流动资产汇总'!E22 -> #REF! | F45: =E45-D45 -> #REF! | G45: =IF(D45=0,"",F45/ABS(D45)*100) -> #REF!
A46: 40 | B46: 固定资产净值 | C46: ='4-非流动资产汇总'!C23 -> #REF! | D46: ='4-非流动资产汇总'!D23 -> #REF! | E46: ='4-非流动资产汇总'!E23 -> #REF! | F46: =E46-D46 -> #REF! | G46: =IF(D46=0,"",F46/ABS(D46)*100) -> #REF!
A47: 41 | B47: 其中：建筑物类 | C47: ='4-非流动资产汇总'!C24 -> #REF! | D47: ='4-非流动资产汇总'!D24 -> #REF! | E47: ='4-非流动资产汇总'!E24 -> #REF! | F47: =E47-D47 -> #REF! | G47: =IF(D47=0,"",F47/ABS(D47)*100) -> #REF!
A48: 42 | B48: 设 备 类 | C48: ='4-非流动资产汇总'!C25 -> #REF! | D48: ='4-非流动资产汇总'!D25 -> #REF! | E48: ='4-非流动资产汇总'!E25 -> #REF! | F48: =E48-D48 -> #REF! | G48: =IF(D48=0,"",F48/ABS(D48)*100) -> #REF!
A49: 43 | B49: 土 地 类 | C49: ='4-非流动资产汇总'!C26 -> #REF! | D49: ='4-非流动资产汇总'!D26 -> #REF! | E49: ='4-非流动资产汇总'!E26 -> #REF! | F49: =E49-D49 -> #REF! | G49: =IF(D49=0,"",F49/ABS(D49)*100) -> #REF!
A50: 44 | B50: 减：固定资产减值准备 | C50: ='4-非流动资产汇总'!C27 -> #REF! | D50: ='4-非流动资产汇总'!D27 -> #REF! | E50: ='4-非流动资产汇总'!E27 -> 0 | F50: =E50-D50 -> #REF! | G50: =IF(D50=0,"",F50/ABS(D50)*100) -> #REF!
A51: 45 | B51: 固定资产净额 | C51: ='4-非流动资产汇总'!C28 -> #REF! | D51: ='4-非流动资产汇总'!D28 -> #REF! | E51: ='4-非流动资产汇总'!E28 -> #REF! | F51: =E51-D51 -> #REF! | G51: =IF(D51=0,"",F51/ABS(D51)*100) -> #REF! | H51: =IF(ABS(D51-资产负债表!C29)<0.01,"True","Wrong") -> #REF! | I51: =资产负债表!C29 -> 0 | J51: =D51-资产负债表!C29 -> #REF!
A52: 46 | B52: 在建工程 | C52: ='4-非流动资产汇总'!C29 -> 0 | D52: ='4-非流动资产汇总'!D29 -> 0 | E52: ='4-非流动资产汇总'!E29 -> 0 | F52: =E52-D52 -> 0 | G52: =IF(D52=0,"",F52/ABS(D52)*100) | H52: =IF(ABS(D52-资产负债表!C30)<0.01,"True","Wrong") -> True | I52: =资产负债表!C30 -> 0 | J52: =D52-资产负债表!C30 -> 0
A53: 47 | B53: 生产性生物资产 | C53: ='4-非流动资产汇总'!C30 -> 0 | D53: ='4-非流动资产汇总'!D30 -> 0 | E53: ='4-非流动资产汇总'!E30 -> 0 | F53: =E53-D53 -> 0 | G53: =IF(D53=0,"",F53/ABS(D53)*100) | H53: =IF(ABS(D53-资产负债表!C31)<0.01,"True","Wrong") -> True | I53: =资产负债表!C31 -> 0 | J53: =D53-资产负债表!C31 -> 0
A54: 48 | B54: 油气资产合计 | C54: ='4-非流动资产汇总'!C31 -> 0 | D54: ='4-非流动资产汇总'!D31 -> 0 | E54: ='4-非流动资产汇总'!E31 -> 0 | F54: =E54-D54 -> 0 | G54: =IF(D54=0,"",F54/ABS(D54)*100)
A55: 49 | B55: 减：油气资产减值准备 | C55: ='4-非流动资产汇总'!C32 -> 0 | D55: ='4-非流动资产汇总'!D32 -> 0 | E55: ='4-非流动资产汇总'!E32 -> 0 | F55: =E55-D55 -> 0 | G55: =IF(D55=0,"",F55/ABS(D55)*100)
A56: 50 | B56: 油气资产净额 | C56: ='4-非流动资产汇总'!C33 -> 0 | D56: ='4-非流动资产汇总'!D33 -> 0 | E56: ='4-非流动资产汇总'!E33 -> 0 | F56: =E56-D56 -> 0 | G56: =IF(D56=0,"",F56/ABS(D56)*100) | H56: =IF(ABS(D56-资产负债表!C32)<0.01,"True","Wrong") -> True | I56: =资产负债表!C32 -> 0 | J56: =D56-资产负债表!C32 -> 0
A57: 51 | B57: 使用权资产 | C57: ='4-非流动资产汇总'!C34 -> 0 | D57: ='4-非流动资产汇总'!D34 -> 0 | E57: ='4-非流动资产汇总'!E34 -> 0 | F57: =E57-D57 -> 0 | G57: =IF(D57=0,"",F57/ABS(D57)*100) | H57: =IF(ABS(D57-资产负债表!C33)<0.01,"True","Wrong") -> True | I57: =资产负债表!C33 -> 0 | J57: =D57-资产负债表!C33 -> 0
A58: 52 | B58: 无形资产合计 | C58: ='4-非流动资产汇总'!C35 -> 0 | D58: ='4-非流动资产汇总'!D35 -> 0 | E58: ='4-非流动资产汇总'!E35 -> 0 | F58: =E58-D58 -> 0 | G58: =IF(D58=0,"",F58/ABS(D58)*100)
A59: 53 | B59: 其中：土地使用权 | C59: ='4-非流动资产汇总'!C36 -> 0 | D59: ='4-非流动资产汇总'!D36 -> 0 | E59: ='4-非流动资产汇总'!E36 -> 0 | F59: =E59-D59 -> 0 | G59: =IF(D59=0,"",F59/ABS(D59)*100)
A60: 54 | B60: 减：无形资产减值准备 | C60: ='4-非流动资产汇总'!C37 -> 0 | D60: ='4-非流动资产汇总'!D37 -> 0 | E60: ='4-非流动资产汇总'!E37 -> 0 | F60: =E60-D60 -> 0 | G60: =IF(D60=0,"",F60/ABS(D60)*100)
A61: 55 | B61: 无形资产净额 | C61: ='4-非流动资产汇总'!C38 -> 0 | D61: ='4-非流动资产汇总'!D38 -> 0 | E61: ='4-非流动资产汇总'!E38 -> 0 | F61: =E61-D61 -> 0 | G61: =IF(D61=0,"",F61/ABS(D61)*100) | H61: =IF(ABS(D61-资产负债表!C34)<0.01,"True","Wrong") -> True | I61: =资产负债表!C34 -> 0 | J61: =D61-资产负债表!C34 -> 0
A62: 56 | B62: 开发支出 | C62: ='4-非流动资产汇总'!C39 -> 0 | D62: ='4-非流动资产汇总'!D39 -> 0 | E62: ='4-非流动资产汇总'!E39 -> 0 | F62: =E62-D62 -> 0 | G62: =IF(D62=0,"",F62/ABS(D62)*100) | H62: =IF(ABS(D62-资产负债表!C35)<0.01,"True","Wrong") -> True | I62: =资产负债表!C35 -> 0 | J62: =D62-资产负债表!C35 -> 0
A63: 57 | B63: 商誉 | C63: ='4-非流动资产汇总'!C40 -> 0 | D63: ='4-非流动资产汇总'!D40 -> 0 | E63: ='4-非流动资产汇总'!E40 -> 0 | F63: =E63-D63 -> 0 | G63: =IF(D63=0,"",F63/ABS(D63)*100) | H63: =IF(ABS(D63-资产负债表!C36)<0.01,"True","Wrong") -> True | I63: =资产负债表!C36 -> 0 | J63: =D63-资产负债表!C36 -> 0
A64: 58 | B64: 长期待摊费用 | C64: ='4-非流动资产汇总'!C41 -> 0 | D64: ='4-非流动资产汇总'!D41 -> 0 | E64: ='4-非流动资产汇总'!E41 -> 0 | F64: =E64-D64 -> 0 | G64: =IF(D64=0,"",F64/ABS(D64)*100) | H64: =IF(ABS(D64-资产负债表!C37)<0.01,"True","Wrong") -> True | I64: =资产负债表!C37 -> 0 | J64: =D64-资产负债表!C37 -> 0
A65: 59 | B65: 递延所得税资产 | C65: ='4-非流动资产汇总'!C42 -> 0 | D65: ='4-非流动资产汇总'!D42 -> 0 | E65: ='4-非流动资产汇总'!E42 -> 0 | F65: =E65-D65 -> 0 | G65: =IF(D65=0,"",F65/ABS(D65)*100) | H65: =IF(ABS(D65-资产负债表!C38)<0.01,"True","Wrong") -> True | I65: =资产负债表!C38 -> 0 | J65: =D65-资产负债表!C38 -> 0
A66: 60 | B66: 其他非流动资产 | C66: ='4-非流动资产汇总'!C43 -> 0 | D66: ='4-非流动资产汇总'!D43 -> 0 | E66: ='4-非流动资产汇总'!E43 -> 0 | F66: =E66-D66 -> 0 | G66: =IF(D66=0,"",F66/ABS(D66)*100) | H66: =IF(ABS(D66-资产负债表!C39)<0.01,"True","Wrong") -> True | I66: =资产负债表!C39 -> 0 | J66: =D66-资产负债表!C39 -> 0
A67: 61 | B67: 三、资产总计 | C67: =C7+C29 -> #REF! | D67: =D7+D29 -> #REF! | E67: =E7+E29 -> #REF! | F67: =E67-D67 -> #REF! | G67: =IF(D67=0,"",F67/ABS(D67)*100) -> #REF! | H67: =IF(ABS(D67-资产负债表!C41)<0.01,"True","Wrong") -> #REF! | I67: =资产负债表!C41 -> 0 | J67: =D67-资产负债表!C41 -> #REF!
A68: 62 | B68: 四、流动负债合计 | C68: ='5-流动负债汇总'!C29 -> 0 | D68: ='5-流动负债汇总'!D29 -> 0 | E68: ='5-流动负债汇总'!E29 -> 0 | F68: =E68-D68 -> 0 | G68: =IF(D68=0,"",F68/ABS(D68)*100) | H68: =IF(ABS(D68-资产负债表!F20)<0.01,"True","Wrong") -> True | I68: =资产负债表!F20 -> 0 | J68: =D68-资产负债表!F20 -> 0
A69: 63 | B69: 短期借款 | C69: ='5-流动负债汇总'!C7 -> 0 | D69: ='5-流动负债汇总'!D7 -> 0 | E69: ='5-流动负债汇总'!E7 -> 0 | F69: ='5-流动负债汇总'!F7 -> 0 | G69: =IF(D69=0,"",F69/ABS(D69)*100) | H69: =IF(ABS(D69-资产负债表!F7)<0.01,"True","Wrong") -> True | I69: =资产负债表!F7 -> 0 | J69: =D69-资产负债表!F7 -> 0
A70: 64 | B70: 交易性金融负债 | C70: ='5-流动负债汇总'!C8 -> 0 | D70: ='5-流动负债汇总'!D8 -> 0 | E70: ='5-流动负债汇总'!E8 -> 0 | F70: ='5-流动负债汇总'!F8 -> 0 | G70: =IF(D70=0,"",F70/ABS(D70)*100) | H70: =IF(ABS(D70-资产负债表!F8)<0.01,"True","Wrong") -> True | I70: =资产负债表!F8 -> 0 | J70: =D70-资产负债表!F8 -> 0
A71: 65 | B71: 衍生金融负债 | C71: ='5-流动负债汇总'!C9 -> 0 | D71: ='5-流动负债汇总'!D9 -> 0 | E71: ='5-流动负债汇总'!E9 -> 0 | F71: ='5-流动负债汇总'!F9 -> 0 | G71: =IF(D71=0,"",F71/ABS(D71)*100) | H71: =IF(ABS(D71-资产负债表!F9)<0.01,"True","Wrong") -> True | I71: =资产负债表!F9 -> 0 | J71: =D71-资产负债表!F9 -> 0
A72: 66 | B72: 应付票据 | C72: ='5-流动负债汇总'!C10 -> 0 | D72: ='5-流动负债汇总'!D10 -> 0 | E72: ='5-流动负债汇总'!E10 -> 0 | F72: ='5-流动负债汇总'!F10 -> 0 | G72: =IF(D72=0,"",F72/ABS(D72)*100) | H72: =IF(ABS(D72-资产负债表!F10)<0.01,"True","Wrong") -> True | I72: =资产负债表!F10 -> 0 | J72: =D72-资产负债表!F10 -> 0
A73: 67 | B73: 应付账款 | C73: ='5-流动负债汇总'!C11 -> 0 | D73: ='5-流动负债汇总'!D11 -> 0 | E73: ='5-流动负债汇总'!E11 -> 0 | F73: ='5-流动负债汇总'!F11 -> 0 | G73: =IF(D73=0,"",F73/ABS(D73)*100) | H73: =IF(ABS(D73-资产负债表!F11)<0.01,"True","Wrong") -> True | I73: =资产负债表!F11 -> 0 | J73: =D73-资产负债表!F11 -> 0
A74: 68 | B74: 预收款项 | C74: ='5-流动负债汇总'!C12 -> 0 | D74: ='5-流动负债汇总'!D12 -> 0 | E74: ='5-流动负债汇总'!E12 -> 0 | F74: ='5-流动负债汇总'!F12 -> 0 | G74: =IF(D74=0,"",F74/ABS(D74)*100) | H74: =IF(ABS(D74-资产负债表!F12)<0.01,"True","Wrong") -> True | I74: =资产负债表!F12 -> 0 | J74: =D74-资产负债表!F12 -> 0
A75: 69 | B75: 合同负债 | C75: ='5-流动负债汇总'!C13 -> 0 | D75: ='5-流动负债汇总'!D13 -> 0 | E75: ='5-流动负债汇总'!E13 -> 0 | F75: ='5-流动负债汇总'!F13 -> 0 | G75: =IF(D75=0,"",F75/ABS(D75)*100) | H75: =IF(ABS(D75-资产负债表!F13)<0.01,"True","Wrong") -> True | I75: =资产负债表!F13 -> 0 | J75: =D75-资产负债表!F13 -> 0
A76: 70 | B76: 应付职工薪酬 | C76: ='5-流动负债汇总'!C14 -> 0 | D76: ='5-流动负债汇总'!D14 -> 0 | E76: ='5-流动负债汇总'!E14 -> 0 | F76: ='5-流动负债汇总'!F14 -> 0 | G76: =IF(D76=0,"",F76/ABS(D76)*100) | H76: =IF(ABS(D76-资产负债表!F14)<0.01,"True","Wrong") -> True | I76: =资产负债表!F14 -> 0 | J76: =D76-资产负债表!F14 -> 0
A77: 71 | B77: 应交税费 | C77: ='5-流动负债汇总'!C15 -> 0 | D77: ='5-流动负债汇总'!D15 -> 0 | E77: ='5-流动负债汇总'!E15 -> 0 | F77: ='5-流动负债汇总'!F15 -> 0 | G77: =IF(D77=0,"",F77/ABS(D77)*100) | H77: =IF(ABS(D77-资产负债表!F15)<0.01,"True","Wrong") -> True | I77: =资产负债表!F15 -> 0 | J77: =D77-资产负债表!F15 -> 0
A78: 72 | B78: 其他应付款 | C78: ='5-流动负债汇总'!C16 -> 0 | D78: ='5-流动负债汇总'!D16 -> 0 | E78: ='5-流动负债汇总'!E16 -> 0 | F78: ='5-流动负债汇总'!F16 -> 0 | G78: =IF(D78=0,"",F78/ABS(D78)*100) | H78: =IF(ABS(D78-资产负债表!F16)<0.01,"True","Wrong") -> True | I78: =资产负债表!F16 -> 0 | J78: =D78-资产负债表!F16 -> 0
A79: 73 | B79: 持有待售负债 | C79: ='5-流动负债汇总'!C17 -> 0 | D79: ='5-流动负债汇总'!D17 -> 0 | E79: ='5-流动负债汇总'!E17 -> 0 | F79: ='5-流动负债汇总'!F17 -> 0 | G79: =IF(D79=0,"",F79/ABS(D79)*100) | H79: =IF(ABS(D79-资产负债表!F17)<0.01,"True","Wrong") -> True | I79: =资产负债表!F17 -> 0 | J79: =D79-资产负债表!F17 -> 0
A80: 74 | B80: 一年内到期的非流动负债 | C80: ='5-流动负债汇总'!C18 -> 0 | D80: ='5-流动负债汇总'!D18 -> 0 | E80: ='5-流动负债汇总'!E18 -> 0 | F80: ='5-流动负债汇总'!F18 -> 0 | G80: =IF(D80=0,"",F80/ABS(D80)*100) | H80: =IF(ABS(D80-资产负债表!F18)<0.01,"True","Wrong") -> True | I80: =资产负债表!F18 -> 0 | J80: =D80-资产负债表!F18 -> 0
A81: 75 | B81: 其他流动负债 | C81: ='5-流动负债汇总'!C19 -> 0 | D81: ='5-流动负债汇总'!D19 -> 0 | E81: ='5-流动负债汇总'!E19 -> 0 | F81: ='5-流动负债汇总'!F19 -> 0 | G81: =IF(D81=0,"",F81/ABS(D81)*100) | H81: =IF(ABS(D81-资产负债表!F19)<0.01,"True","Wrong") -> True | I81: =资产负债表!F19 -> 0 | J81: =D81-资产负债表!F19 -> 0
A82: 76 | B82: 五、非流动负债合计 | C82: ='6-非流动负债汇总'!C28 -> 0 | D82: ='6-非流动负债汇总'!D28 -> 0 | E82: ='6-非流动负债汇总'!E28 -> 0 | F82: =E82-D82 -> 0 | G82: =IF(D82=0,"",F82/ABS(D82)*100) | H82: =IF(ABS(D82-资产负债表!F30)<0.01,"True","Wrong") -> True | I82: =资产负债表!F30 -> 0 | J82: =D82-资产负债表!F30 -> 0
A83: 77 | B83: 长期借款 | C83: ='6-非流动负债汇总'!C7 -> 0 | D83: ='6-非流动负债汇总'!D7 -> 0 | E83: ='6-非流动负债汇总'!E7 -> 0 | F83: =E83-D83 -> 0 | G83: =IF(D83=0,"",F83/ABS(D83)*100) | H83: =IF(ABS(D83-资产负债表!F22)<0.01,"True","Wrong") -> True | I83: =资产负债表!F22 -> 0 | J83: =D83-资产负债表!F22 -> 0
A84: 78 | B84: 应付债券 | C84: ='6-非流动负债汇总'!C8 -> 0 | D84: ='6-非流动负债汇总'!D8 -> 0 | E84: ='6-非流动负债汇总'!E8 -> 0 | F84: =E84-D84 -> 0 | G84: =IF(D84=0,"",F84/ABS(D84)*100) | H84: =IF(ABS(D84-资产负债表!F23)<0.01,"True","Wrong") -> True | I84: =资产负债表!F23 -> 0 | J84: =D84-资产负债表!F23 -> 0
A85: 79 | B85: 租赁负债 | C85: ='6-非流动负债汇总'!C9 -> 0 | D85: ='6-非流动负债汇总'!D9 -> 0 | E85: ='6-非流动负债汇总'!E9 -> 0 | F85: =E85-D85 -> 0 | G85: =IF(D85=0,"",F85/ABS(D85)*100) | H85: =IF(ABS(D85-资产负债表!F24)<0.01,"True","Wrong") -> True | I85: =资产负债表!F24 -> 0 | J85: =D85-资产负债表!F24 -> 0
A86: 80 | B86: 长期应付款 | C86: ='6-非流动负债汇总'!C10 -> 0 | D86: ='6-非流动负债汇总'!D10 -> 0 | E86: ='6-非流动负债汇总'!E10 -> 0 | F86: =E86-D86 -> 0 | G86: =IF(D86=0,"",F86/ABS(D86)*100) | H86: =IF(ABS(D86-资产负债表!F25)<0.01,"True","Wrong") -> True | I86: =资产负债表!F25 -> 0 | J86: =D86-资产负债表!F25 -> 0
A87: 81 | B87: 预计负债 | C87: ='6-非流动负债汇总'!C11 -> 0 | D87: ='6-非流动负债汇总'!D11 -> 0 | E87: ='6-非流动负债汇总'!E11 -> 0 | F87: =E87-D87 -> 0 | G87: =IF(D87=0,"",F87/ABS(D87)*100) | H87: =IF(ABS(D87-资产负债表!F26)<0.01,"True","Wrong") -> True | I87: =资产负债表!F26 -> 0 | J87: =D87-资产负债表!F26 -> 0
A88: 82 | B88: 递延收益 | C88: ='6-非流动负债汇总'!C12 -> 0 | D88: ='6-非流动负债汇总'!D12 -> 0 | E88: ='6-非流动负债汇总'!E12 -> 0 | F88: =E88-D88 -> 0 | G88: =IF(D88=0,"",F88/ABS(D88)*100) | H88: =IF(ABS(D88-资产负债表!F27)<0.01,"True","Wrong") -> True | I88: =资产负债表!F27 -> 0 | J88: =D88-资产负债表!F27 -> 0
A89: 83 | B89: 递延所得税负债 | C89: ='6-非流动负债汇总'!C13 -> 0 | D89: ='6-非流动负债汇总'!D13 -> 0 | E89: ='6-非流动负债汇总'!E13 -> 0 | F89: =E89-D89 -> 0 | G89: =IF(D89=0,"",F89/ABS(D89)*100) | H89: =IF(ABS(D89-资产负债表!F28)<0.01,"True","Wrong") -> True | I89: =资产负债表!F28 -> 0 | J89: =D89-资产负债表!F28 -> 0
A90: 84 | B90: 其他非流动负债 | C90: ='6-非流动负债汇总'!C14 -> 0 | D90: ='6-非流动负债汇总'!D14 -> 0 | E90: ='6-非流动负债汇总'!E14 -> 0 | F90: =E90-D90 -> 0 | G90: =IF(D90=0,"",F90/ABS(D90)*100) | H90: =IF(ABS(D90-资产负债表!F29)<0.01,"True","Wrong") -> True | I90: =资产负债表!F29 -> 0 | J90: =D90-资产负债表!F29 -> 0
A91: 85 | B91: 六、负债总计 | C91: =C68+C82 -> 0 | D91: =D68+D82 -> 0 | E91: =E68+E82 -> 0 | F91: =E91-D91 -> 0 | G91: =IF(D91=0,"",F91/ABS(D91)*100) | H91: =IF(ABS(D91-资产负债表!F31)<0.01,"True","Wrong") -> True | I91: =资产负债表!F31 -> 0 | J91: =D91-资产负债表!F31 -> 0
A92: 86 | B92: 七、净资产（所有者权益） | C92: =C67-C91 -> #REF! | D92: =D67-D91 -> #REF! | E92: =E67-E91 -> #REF! | F92: =E92-D92 -> #REF! | G92: =IF(D92=0,"",F92/ABS(D92)*100) -> #REF! | H92: =IF(ABS(D92-资产负债表!F40)<0.01,"True","Wrong") -> #REF! | I92: =资产负债表!F40 -> 0 | J92: =D92-资产负债表!F40 -> #REF!
G93: 评估机构：永业行土地房地产资产评估有限公司
H94: 打印边界

Sheet 3-流动汇总
A1: 返回索引目录
A2: 流动资产评估汇总表
A3: ="评估基准日："&TEXT(基本信息输入表!M7,"yyyy年mm月dd日") -> 评估基准日：2025年11月30日
G4: 表3
A5: =基本信息输入表!K6&"："&基本信息输入表!M6 -> 产权持有人：湖北省徽工生物技本研究有限公司 | G5: ="金额单位："&基本信息输入表!M10&"元" -> 金额单位：人民币元
A6: 编号 | B6: 科目名称 | C6: 审定前账面价值 | D6: 账面价值 | E6: 评估价值 | F6: 增减值 | G6: 增值率%
A7: 3-1 | B7: 货币资金 | C7: ='表3-1货币汇总表'!C27 -> 0 | D7: ='表3-1货币汇总表'!D27 -> 0 | E7: ='表3-1货币汇总表'!E27 -> 0 | F7: =E7-D7 -> 0 | G7: =IF(D7=0,"",F7/D7*100)
A8: 3-2 | B8: 交易性金融资产 | C8: ='3-2交易性金融资产汇总'!C27 -> 0 | D8: ='3-2交易性金融资产汇总'!D27 -> 0 | E8: ='3-2交易性金融资产汇总'!E27 -> 0 | F8: =E8-D8 -> 0 | G8: =IF(D8=0,"",F8/D8*100)
A9: 3-3 | B9: 衍生金融资产 | C9: ='3-3衍生金融资产'!F27 -> 0 | D9: ='3-3衍生金融资产'!G27 -> 0 | E9: ='3-3衍生金融资产'!H27 -> 0 | F9: =E9-D9 -> 0 | G9: =IF(D9=0,"",F9/D9*100)
A10: 3-4 | B10: 应收票据 | C10: ='3-4应收票据'!F25 -> 0 | D10: ='3-4应收票据'!G25 -> 0 | E10: ='3-4应收票据'!H25 -> 0 | F10: =E10-D10 -> 0 | G10: =IF(D10=0,"",F10/D10*100)
A11: 3-5 | B11: 应收账款合计 | C11: ='3-5应收账款'!O20 -> 0 | D11: ='3-5应收账款'!Q20 -> 0 | E11: ='3-5应收账款'!S23 -> 0 | F11: =E11-D11 -> 0 | G11: =IF(D11=0,"",F11/D11*100)
B12: 减：坏帐准备 | C12: ='3-5应收账款'!O21 -> 0 | D12: ='3-5应收账款'!Q21 -> 0 | F12: =E12-D12 -> 0 | G12: =IF(D12=0,"",F12/D12*100)
B13: 应收帐款净额 | C13: =C11-C12 -> 0 | D13: =D11-D12 -> 0 | E13: =E11-E12 -> 0 | F13: =E13-D13 -> 0 | G13: =IF(D13=0,"",F13/D13*100)
A14: 3-6 | B14: 应收款项融资 | C14: ='3-6应收款项融资'!F25 -> 0 | D14: ='3-6应收款项融资'!G25 -> 0 | E14: ='3-6应收款项融资'!H25 -> 0 | F14: =E14-D14 -> 0 | G14: =IF(D14=0,"",F14/D14*100)
A15: 3-7 | B15: 预付款项 | C15: ='3-7预付款项'!P26 -> 0 | D15: ='3-7预付款项'!Q26 -> 0 | E15: ='3-7预付款项'!S26 -> 0 | F15: =E15-D15 -> 0 | G15: =IF(D15=0,"",F15/D15*100)
A16: 3-8 | B16: 其他应收款合计 | C16: ='3-8其他应收款'!O29 -> 0 | D16: ='3-8其他应收款'!Q29 -> 0 | E16: ='3-8其他应收款'!S32 -> 0 | F16: =E16-D16 -> 0 | G16: =IF(D16=0,"",F16/D16*100)
B17: 减：坏帐准备 | C17: ='3-8其他应收款'!O30 -> 0 | D17: ='3-8其他应收款'!Q30 -> 0 | F17: =E17-D17 -> 0 | G17: =IF(D17=0,"",F17/D17*100)
B18: 其他应收款净额 | C18: =C16-C17 -> 0 | D18: =D16-D17 -> 0 | E18: =E16-E17 -> 0 | F18: =E18-D18 -> 0 | G18: =IF(D18=0,"",F18/D18*100)
A19: 3-9 | B19: 存货合计 | C19: ='3-9存货汇总'!C25 -> 0 | D19: ='3-9存货汇总'!D25 -> 0 | E19: ='3-9存货汇总'!F25 -> 0 | F19: =E19-D19 -> 0 | G19: =IF(D19=0,"",F19/D19*100)
B20: 减：存货跌价准备 | C20: ='3-9存货汇总'!C26 -> 0 | D20: ='3-9存货汇总'!D26 -> 0 | F20: =E20-D20 -> 0 | G20: =IF(D20=0,"",F20/D20*100)
B21: 存货净额 | C21: =C19-C20 -> 0 | D21: =D19-D20 -> 0 | E21: =E19-E20 -> 0 | F21: =E21-D21 -> 0 | G21: =IF(D21=0,"",F21/D21*100)
A22: 3-10 | B22: 合同资产 | C22: ='3-10合同资产'!I24 -> 0 | D22: ='3-10合同资产'!J24 -> 0 | E22: ='3-10合同资产'!L27 -> 0 | F22: =E22-D22 -> 0 | G22: =IF(D22=0,"",F22/D22*100)
B23: 减：合同资产减值准备 | C23: ='3-10合同资产'!I25 -> 0 | D23: ='3-10合同资产'!J25 -> 0 | F23: =E23-D23 -> 0 | G23: =IF(D23=0,"",F23/D23*100)
B24: 合同资产净额 | C24: =C22-C23 -> 0 | D24: =D22-D23 -> 0 | E24: =E22-E23 -> 0 | F24: =E24-D24 -> 0 | G24: =IF(D24=0,"",F24/D24*100)
A25: 3-11 | B25: 持有待售资产 | C25: ='3-11持有待售资产'!I27 -> 0 | D25: ='3-11持有待售资产'!J27 -> 0 | E25: ='3-11持有待售资产'!K27 -> 0 | F25: =E25-D25 -> 0 | G25: =IF(D25=0,"",F25/D25*100)
A26: 3-12 | B26: 一年内到期的非流动资产 | C26: ='3-12一年到期非流动资产'!E27 -> 0 | D26: ='3-12一年到期非流动资产'!F27 -> 0 | E26: ='3-12一年到期非流动资产'!G27 -> 0 | F26: =E26-D26 -> 0 | G26: =IF(D26=0,"",F26/D26*100)
A27: 3-13 | B27: 其他流动资产 | C27: ='3-13其他流动资产'!F27 -> 0 | D27: ='3-13其他流动资产'!G27 -> 0 | E27: ='3-13其他流动资产'!H27 -> 0 | F27: =E27-D27 -> 0 | G27: =IF(D27=0,"",F27/D27*100)
A31: 流动资产合计 | C31: =SUM(C7:C10,C13:C15,C18,C21,C24:C27) -> 0 | D31: =SUM(D7:D10,D13:D15,D18,D21,D24:D27) -> 0 | E31: =SUM(E7:E10,E13:E15,E18,E21,E24:E27) -> 0 | F31: =E31-D31 -> 0 | G31: =IF(D31=0,"",F31/D31*100)
F32: ="评估人员："&基本信息输入表!$Q$13 -> 评估人员：韩策

Sheet 表3-1货币汇总表
A1: 返回索引目录
A2: 货币资金评估汇总表
A3: ="评估基准日："&TEXT(基本信息输入表!M7,"yyyy年mm月dd日") -> 评估基准日：2025年11月30日
G4: 表3-1
A5: =基本信息输入表!K6&"："&基本信息输入表!M6 -> 产权持有人：湖北省徽工生物技本研究有限公司 | G5: ="金额单位："&基本信息输入表!M10&"元" -> 金额单位：人民币元
A6: 编号 | B6: 科目名称 | C6: 审定前账面价值 | D6: 账面价值 | E6: 评估价值 | F6: 增减值 | G6: 增值率% | H6: 备注
A7: 3-1-1 | B7: 现金 | C7: ='3-1-1现金'!F22 -> 0 | D7: ='3-1-1现金'!G22 -> 0 | E7: ='3-1-1现金'!H22 -> 0 | F7: =E7-D7 -> 0 | G7: =IF(D7=0,"",F7/D7*100)
A8: 3-1-2 | B8: 银行存款 | C8: ='3-1-2银行存款'!G27 -> 0 | D8: ='3-1-2银行存款'!H27 -> 0 | E8: ='3-1-2银行存款'!I27 -> 0 | F8: =E8-D8 -> 0 | G8: =IF(D8=0,"",F8/D8*100)
A9: 3-1-3 | B9: 其他货币资金 | C9: ='3-1-3其他货币资金'!G27 -> 0 | D9: ='3-1-3其他货币资金'!H27 -> 0 | E9: ='3-1-3其他货币资金'!I27 -> 0 | F9: =E9-D9 -> 0 | G9: =IF(D9=0,"",F9/D9*100)
A27: 合计 | C27: =SUM(C7:C26) -> 0 | D27: =SUM(D7:D26) -> 0 | E27: =SUM(E7:E26) -> 0 | F27: =E27-D27 -> 0 | G27: =IF(D27=0,"",F27/D27*100)
F28: ="评估人员："&基本信息输入表!$Q$14 -> 评估人员：韩策

Sheet 3-1-1现金
A1: 返回索引目录
A2: 货币资金—现金评估明细表
A3: ="评估基准日："&TEXT(基本信息输入表!M7,"yyyy年mm月dd日") -> 评估基准日：2025年11月30日
I4: 表3-1-1
A5: =基本信息输入表!K6&"："&基本信息输入表!M6 -> 产权持有人：湖北省徽工生物技本研究有限公司 | I5: ="金额单位："&基本信息输入表!M10&"元" -> 金额单位：人民币元
A6: 序号 | B6: 存放部门（单位) | C6: 币种 | D6: 外币账面金额 | E6: 评估基准日汇率 | F6: 审定前账面价值 | G6: 账面价值 | H6: 评估价值 | I6: 增值率% | J6: 备注 | K6: 唯一标识列
A7: =IF(G7="","",ROW()-6) | I7: =IF(G7=0,"",(H7-G7)/G7*100) | K7: A1
A8: =IF(G8="","",ROW()-6) | I8: =IF(G8=0,"",(H8-G8)/G8*100) | K8: A2
A9: =IF(G9="","",ROW()-6) | I9: =IF(G9=0,"",(H9-G9)/G9*100) | K9: A3
A10: =IF(G10="","",ROW()-6) | I10: =IF(G10=0,"",(H10-G10)/G10*100) | K10: A4
A11: =IF(G11="","",ROW()-6) | I11: =IF(G11=0,"",(H11-G11)/G11*100) | K11: A5
A12: =IF(G12="","",ROW()-6) | I12: =IF(G12=0,"",(H12-G12)/G12*100) | K12: A6
A13: =IF(G13="","",ROW()-6) | I13: =IF(G13=0,"",(H13-G13)/G13*100) | K13: A7
A14: =IF(G14="","",ROW()-6) | I14: =IF(G14=0,"",(H14-G14)/G14*100) | K14: A8
A15: =IF(G15="","",ROW()-6) | I15: =IF(G15=0,"",(H15-G15)/G15*100) | K15: A9
A16: =IF(G16="","",ROW()-6) | I16: =IF(G16=0,"",(H16-G16)/G16*100) | K16: A10
A17: =IF(G17="","",ROW()-6) | I17: =IF(G17=0,"",(H17-G17)/G17*100) | K17: A11
A18: =IF(G18="","",ROW()-6) | I18: =IF(G18=0,"",(H18-G18)/G18*100) | K18: A12
... A21: =IF(G21="","",ROW()-6) | I21: =IF(G21=0,"",(H21-G21)/G21*100) | K21: A15
A22: 合计 | F22: =SUM(F7:F21) -> 0 | G22: =SUM(G7:G21) -> 0 | H22: =SUM(H7:H21) -> 0 | I22: =IF(G22=0,"",(H22-G22)/G22*100)
A23: =基本信息输入表!$K$6&"填表人："&基本信息输入表!$M$15 -> 产权持有人填表人：袁佳 | H23: ="评估人员："&基本信息输入表!$Q$15 -> 评估人员：韩策
A24: ="填表日期："&YEAR(基本信息输入表!$O$15)&"年"&MONTH(基本信息输入表!$O$15)&"月"&DAY(基本信息输入表!$O$15)&"日" -> 填表日期：2025年12月15日

Sheet 3-1-2银行存款
A1: 返回索引目录
A2: 货币资金—银行存款评估明细表
A3: ="评估基准日："&TEXT(基本信息输入表!M7,"yyyy年mm月dd日") -> 评估基准日：2025年11月30日
J4: 表3-1-2
A5: =基本信息输入表!K6&"："&基本信息输入表!M6 -> 产权持有人：湖北省徽工生物技本研究有限公司 | J5: ="金额单位："&基本信息输入表!M10&"元" -> 金额单位：人民币元
A6: 序号 | B6: 开户银行 | C6: 账号 | D6: 币种 | E6: 外币账面金额 | F6: 评估基准日汇率 | G6: 审定前账面价值 | H6: 账面价值 | I6: 评估价值 | J6: 增值率% | K6: 备注 | L6: 唯一标识列
A7: =IF(H7="","",ROW()-6) | J7: =IF(H7=0,"",(I7-H7)/H7*100) | L7: A1
A8: =IF(H8="","",ROW()-6) | J8: =IF(H8=0,"",(I8-H8)/H8*100) | L8: A2
A9: =IF(H9="","",ROW()-6) | J9: =IF(H9=0,"",(I9-H9)/H9*100) | L9: A3
A10: =IF(H10="","",ROW()-6) | J10: =IF(H10=0,"",(I10-H10)/H10*100) | L10: A4
A11: =IF(H11="","",ROW()-6) | J11: =IF(H11=0,"",(I11-H11)/H11*100) | L11: A5
A12: =IF(H12="","",ROW()-6) | J12: =IF(H12=0,"",(I12-H12)/H12*100) | L12: A6
A13: =IF(H13="","",ROW()-6) | J13: =IF(H13=0,"",(I13-H13)/H13*100) | L13: A7
A14: =IF(H14="","",ROW()-6) | J14: =IF(H14=0,"",(I14-H14)/H14*100) | L14: A8
A15: =IF(H15="","",ROW()-6) | J15: =IF(H15=0,"",(I15-H15)/H15*100) | L15: A9
A16: =IF(H16="","",ROW()-6) | J16: =IF(H16=0,"",(I16-H16)/H16*100) | L16: A10
A17: =IF(H17="","",ROW()-6) | J17: =IF(H17=0,"",(I17-H17)/H17*100) | L17: A11
A18: =IF(H18="","",ROW()-6) | J18: =IF(H18=0,"",(I18-H18)/H18*100) | L18: A12
... A26: =IF(H26="","",ROW()-6) | J26: =IF(H26=0,"",(I26-H26)/H26*100) | L26: A20
A27: 合计 | G27: =SUM(G7:G26) -> 0 | H27: =SUM(H7:H26) -> 0 | I27: =SUM(I7:I26) -> 0 | J27: =IF(H27=0,"",(I27-H27)/H27*100)
A28: =基本信息输入表!$K$6&"填表人："&基本信息输入表!$M$16 -> 产权持有人填表人：袁佳 | I28: ="评估人员："&基本信息输入表!$Q$16 -> 评估人员：韩策
A29: ="填表日期："&YEAR(基本信息输入表!$O$16)&"年"&MONTH(基本信息输入表!$O$16)&"月"&DAY(基本信息输入表!$O$16)&"日" -> 填表日期：2025年12月15日

Sheet 3-1-3其他货币资金
A1: 返回索引目录
A2: 货币资金—其他货币资金评估明细表
A3: ="评估基准日："&TEXT(基本信息输入表!M7,"yyyy年mm月dd日") -> 评估基准日：2025年11月30日
K4: 表3-1-3
A5: =基本信息输入表!K6&"："&基本信息输入表!M6 -> 产权持有人：湖北省徽工生物技本研究有限公司 | K5: ="金额单位："&基本信息输入表!M10&"元" -> 金额单位：人民币元
A6: 序号 | B6: 名称及内容 | C6: 用途 | D6: 币种 | E6: 外币账面金额 | F6: 评估基准日汇率 | G6: 审定前账面价值 | H6: 账面价值 | I6: 评估价值 | J6: 增值率% | K6: 备注 | L6: 唯一标识列
A7: =IF(H7="","",ROW()-6) | J7: =IF(H7=0,"",(I7-H7)/H7*100) | L7: A1
A8: =IF(H8="","",ROW()-6) | J8: =IF(H8=0,"",(I8-H8)/H8*100) | L8: A2
A9: =IF(H9="","",ROW()-6) | J9: =IF(H9=0,"",(I9-H9)/H9*100) | L9: A3
A10: =IF(H10="","",ROW()-6) | J10: =IF(H10=0,"",(I10-H10)/H10*100) | L10: A4
A11: =IF(H11="","",ROW()-6) | J11: =IF(H11=0,"",(I11-H11)/H11*100) | L11: A5
A12: =IF(H12="","",ROW()-6) | J12: =IF(H12=0,"",(I12-H12)/H12*100) | L12: A6
A13: =IF(H13="","",ROW()-6) | J13: =IF(H13=0,"",(I13-H13)/H13*100) | L13: A7
A14: =IF(H14="","",ROW()-6) | J14: =IF(H14=0,"",(I14-H14)/H14*100) | L14: A8
A15: =IF(H15="","",ROW()-6) | J15: =IF(H15=0,"",(I15-H15)/H15*100) | L15: A9
A16: =IF(H16="","",ROW()-6) | J16: =IF(H16=0,"",(I16-H16)/H16*100) | L16: A10
A17: =IF(H17="","",ROW()-6) | J17: =IF(H17=0,"",(I17-H17)/H17*100) | L17: A11
A18: =IF(H18="","",ROW()-6) | J18: =IF(H18=0,"",(I18-H18)/H18*100) | L18: A12
... A26: =IF(H26="","",ROW()-6) | J26: =IF(H26=0,"",(I26-H26)/H26*100) | L26: A20
A27: 合计 | G27: =SUM(G7:G26) -> 0 | H27: =SUM(H7:H26) -> 0 | I27: =SUM(I7:I26) -> 0 | J27: =IF(H27=0,"",(I27-H27)/H27*100)
A28: =基本信息输入表!$K$6&"填表人："&基本信息输入表!$M$17 -> 产权持有人填表人：袁佳 | I28: ="评估人员："&基本信息输入表!$Q$17 -> 评估人员：韩策
A29: ="填表日期："&YEAR(基本信息输入表!$O$17)&"年"&MONTH(基本信息输入表!$O$17)&"月"&DAY(基本信息输入表!$O$17)&"日" -> 填表日期：2025年12月15日

Sheet 3-2交易性金融资产汇总
A1: 返回索引目录
A2: 交易性金融资产评估汇总表
A3: ="评估基准日："&TEXT(基本信息输入表!M7,"yyyy年mm月dd日") -> 评估基准日：2025年11月30日
G4: 表3-2
A5: =基本信息输入表!K6&"："&基本信息输入表!M6 -> 产权持有人：湖北省徽工生物技本研究有限公司 | G5: ="金额单位："&基本信息输入表!M10&"元" -> 金额单位：人民币元
A6: 编号 | B6: 科目名称 | C6: 审定前账面价值 | D6: 账面价值 | E6: 评估价值 | F6: 增减值 | G6: 增值率%
A7: 3-2-1 | B7: 交易性金融资产-股票投资 | C7: ='3-2-1交易性-股票'!I27 -> 0 | D7: ='3-2-1交易性-股票'!J27 -> 0 | E7: ='3-2-1交易性-股票'!K27 -> 0 | F7: =E7-D7 -> 0 | G7: =IF(D7=0,"",F7/D7*100)
A8: 3-2-2 | B8: 交易性金融资产-债券投资 | C8: ='3-2-2交易性-债券'!I27 -> 0 | D8: ='3-2-2交易性-债券'!J27 -> 0 | E8: ='3-2-2交易性-债券'!K27 -> 0 | F8: =E8-D8 -> 0 | G8: =IF(D8=0,"",F8/D8*100)
A9: 3-2-3 | B9: 交易性金融资产-基金投资 | C9: ='3-2-3交易性-基金'!I27 -> 0 | D9: ='3-2-3交易性-基金'!J27 -> 0 | E9: ='3-2-3交易性-基金'!K27 -> 0 | F9: =E9-D9 -> 0 | G9: =IF(D9=0,"",F9/D9*100)
G10: =IF(D10=0,"",F10/D10*100)
G11: =IF(D11=0,"",F11/D11*100)
A27: 合计 | C27: =SUM(C7:C26) -> 0 | D27: =SUM(D7:D26) -> 0 | E27: =SUM(E7:E26) -> 0 | F27: =E27-D27 -> 0 | G27: =IF(D27=0,"",F27/D27*100)
E28: ="评估人员："&基本信息输入表!$Q$18 -> 评估人员：韩策

Sheet 3-2-1交易性-股票
A1: 返回索引目录
A2: 交易性金融资产—股票投资评估明细表
A3: ="评估基准日："&TEXT(基本信息输入表!M7,"yyyy年mm月dd日") -> 评估基准日：2025年11月30日
L4: 表3-2-1
A5: =基本信息输入表!K6&"："&基本信息输入表!M6 -> 产权持有人：湖北省徽工生物技本研究有限公司 | L5: ="金额单位："&基本信息输入表!M10&"元" -> 金额单位：人民币元
A6: 序号 | B6: 被投资单位名称 | C6: 股票名称 | D6: 股票代码 | E6: 投资日期 | F6: 持股数量 | G6: 成 本 | H6: 基准日收盘价元/股 | I6: 审定前账面价值 | J6: 账面价值 | K6: 评估价值 | L6: 增值率% | M6: 备注 | N6: 唯一标识列
A7: =IF(C7="","",ROW()-6) | L7: =IF(J7=0,"",(K7-J7)/J7*100) | N7: A1
A8: =IF(C8="","",ROW()-6) | L8: =IF(J8=0,"",(K8-J8)/J8*100) | N8: A2
A9: =IF(C9="","",ROW()-6) | L9: =IF(J9=0,"",(K9-J9)/J9*100) | N9: A3
A10: =IF(C10="","",ROW()-6) | L10: =IF(J10=0,"",(K10-J10)/J10*100) | N10: A4
A11: =IF(C11="","",ROW()-6) | L11: =IF(J11=0,"",(K11-J11)/J11*100) | N11: A5
A12: =IF(C12="","",ROW()-6) | L12: =IF(J12=0,"",(K12-J12)/J12*100) | N12: A6
A13: =IF(C13="","",ROW()-6) | L13: =IF(J13=0,"",(K13-J13)/J13*100) | N13: A7
A14: =IF(C14="","",ROW()-6) | L14: =IF(J14=0,"",(K14-J14)/J14*100) | N14: A8
A15: =IF(C15="","",ROW()-6) | L15: =IF(J15=0,"",(K15-J15)/J15*100) | N15: A9
A16: =IF(C16="","",ROW()-6) | L16: =IF(J16=0,"",(K16-J16)/J16*100) | N16: A10
A17: =IF(C17="","",ROW()-6) | L17: =IF(J17=0,"",(K17-J17)/J17*100) | N17: A11
A18: =IF(C18="","",ROW()-6) | L18: =IF(J18=0,"",(K18-J18)/J18*100) | N18: A12
... A26: =IF(C26="","",ROW()-6) | L26: =IF(J26=0,"",(K26-J26)/J26*100) | N26: A20
A27: 合计 | I27: =SUM(I7:I26) -> 0 | J27: =SUM(J7:J26) -> 0 | K27: =SUM(K7:K26) -> 0 | L27: =IF(J27=0,"",(K27-J27)/J27*100)
A28: =基本信息输入表!$K$6&"填表人："&基本信息输入表!$M$19 -> 产权持有人填表人：袁佳 | K28: ="评估人员："&基本信息输入表!$Q$19 -> 评估人员：韩策
A29: ="填表日期："&YEAR(基本信息输入表!$O$19)&"年"&MONTH(基本信息输入表!$O$19)&"月"&DAY(基本信息输入表!$O$19)&"日" -> 填表日期：2025年12月15日

Sheet 3-2-2交易性-债券
A1: 返回索引目录
A2: 交易性金融资产—债券投资评估明细表
A3: ="评估基准日："&TEXT(基本信息输入表!M7,"yyyy年mm月dd日") -> 评估基准日：2025年11月30日
L4: 表3-2-2
A5: =基本信息输入表!K6&"："&基本信息输入表!M6 -> 产权持有人：湖北省徽工生物技本研究有限公司 | L5: ="金额单位："&基本信息输入表!M10&"元" -> 金额单位：人民币元
A6: 序号 | B6: 被投资单位名称 | C6: 债券名称 | D6: 债券代码 | E6: 发行日期 | F6: 投资日期 | G6: 票面利率% | H6: 成本 | I6: 审定前账面价值 | J6: 账面价值 | K6: 评估价值 | L6: 增值率% | M6: 备注 | N6: 唯一标识列
A7: =IF(C7="","",ROW()-6) | L7: =IF(J7=0,"",(K7-J7)/J7*100) | N7: A1
A8: =IF(C8="","",ROW()-6) | L8: =IF(J8=0,"",(K8-J8)/J8*100) | N8: A2
A9: =IF(C9="","",ROW()-6) | L9: =IF(J9=0,"",(K9-J9)/J9*100) | N9: A3
A10: =IF(C10="","",ROW()-6) | L10: =IF(J10=0,"",(K10-J10)/J10*100) | N10: A4
A11: =IF(C11="","",ROW()-6) | L11: =IF(J11=0,"",(K11-J11)/J11*100) | N11: A5
A12: =IF(C12="","",ROW()-6) | L12: =IF(J12=0,"",(K12-J12)/J12*100) | N12: A6
A13: =IF(C13="","",ROW()-6) | L13: =IF(J13=0,"",(K13-J13)/J13*100) | N13: A7
A14: =IF(C14="","",ROW()-6) | L14: =IF(J14=0,"",(K14-J14)/J14*100) | N14: A8
A15: =IF(C15="","",ROW()-6) | L15: =IF(J15=0,"",(K15-J15)/J15*100) | N15: A9
A16: =IF(C16="","",ROW()-6) | L16: =IF(J16=0,"",(K16-J16)/J16*100) | N16: A10
A17: =IF(C17="","",ROW()-6) | L17: =IF(J17=0,"",(K17-J17)/J17*100) | N17: A11
A18: =IF(C18="","",ROW()-6) | L18: =IF(J18=0,"",(K18-J18)/J18*100) | N18: A12
... A26: =IF(C26="","",ROW()-6) | L26: =IF(J26=0,"",(K26-J26)/J26*100) | N26: A20
A27: 合计 | I27: =SUM(I7:I26) -> 0 | J27: =SUM(J7:J26) -> 0 | K27: =SUM(K7:K26) -> 0 | L27: =IF(J27=0,"",(K27-J27)/J27*100)
A28: =基本信息输入表!$K$6&"填表人："&基本信息输入表!$M$20 -> 产权持有人填表人：袁佳 | K28: ="评估人员："&基本信息输入表!$Q$20 -> 评估人员：韩策
A29: ="填表日期："&YEAR(基本信息输入表!$O$20)&"年"&MONTH(基本信息输入表!$O$20)&"月"&DAY(基本信息输入表!$O$20)&"日" -> 填表日期：2025年12月15日

Sheet 3-2-3交易性-基金
A1: 返回索引目录
A2: 交易性金融资产—基金投资评估明细表
A3: ="评估基准日："&TEXT(基本信息输入表!M7,"yyyy年mm月dd日") -> 评估基准日：2025年11月30日
L4: 表3-2-3
A5: =基本信息输入表!K6&"："&基本信息输入表!M6 -> 产权持有人：湖北省徽工生物技本研究有限公司 | L5: ="金额单位："&基本信息输入表!M10&"元" -> 金额单位：人民币元
A6: 序号 | B6: 基金发行单位 | C6: 基金名称 | D6: 基金类型 | E6: 基金代码 | F6: 投资日期 | G6: 成本 | H6: 基准日净值/份 | I6: 审定前账面价值 | J6: 账面价值 | K6: 评估价值 | L6: 增值率% | M6: 备注 | N6: 唯一标识列
A7: =IF(C7="","",ROW()-6) | L7: =IF(J7=0,"",(K7-J7)/J7*100) | N7: A1
A8: =IF(C8="","",ROW()-6) | L8: =IF(J8=0,"",(K8-J8)/J8*100) | N8: A2
A9: =IF(C9="","",ROW()-6) | L9: =IF(J9=0,"",(K9-J9)/J9*100) | N9: A3
A10: =IF(C10="","",ROW()-6) | L10: =IF(J10=0,"",(K10-J10)/J10*100) | N10: A4
A11: =IF(C11="","",ROW()-6) | L11: =IF(J11=0,"",(K11-J11)/J11*100) | N11: A5
A12: =IF(C12="","",ROW()-6) | L12: =IF(J12=0,"",(K12-J12)/J12*100) | N12: A6
A13: =IF(C13="","",ROW()-6) | L13: =IF(J13=0,"",(K13-J13)/J13*100) | N13: A7
A14: =IF(C14="","",ROW()-6) | L14: =IF(J14=0,"",(K14-J14)/J14*100) | N14: A8
A15: =IF(C15="","",ROW()-6) | L15: =IF(J15=0,"",(K15-J15)/J15*100) | N15: A9
A16: =IF(C16="","",ROW()-6) | L16: =IF(J16=0,"",(K16-J16)/J16*100) | N16: A10
A17: =IF(C17="","",ROW()-6) | L17: =IF(J17=0,"",(K17-J17)/J17*100) | N17: A11
A18: =IF(C18="","",ROW()-6) | L18: =IF(J18=0,"",(K18-J18)/J18*100) | N18: A12
... A26: =IF(C26="","",ROW()-6) | L26: =IF(J26=0,"",(K26-J26)/J26*100) | N26: A20
A27: 合计 | I27: =SUM(I7:I26) -> 0 | J27: =SUM(J7:J26) -> 0 | K27: =SUM(K7:K26) -> 0 | L27: =IF(J27=0,"",(K27-J27)/J27*100)
A28: =基本信息输入表!$K$6&"填表人："&基本信息输入表!$M$21 -> 产权持有人填表人：袁佳 | K28: ="评估人员："&基本信息输入表!$Q$21 -> 评估人员：韩策
A29: ="填表日期："&YEAR(基本信息输入表!$O$21)&"年"&MONTH(基本信息输入表!$O$21)&"月"&DAY(基本信息输入表!$O$21)&"日" -> 填表日期：2025年12月15日

Sheet 3-3衍生金融资产
A1: 返回索引目录
A2: 衍生金融资产评估明细表
A3: ="评估基准日："&TEXT(基本信息输入表!M7,"yyyy年mm月dd日") -> 评估基准日：2025年11月30日
I4: 表3-3
A5: =基本信息输入表!K6&"："&基本信息输入表!M6 -> 产权持有人：湖北省徽工生物技本研究有限公司 | I5: ="金额单位："&基本信息输入表!M10&"元" -> 金额单位：人民币元
A6: 序号 | B6: 被投资单位名称 | C6: 衍生金融资产名称 | D6: 投资日期 | E6: 成本 | F6: 审定前账面价值 | G6: 账面价值 | H6: 评估价值 | I6: 增值率% | J6: 备注 | K6: 唯一标识列
A7: =IF(C7="","",ROW()-6) | I7: =IF(G7=0,"",(H7-G7)/G7*100) | K7: A1
A8: =IF(C8="","",ROW()-6) | I8: =IF(G8=0,"",(H8-G8)/G8*100) | K8: A2
A9: =IF(C9="","",ROW()-6) | I9: =IF(G9=0,"",(H9-G9)/G9*100) | K9: A3
A10: =IF(C10="","",ROW()-6) | I10: =IF(G10=0,"",(H10-G10)/G10*100) | K10: A4
A11: =IF(C11="","",ROW()-6) | I11: =IF(G11=0,"",(H11-G11)/G11*100) | K11: A5
A12: =IF(C12="","",ROW()-6) | I12: =IF(G12=0,"",(H12-G12)/G12*100) | K12: A6
A13: =IF(C13="","",ROW()-6) | I13: =IF(G13=0,"",(H13-G13)/G13*100) | K13: A7
A14: =IF(C14="","",ROW()-6) | I14: =IF(G14=0,"",(H14-G14)/G14*100) | K14: A8
A15: =IF(C15="","",ROW()-6) | I15: =IF(G15=0,"",(H15-G15)/G15*100) | K15: A9
A16: =IF(C16="","",ROW()-6) | I16: =IF(G16=0,"",(H16-G16)/G16*100) | K16: A10
A17: =IF(C17="","",ROW()-6) | I17: =IF(G17=0,"",(H17-G17)/G17*100) | K17: A11
A18: =IF(C18="","",ROW()-6) | I18: =IF(G18=0,"",(H18-G18)/G18*100) | K18: A12
... A26: =IF(C26="","",ROW()-6) | I26: =IF(G26=0,"",(H26-G26)/G26*100) | K26: A20
A27: 合计 | F27: =SUM(F7:F26) -> 0 | G27: =SUM(G7:G26) -> 0 | H27: =SUM(H7:H26) -> 0 | I27: =IF(G27=0,"",(H27-G27)/G27*100)
A28: =基本信息输入表!$K$6&"填表人："&基本信息输入表!$M$22 -> 产权持有人填表人：袁佳 | H28: ="评估人员："&基本信息输入表!$Q$22 -> 评估人员：韩策
A29: ="填表日期："&YEAR(基本信息输入表!$O$22)&"年"&MONTH(基本信息输入表!$O$22)&"月"&DAY(基本信息输入表!$O$22)&"日" -> 填表日期：2025年12月15日

Sheet 3-4应收票据
A1: 返回索引目录
A2: 应收票据评估明细表
A3: ="评估基准日："&TEXT(基本信息输入表!M7,"yyyy年mm月dd日") -> 评估基准日：2025年11月30日
J4: 表3-4
A5: =基本信息输入表!K6&"："&基本信息输入表!M6 -> 产权持有人：湖北省徽工生物技本研究有限公司 | J5: ="金额单位："&基本信息输入表!M10&"元" -> 金额单位：人民币元
A6: 序号 | B6: 户名（结算对象) | C6: 出票日期 | D6: 到期日期 | E6: 票面利率% | F6: 审定前账面价值 | G6: 账面价值 | H6: 评估价值 | I6: 增值率% | J6: 备注
K7: 唯一标识列
A8: =IF(B8="","",ROW()-7) | I8: =IF(G8=0,"",(H8-G8)/G8*100) | K8: A1
A9: =IF(B9="","",ROW()-7) | I9: =IF(G9=0,"",(H9-G9)/G9*100) | K9: A2
A10: =IF(B10="","",ROW()-7) | I10: =IF(G10=0,"",(H10-G10)/G10*100) | K10: A3
A11: =IF(B11="","",ROW()-7) | I11: =IF(G11=0,"",(H11-G11)/G11*100) | K11: A4
A12: =IF(B12="","",ROW()-7) | I12: =IF(G12=0,"",(H12-G12)/G12*100) | K12: A5
A13: =IF(B13="","",ROW()-7) | I13: =IF(G13=0,"",(H13-G13)/G13*100) | K13: A6
A14: =IF(B14="","",ROW()-7) | I14: =IF(G14=0,"",(H14-G14)/G14*100) | K14: A7
A15: =IF(B15="","",ROW()-7) | I15: =IF(G15=0,"",(H15-G15)/G15*100) | K15: A8
A16: =IF(B16="","",ROW()-7) | I16: =IF(G16=0,"",(H16-G16)/G16*100) | K16: A9
A17: =IF(B17="","",ROW()-7) | I17: =IF(G17=0,"",(H17-G17)/G17*100) | K17: A10
A18: =IF(B18="","",ROW()-7) | I18: =IF(G18=0,"",(H18-G18)/G18*100) | K18: A11
A19: =IF(B19="","",ROW()-7) | I19: =IF(G19=0,"",(H19-G19)/G19*100) | K19: A12
... A24: =IF(B24="","",ROW()-7) | I24: =IF(G24=0,"",(H24-G24)/G24*100) | K24: A17
A25: 应收票据合计 | F25: =SUM(F8:F24) -> 0 | G25: =SUM(G8:G24) -> 0 | H25: =SUM(H8:H24) -> 0 | I25: =IF(G25=0,"",(H25-G25)/G25*100)
A26: =基本信息输入表!$K$6&"填表人："&基本信息输入表!$M$23 -> 产权持有人填表人：袁佳 | H26: ="评估人员："&基本信息输入表!$Q$23 -> 评估人员：韩策
A27: ="填表日期："&YEAR(基本信息输入表!$O$23)&"年"&MONTH(基本信息输入表!$O$23)&"月"&DAY(基本信息输入表!$O$23)&"日" -> 填表日期：2025年12月15日

Sheet 3-5应收账款
A1: 返回索引目录
A2: 应收账款评估明细表
A3: ="评估基准日："&TEXT(基本信息输入表!M7,"yyyy年mm月dd日") -> 评估基准日：2025年11月30日
U4: 表3-5
A5: =基本信息输入表!K6&"："&基本信息输入表!M6 -> 产权持有人：湖北省徽工生物技本研究有限公司 | U5: ="金额单位："&基本信息输入表!M10&"元" -> 金额单位：人民币元
A6: 序号 | B6: 欠款单位名称（结算对象) | C6: 业务内容 | D6: 最后一次 变动日期 | E6: 账龄（年） | F6: 账龄 | M6: 币种 | N6: 外币账面金额 | O6: 审定前账面价值 | P6: 审计前坏账准备 | Q6: 账面余额 | R6: 坏账准备 | S6: 评估价值 | T6: 增值率% | U6: 备注
F7: 1年以内 | G7: 1-2年 | H7: 2-3年 | I7: 3-4年 | J7: 4-5年 | K7: 5年以上 | L7: 合计 | V7: 唯一标识列
A8: =IF(B8="","",ROW()-7) | L8: =SUM(F8:K8) -> 0 | T8: =IF(Q8=0,"",(S8-Q8)/(Q8)*100) | V8: A1
A9: =IF(B9="","",ROW()-7) | L9: =SUM(F9:K9) -> 0 | T9: =IF(Q9=0,"",(S9-Q9)/(Q9)*100) | V9: A2
A10: =IF(B10="","",ROW()-7) | L10: =SUM(F10:K10) -> 0 | T10: =IF(Q10=0,"",(S10-Q10)/(Q10)*100) | V10: A3
A11: =IF(B11="","",ROW()-7) | L11: =SUM(F11:K11) -> 0 | T11: =IF(Q11=0,"",(S11-Q11)/(Q11)*100) | V11: A4
A12: =IF(B12="","",ROW()-7) | L12: =SUM(F12:K12) -> 0 | T12: =IF(Q12=0,"",(S12-Q12)/(Q12)*100) | V12: A5
A13: =IF(B13="","",ROW()-7) | L13: =SUM(F13:K13) -> 0 | T13: =IF(Q13=0,"",(S13-Q13)/(Q13)*100) | V13: A6
A14: =IF(B14="","",ROW()-7) | L14: =SUM(F14:K14) -> 0 | T14: =IF(Q14=0,"",(S14-Q14)/(Q14)*100) | V14: A7
A15: =IF(B15="","",ROW()-7) | L15: =SUM(F15:K15) -> 0 | T15: =IF(Q15=0,"",(S15-Q15)/(Q15)*100) | V15: A8
A16: =IF(B16="","",ROW()-7) | L16: =SUM(F16:K16) -> 0 | T16: =IF(Q16=0,"",(S16-Q16)/(Q16)*100) | V16: A9
A17: =IF(B17="","",ROW()-7) | L17: =SUM(F17:K17) -> 0 | T17: =IF(Q17=0,"",(S17-Q17)/(Q17)*100) | V17: A10
A18: =IF(B18="","",ROW()-7) | L18: =SUM(F18:K18) -> 0 | T18: =IF(Q18=0,"",(S18-Q18)/(Q18)*100) | V18: A11
A19: =IF(B19="","",ROW()-7) | L19: =SUM(F19:K19) -> 0 | T19: =IF(Q19=0,"",(S19-Q19)/(Q19)*100) | V19: A12
A20: 应收账款合计 | F20: =SUM(F8:F19) -> 0 | G20: =SUM(G8:G19) -> 0 | H20: =SUM(H8:H19) -> 0 | I20: =SUM(I8:I19) -> 0 | J20: =SUM(J8:J19) -> 0 | K20: =SUM(K8:K19) -> 0 | L20: =SUM(L8:L19) -> 0 | O20: =SUM(O8:O19) -> 0 | P20: =SUM(P8:P19) -> 0 | Q20: =SUM(Q8:Q19) -> 0 | R20: =SUM(R8:R19) -> 0 | S20: =SUM(S8:S19) -> 0 | T20: =IF(Q20=0,"",(S20-Q20)/(Q20)*100)
A21: 减：坏账准备 | L21: =SUM(L9:L20) -> 0 | O21: =P20 -> 0 | Q21: =R20 -> 0 | T21: =IF(Q21=0,"",(S21-Q21)/(Q21)*100)
A22: 减：评估风险损失 | S22: =Q21 -> 0 | T22: =IF(Q22=0,"",(S22-Q22)/(Q22)*100)
A23: 应收账款净额 | F23: =F20-F21 -> 0 | G23: =G20-G21 -> 0 | H23: =H20-H21 -> 0 | I23: =I20-I21 -> 0 | J23: =J20-J21 -> 0 | K23: =K20-K21 -> 0 | L23: =L20-L21 -> 0 | O23: =O20-O21 -> 0 | Q23: =Q20-Q21 -> 0 | S23: =S20-S22 -> 0 | T23: =IF(Q23=0,"",(S23-Q23)/(Q23)*100)
A24: =基本信息输入表!$K$6&"填表人："&基本信息输入表!$M$24 -> 产权持有人填表人：袁佳 | S24: ="评估人员："&基本信息输入表!$Q$24 -> 评估人员：韩策
A25: ="填表日期："&YEAR(基本信息输入表!$O$24)&"年"&MONTH(基本信息输入表!$O$24)&"月"&DAY(基本信息输入表!$O$24)&"日" -> 填表日期：2025年12月15日

Sheet 3-6应收款项融资
A1: 返回索引目录
A2: 应收款项融资评估明细表
A3: ="评估基准日："&TEXT(基本信息输入表!M7,"yyyy年mm月dd日") -> 评估基准日：2025年11月30日
J4: 表3-6
A5: =基本信息输入表!K6&"："&基本信息输入表!M6 -> 产权持有人：湖北省徽工生物技本研究有限公司 | J5: ="金额单位："&基本信息输入表!M10&"元" -> 金额单位：人民币元
A6: 序号 | B6: 户名（结算对象) | C6: 出票日期 | D6: 到期日期 | E6: 票面利率% | F6: 审定前账面价值 | G6: 账面价值 | H6: 评估价值 | I6: 增值率% | J6: 备注
K7: 唯一标识列
A8: =IF(B8="","",ROW()-7) | I8: =IF(G8=0,"",(H8-G8)/G8*100) | K8: A1
A9: =IF(B9="","",ROW()-7) | I9: =IF(G9=0,"",(H9-G9)/G9*100) | K9: A2
A10: =IF(B10="","",ROW()-7) | I10: =IF(G10=0,"",(H10-G10)/G10*100) | K10: A3
A11: =IF(B11="","",ROW()-7) | I11: =IF(G11=0,"",(H11-G11)/G11*100) | K11: A4
A12: =IF(B12="","",ROW()-7) | I12: =IF(G12=0,"",(H12-G12)/G12*100) | K12: A5
A13: =IF(B13="","",ROW()-7) | I13: =IF(G13=0,"",(H13-G13)/G13*100) | K13: A6
A14: =IF(B14="","",ROW()-7) | I14: =IF(G14=0,"",(H14-G14)/G14*100) | K14: A7
A15: =IF(B15="","",ROW()-7) | I15: =IF(G15=0,"",(H15-G15)/G15*100) | K15: A8
A16: =IF(B16="","",ROW()-7) | I16: =IF(G16=0,"",(H16-G16)/G16*100) | K16: A9
A17: =IF(B17="","",ROW()-7) | I17: =IF(G17=0,"",(H17-G17)/G17*100) | K17: A10
A18: =IF(B18="","",ROW()-7) | I18: =IF(G18=0,"",(H18-G18)/G18*100) | K18: A11
A19: =IF(B19="","",ROW()-7) | I19: =IF(G19=0,"",(H19-G19)/G19*100) | K19: A12
... A24: =IF(B24="","",ROW()-7) | I24: =IF(G24=0,"",(H24-G24)/G24*100) | K24: A17
A25: 应收款项融资合计 | F25: =SUM(F8:F24) -> 0 | G25: =SUM(G8:G24) -> 0 | H25: =SUM(H8:H24) -> 0 | I25: =IF(G25=0,"",(H25-G25)/G25*100)
A26: =基本信息输入表!$K$6&"填表人："&基本信息输入表!$M$25 -> 产权持有人填表人：袁佳 | H26: ="评估人员："&基本信息输入表!$Q$25 -> 评估人员：韩策
A27: ="填表日期："&YEAR(基本信息输入表!$O$25)&"年"&MONTH(基本信息输入表!$O$25)&"月"&DAY(基本信息输入表!$O$25)&"日" -> 填表日期：2025年12月15日

Sheet 3-7预付款项
A1: 返回索引目录
A2: 预付款项评估明细表
A3: ="评估基准日："&TEXT(基本信息输入表!M7,"yyyy年mm月dd日") -> 评估基准日：2025年11月30日
U4: 表3-7
A5: =基本信息输入表!K6&"："&基本信息输入表!M6 -> 产权持有人：湖北省徽工生物技本研究有限公司 | U5: ="金额单位："&基本信息输入表!M10&"元" -> 金额单位：人民币元
A6: 序号 | B6: 收款单位名称（结算对象) | C6: 业务内容 | D6: 发生日期 | E6: 账龄（年） | F6: 账龄 | M6: 币种 | N6: 外币账面金额 | O6: 基准日汇率 | P6: 审定前账面价值 | Q6: 账面余额 | R6: 计提减值准备 | S6: 评估价值 | T6: 增值率% | U6: 备注
F7: 1年以内 | G7: 1-2年 | H7: 2-3年 | I7: 3-4年 | J7: 4-5年 | K7: 5年以上 | L7: 合计 | V7: 唯一标识列
A8: =IF(B8="","",ROW()-7) | L8: =SUM(F8:K8) -> 0 | T8: =IF(Q8=0,"",(S8-Q8)/Q8*100) | V8: A1
A9: =IF(B9="","",ROW()-7) | L9: =SUM(F9:K9) -> 0 | T9: =IF(Q9=0,"",(S9-Q9)/Q9*100) | V9: A2
A10: =IF(B10="","",ROW()-7) | L10: =SUM(F10:K10) -> 0 | T10: =IF(Q10=0,"",(S10-Q10)/Q10*100) | V10: A3
A11: =IF(B11="","",ROW()-7) | L11: =SUM(F11:K11) -> 0 | T11: =IF(Q11=0,"",(S11-Q11)/Q11*100) | V11: A4
A12: =IF(B12="","",ROW()-7) | L12: =SUM(F12:K12) -> 0 | T12: =IF(Q12=0,"",(S12-Q12)/Q12*100) | V12: A5
A13: =IF(B13="","",ROW()-7) | L13: =SUM(F13:K13) -> 0 | T13: =IF(Q13=0,"",(S13-Q13)/Q13*100) | V13: A6
A14: =IF(B14="","",ROW()-7) | L14: =SUM(F14:K14) -> 0 | T14: =IF(Q14=0,"",(S14-Q14)/Q14*100) | V14: A7
A15: =IF(B15="","",ROW()-7) | L15: =SUM(F15:K15) -> 0 | T15: =IF(Q15=0,"",(S15-Q15)/Q15*100) | V15: A8
A16: =IF(B16="","",ROW()-7) | L16: =SUM(F16:K16) -> 0 | T16: =IF(Q16=0,"",(S16-Q16)/Q16*100) | V16: A9
A17: =IF(B17="","",ROW()-7) | L17: =SUM(F17:K17) -> 0 | T17: =IF(Q17=0,"",(S17-Q17)/Q17*100) | V17: A10
A18: =IF(B18="","",ROW()-7) | L18: =SUM(F18:K18) -> 0 | T18: =IF(Q18=0,"",(S18-Q18)/Q18*100) | V18: A11
A19: =IF(B19="","",ROW()-7) | L19: =SUM(F19:K19) -> 0 | T19: =IF(Q19=0,"",(S19-Q19)/Q19*100) | V19: A12
... A23: =IF(B23="","",ROW()-7) | L23: =SUM(F23:K23) -> 0 | T23: =IF(Q23=0,"",(S23-Q23)/Q23*100) | V23: A16
A24: 预付款项合计 | F24: =SUM(F8:F23) -> 0 | G24: =SUM(G8:G23) -> 0 | H24: =SUM(H8:H23) -> 0 | I24: =SUM(I8:I23) -> 0 | J24: =SUM(J8:J23) -> 0 | K24: =SUM(K8:K23) -> 0 | L24: =SUM(F24:K24) -> 0 | P24: =SUM(P8:P23) -> 0 | Q24: =SUM(Q8:Q23) -> 0 | R24: =SUM(R8:R23) -> 0 | S24: =SUM(S8:S23) -> 0 | T24: =IF(Q24=0,"",(S24-Q24)/Q24*100)
A25: 减：预付款项坏账准备 | P25: =R24 -> 0 | Q25: =R24 -> 0 | S25: =Q25 -> 0 | T25: =IF(Q25=0,"",(S25-Q25)/Q25*100)
A26: 预付款项净额 | F26: =F24-F25 -> 0 | G26: =G24-G25 -> 0 | H26: =H24-H25 -> 0 | I26: =I24-I25 -> 0 | J26: =J24-J25 -> 0 | K26: =K24-K25 -> 0 | L26: =L24-L25 -> 0 | P26: =P24-P25 -> 0 | Q26: =Q24-Q25 -> 0 | S26: =S24-S25 -> 0 | T26: =IF(Q26=0,"",(S26-Q26)/Q26*100)
A27: =基本信息输入表!$K$6&"填表人："&基本信息输入表!$M$26 -> 产权持有人填表人：袁佳 | S27: ="评估人员："&基本信息输入表!$Q$26 -> 评估人员：韩策
A28: ="填表日期："&YEAR(基本信息输入表!$O$26)&"年"&MONTH(基本信息输入表!$O$26)&"月"&DAY(基本信息输入表!$O$26)&"日" -> 填表日期：2025年12月15日

Sheet 3-8其他应收款
A1: 返回索引目录
A2: 其他应收款评估明细表
A3: ="评估基准日："&TEXT(基本信息输入表!M7,"yyyy年mm月dd日") -> 评估基准日：2025年11月30日
U4: 表3-8
A5: =基本信息输入表!K6&"："&基本信息输入表!M6 -> 产权持有人：湖北省徽工生物技本研究有限公司 | U5: ="金额单位："&基本信息输入表!M10&"元" -> 金额单位：人民币元
A6: 序号 | B6: 欠款单位名称（结算对象) | C6: 业务内容 | D6: 最后一次 变动日期 | E6: 账龄（年） | F6: 账龄 | M6: 币种 | N6: 外币账面金额 | O6: 审定前账面价值 | P6: 审计前坏账准备 | Q6: 账面余额 | R6: 坏账准备 | S6: 评估价值 | T6: 增值率% | U6: 备注
F7: 1年以内 | G7: 1-2年 | H7: 2-3年 | I7: 3-4年 | J7: 4-5年 | K7: 5年以上 | L7: 合计 | V7: 唯一标识列
A8: =IF(B8="","",ROW()-7) | L8: =SUM(F8:K8) -> 0 | T8: =IF(Q8=0,"",(S8-Q8)/Q8*100) | V8: A1
A9: =IF(B9="","",ROW()-7) | L9: =SUM(F9:K9) -> 0 | T9: =IF(Q9=0,"",(S9-Q9)/Q9*100) | V9: A2
A10: =IF(B10="","",ROW()-7) | L10: =SUM(F10:K10) -> 0 | T10: =IF(Q10=0,"",(S10-Q10)/Q10*100) | V10: A3
A11: =IF(B11="","",ROW()-7) | L11: =SUM(F11:K11) -> 0 | T11: =IF(Q11=0,"",(S11-Q11)/Q11*100) | V11: A4
A12: =IF(B12="","",ROW()-7) | L12: =SUM(F12:K12) -> 0 | T12: =IF(Q12=0,"",(S12-Q12)/Q12*100) | V12: A5
A13: =IF(B13="","",ROW()-7) | L13: =SUM(F13:K13) -> 0 | T13: =IF(Q13=0,"",(S13-Q13)/Q13*100) | V13: A6
A14: =IF(B14="","",ROW()-7) | L14: =SUM(F14:K14) -> 0 | T14: =IF(Q14=0,"",(S14-Q14)/Q14*100) | V14: A7
A15: =IF(B15="","",ROW()-7) | L15: =SUM(F15:K15) -> 0 | T15: =IF(Q15=0,"",(S15-Q15)/Q15*100) | V15: A8
A16: =IF(B16="","",ROW()-7) | L16: =SUM(F16:K16) -> 0 | T16: =IF(Q16=0,"",(S16-Q16)/Q16*100) | V16: A9
A17: =IF(B17="","",ROW()-7) | L17: =SUM(F17:K17) -> 0 | T17: =IF(Q17=0,"",(S17-Q17)/Q17*100) | V17: A10
A18: =IF(B18="","",ROW()-7) | L18: =SUM(F18:K18) -> 0 | T18: =IF(Q18=0,"",(S18-Q18)/Q18*100) | V18: A11
A19: =IF(B19="","",ROW()-7) | L19: =SUM(F19:K19) -> 0 | T19: =IF(Q19=0,"",(S19-Q19)/Q19*100) | V19: A12
... A28: =IF(B28="","",ROW()-7) | L28: =SUM(F28:K28) -> 0 | T28: =IF(Q28=0,"",(S28-Q28)/Q28*100) | V28: A21
A29: 其他应收款合计 | F29: =SUM(F8:F28) -> 0 | G29: =SUM(G8:G28) -> 0 | H29: =SUM(H8:H28) -> 0 | I29: =SUM(I8:I28) -> 0 | J29: =SUM(J8:J28) -> 0 | K29: =SUM(K8:K28) -> 0 | L29: =SUM(F29:K29) -> 0 | O29: =SUM(O8:O28) -> 0 | P29: =SUM(P8:P28) -> 0 | Q29: =SUM(Q8:Q28) -> 0 | R29: =SUM(R8:R28) -> 0 | S29: =SUM(S8:S28) -> 0 | T29: =IF(Q29=0,"",(S29-Q29)/Q29*100)
A30: 减：坏账准备 | O30: =P29 -> 0 | Q30: =R29 -> 0 | T30: =IF(Q30=0,"",(S30-Q30)/Q30*100)
A31: 减：评估风险损失 | S31: =Q30 -> 0 | T31: =IF(Q31=0,"",(S31-Q31)/Q31*100)
A32: 其他应收款净额 | F32: =F29-F30 -> 0 | G32: =G29-G30 -> 0 | H32: =H29-H30 -> 0 | I32: =I29-I30 -> 0 | J32: =J29-J30 -> 0 | K32: =K29-K30 -> 0 | L32: =L29-L30 -> 0 | O32: =O29-O30 -> 0 | Q32: =Q29-Q30 -> 0 | S32: =S29-S31 -> 0 | T32: =IF(Q32=0,"",(S32-Q32)/Q32*100)
A33: =基本信息输入表!$K$6&"填表人："&基本信息输入表!$M$27 -> 产权持有人填表人：袁佳 | S33: ="评估人员："&基本信息输入表!$Q$27 -> 评估人员：韩策
A34: ="填表日期："&YEAR(基本信息输入表!$O$27)&"年"&MONTH(基本信息输入表!$O$27)&"月"&DAY(基本信息输入表!$O$27)&"日" -> 填表日期：2025年12月15日

Sheet 3-9存货汇总
A1: 返回索引目录
A2: 存货评估汇总表
A3: ="评估基准日："&TEXT(基本信息输入表!M7,"yyyy年mm月dd日") -> 评估基准日：2025年11月30日
H4: 表3-9
A5: =基本信息输入表!K6&"："&基本信息输入表!M6 -> 产权持有人：湖北省徽工生物技本研究有限公司 | H5: ="金额单位："&基本信息输入表!M10&"元" -> 金额单位：人民币元
A6: 编号 | B6: 科目名称 | C6: 审定前账面价值 | D6: 账面价值 | E6: 计提跌价准备金额 | F6: 评估价值 | G6: 增减值 | H6: 增值率%
A7: 3-9-1 | B7: 材料采购（在途物资） | D7: ='3-9-1材料采购（在途物资）'!H25 -> 0 | E7: ='3-9-1材料采购（在途物资）'!I25 -> 0 | F7: ='3-9-1材料采购（在途物资）'!L27 -> 0 | G7: =F7-D7+E7 -> 0 | H7: =IF(D7-E7=0,"",(F7-D7+E7)/(D7-E7)*100)
A8: 3-9-2 | B8: 原材料 | D8: ='3-9-2原材料'!I35 -> 0 | E8: ='3-9-2原材料'!J35 -> 0 | F8: ='3-9-2原材料'!O37 -> 0 | G8: =F8-D8+E8 -> 0 | H8: =IF(D8-E8=0,"",(F8-D8+E8)/(D8-E8)*100)
A9: 3-9-3 | B9: 在库周转材料 | D9: ='3-9-3在库周转材料'!I29 -> 0 | E9: ='3-9-3在库周转材料'!J29 -> 0 | F9: ='3-9-3在库周转材料'!O31 -> 0 | G9: =F9-D9+E9 -> 0 | H9: =IF(D9-E9=0,"",(F9-D9+E9)/(D9-E9)*100)
A10: 3-9-4 | B10: 委托加工物资 | D10: ='3-9-4委托加工物资'!I25 -> 0 | E10: ='3-9-4委托加工物资'!J25 -> 0 | F10: ='3-9-4委托加工物资'!M27 -> 0 | G10: =F10-D10+E10 -> 0 | H10: =IF(D10-E10=0,"",(F10-D10+E10)/(D10-E10)*100)
A11: 3-9-5 | B11: 产成品（库存商品） | D11: ='3-9-5产成品（库存商品）'!K25 -> 0 | E11: ='3-9-5产成品（库存商品）'!L25 -> 0 | F11: ='3-9-5产成品（库存商品）'!O27 -> 0 | G11: =F11-D11+E11 -> 0 | H11: =IF(D11-E11=0,"",(F11-D11+E11)/(D11-E11)*100)
A12: 3-9-6 | B12: 在产品（自制半成品） | D12: ='3-9-6在产品（自制半成品）'!H25 -> 0 | E12: ='3-9-6在产品（自制半成品）'!I25 -> 0 | F12: ='3-9-6在产品（自制半成品）'!M27 -> 0 | G12: =F12-D12+E12 -> 0 | H12: =IF(D12-E12=0,"",(F12-D12+E12)/(D12-E12)*100)
A13: 3-9-7 | B13: 发出商品 | D13: ='3-9-7发出商品'!I25 -> 0 | E13: ='3-9-7发出商品'!J25 -> 0 | F13: ='3-9-7发出商品'!M27 -> 0 | G13: =F13-D13+E13 -> 0 | H13: =IF(D13-E13=0,"",(F13-D13+E13)/(D13-E13)*100)
A14: 3-9-8 | B14: 在用周转材料 | D14: ='3-9-8在用周转材料'!I25 -> 0 | E14: ='3-9-8在用周转材料'!J25 -> 0 | F14: ='3-9-8在用周转材料'!N27 -> 0 | G14: =F14-D14+E14 -> 0 | H14: =IF(D14-E14=0,"",(F14-D14+E14)/(D14-E14)*100)
A15: 3-9-9 | B15: 开发产品 | D15: ='3-9-9开发产品'!U25 -> 0 | E15: ='3-9-9开发产品'!V25 -> 0 | F15: ='3-9-9开发产品'!X27 -> 0 | G15: =F15-D15+E15 -> 0 | H15: =IF(D15-E15=0,"",(F15-D15+E15)/(D15-E15)*100)
A16: 3-9-10 | B16: 开发成本 | D16: ='3-9-10开发成本'!V25 -> 0 | E16: ='3-9-10开发成本'!W25 -> 0 | F16: ='3-9-10开发成本'!Y27 -> 0 | G16: =F16-D16+E16 -> 0 | H16: =IF(D16-E16=0,"",(F16-D16+E16)/(D16-E16)*100)
A17: 3-9-11 | B17: 消耗性生物资产 | D17: ='3-9-11消耗性生物资产'!K25 -> 0 | E17: ='3-9-11消耗性生物资产'!L25 -> 0 | F17: ='3-9-11消耗性生物资产'!O27 -> 0 | G17: =F17-D17+E17 -> 0 | H17: =IF(D17-E17=0,"",(F17-D17+E17)/(D17-E17)*100)
A18: 3-9-12 | B18: 工程施工 | D18: ='3-9-12工程施工'!Z27 -> 0 | F18: ='3-9-12工程施工'!AC27 -> 0 | G18: =F18-D18+E18 -> 0 | H18: =IF(D18-E18=0,"",(F18-D18+E18)/(D18-E18)*100)
A25: 存货合计 | C25: =SUM(C7:C24) -> 0 | D25: =SUM(D7:D24) -> 0 | E25: =SUM(E7:E24) -> 0 | F25: =SUM(F7:F24) -> 0 | G25: =F25-D25+E25 -> 0 | H25: =IF(D25-E25=0,"",(F25-D25+E25)/(D25-E25)*100)
A26: 减：存货跌价准备 | C26: =E25 -> 0 | D26: =E25 -> 0
A27: 存货净额 | C27: =C25-C26 -> 0 | D27: =D25-D26 -> 0 | F27: =F25 -> 0 | G27: =F27-D27 -> 0 | H27: =IF(D27-E27=0,"",(F27-D27+E27)/(D27-E27)*100)
F28: ="评估人员："&基本信息输入表!$Q$28 -> 评估人员：韩策

Sheet 3-9-1材料采购（在途物资）
A1: 返回索引目录
A2: 存货—材料采购（在途物资）评估明细表
A3: ="评估基准日："&TEXT(基本信息输入表!M7,"yyyy年mm月dd日") -> 评估基准日：2025年11月30日
N4: 表3-9-1
A5: =基本信息输入表!K6&"："&基本信息输入表!M6 -> 产权持有人：湖北省徽工生物技本研究有限公司 | N5: ="金额单位："&基本信息输入表!M10&"元" -> 金额单位：人民币元
A6: 序号 | B6: 名称及规格型号 | C6: 计量单位 | D6: 审定前账面价值 | F6: 账面价值 | I6: 计提跌价准备金额 | J6: 评估价值 | M6: 增值率% | N6: 备注
D7: 数量 | E7: 金额 | F7: 数量 | G7: 单价 | H7: 金额 | J7: 实际数量 | K7: 评估单价 | L7: 金额 | O7: 唯一标识列
A8: =IF(B8="","",ROW()-7) | L8: =J8*K8 -> 0 | M8: =IF(H8=0,"",(L8-H8)/H8*100) | O8: A1
A9: =IF(B9="","",ROW()-7) | L9: =J9*K9 -> 0 | M9: =IF(H9=0,"",(L9-H9)/H9*100) | O9: A2
A10: =IF(B10="","",ROW()-7) | L10: =J10*K10 -> 0 | M10: =IF(H10=0,"",(L10-H10)/H10*100) | O10: A3
A11: =IF(B11="","",ROW()-7) | L11: =J11*K11 -> 0 | M11: =IF(H11=0,"",(L11-H11)/H11*100) | O11: A4
A12: =IF(B12="","",ROW()-7) | L12: =J12*K12 -> 0 | M12: =IF(H12=0,"",(L12-H12)/H12*100) | O12: A5
A13: =IF(B13="","",ROW()-7) | L13: =J13*K13 -> 0 | M13: =IF(H13=0,"",(L13-H13)/H13*100) | O13: A6
A14: =IF(B14="","",ROW()-7) | L14: =J14*K14 -> 0 | M14: =IF(H14=0,"",(L14-H14)/H14*100) | O14: A7
A15: =IF(B15="","",ROW()-7) | L15: =J15*K15 -> 0 | M15: =IF(H15=0,"",(L15-H15)/H15*100) | O15: A8
A16: =IF(B16="","",ROW()-7) | L16: =J16*K16 -> 0 | M16: =IF(H16=0,"",(L16-H16)/H16*100) | O16: A9
A17: =IF(B17="","",ROW()-7) | L17: =J17*K17 -> 0 | M17: =IF(H17=0,"",(L17-H17)/H17*100) | O17: A10
A18: =IF(B18="","",ROW()-7) | L18: =J18*K18 -> 0 | M18: =IF(H18=0,"",(L18-H18)/H18*100) | O18: A11
A19: =IF(B19="","",ROW()-7) | L19: =J19*K19 -> 0 | M19: =IF(H19=0,"",(L19-H19)/H19*100) | O19: A12
... A24: =IF(B24="","",ROW()-7) | L24: =J24*K24 -> 0 | M24: =IF(H24=0,"",(L24-H24)/H24*100) | O24: A17
A25: 材料采购（在途物资）合计 | E25: =SUM(E8:E24) -> 0 | H25: =SUM(H8:H24) -> 0 | I25: =SUM(I8:I24) -> 0 | L25: =SUM(L8:L24) -> 0 | M25: =IF(H25=0,"",(L25-H25)/H25*100)
A26: 减：材料采购（在途物资）跌价准备 | E26: =I25 -> 0 | H26: =I25 -> 0
A27: 材料采购（在途物资）净额 | E27: =E25-E26 -> 0 | H27: =H25-H26 -> 0 | L27: =L25-L26 -> 0 | M27: =IF(H27=0,"",(L27-H27)/H27*100)
A28: =基本信息输入表!$K$6&"填表人："&基本信息输入表!$M$29 -> 产权持有人填表人：袁佳 | L28: ="评估人员："&基本信息输入表!$Q$29 -> 评估人员：韩策
A29: ="填表日期："&YEAR(基本信息输入表!$O$29)&"年"&MONTH(基本信息输入表!$O$29)&"月"&DAY(基本信息输入表!$O$29)&"日" -> 填表日期：2025年12月15日

Sheet 3-9-2原材料
A1: 返回索引目录
A2: 存货—原材料评估明细表
A3: ="评估基准日："&TEXT(基本信息输入表!M7,"yyyy年mm月dd日") -> 评估基准日：2025年11月30日
Q4: 表3-9-2
A5: =基本信息输入表!K6&"："&基本信息输入表!M6 -> 产权持有人：湖北省徽工生物技本研究有限公司 | Q5: ="金额单位："&基本信息输入表!M10&"元" -> 金额单位：人民币元
A6: 序号 | B6: 名称及规格型号 | C6: 计量单位 | D6: 存放地点 | E6: 审定前账面价值 | G6: 账面价值 | J6: 计提跌价准备金额 | K6: 购进年月 | L6: 基准日近期单价 | M6: 评估价值 | P6: 增值率% | Q6: 备注
E7: 数量 | F7: 金额 | G7: 数量 | H7: 单价 | I7: 金额 | M7: 实际数量 | N7: 评估单价 | O7: 金额 | R7: 唯一标识列
A8: =IF(B8="","",ROW()-7) | O8: =M8*N8 -> 0 | P8: =IF(I8-J8=0,"",(O8-I8+J8)/(I8-J8)*100) | R8: A1
A9: =IF(B9="","",ROW()-7) | O9: =M9*N9 -> 0 | P9: =IF(I9-J9=0,"",(O9-I9+J9)/(I9-J9)*100) | R9: A2
A10: =IF(B10="","",ROW()-7) | O10: =M10*N10 -> 0 | P10: =IF(I10-J10=0,"",(O10-I10+J10)/(I10-J10)*100) | R10: A3
A11: =IF(B11="","",ROW()-7) | O11: =M11*N11 -> 0 | P11: =IF(I11-J11=0,"",(O11-I11+J11)/(I11-J11)*100) | R11: A4
A12: =IF(B12="","",ROW()-7) | O12: =M12*N12 -> 0 | P12: =IF(I12-J12=0,"",(O12-I12+J12)/(I12-J12)*100) | R12: A5
A13: =IF(B13="","",ROW()-7) | O13: =M13*N13 -> 0 | P13: =IF(I13-J13=0,"",(O13-I13+J13)/(I13-J13)*100) | R13: A6
A14: =IF(B14="","",ROW()-7) | O14: =M14*N14 -> 0 | P14: =IF(I14-J14=0,"",(O14-I14+J14)/(I14-J14)*100) | R14: A7
A15: =IF(B15="","",ROW()-7) | O15: =M15*N15 -> 0 | P15: =IF(I15-J15=0,"",(O15-I15+J15)/(I15-J15)*100) | R15: A8
A16: =IF(B16="","",ROW()-7) | O16: =M16*N16 -> 0 | P16: =IF(I16-J16=0,"",(O16-I16+J16)/(I16-J16)*100) | R16: A9
A17: =IF(B17="","",ROW()-7) | O17: =M17*N17 -> 0 | P17: =IF(I17-J17=0,"",(O17-I17+J17)/(I17-J17)*100) | R17: A10
A18: =IF(B18="","",ROW()-7) | O18: =M18*N18 -> 0 | P18: =IF(I18-J18=0,"",(O18-I18+J18)/(I18-J18)*100) | R18: A11
A19: =IF(B19="","",ROW()-7) | O19: =M19*N19 -> 0 | P19: =IF(I19-J19=0,"",(O19-I19+J19)/(I19-J19)*100) | R19: A12
... A34: =IF(B34="","",ROW()-7) | O34: =M34*N34 -> 0 | P34: =IF(I34-J34=0,"",(O34-I34+J34)/(I34-J34)*100) | R34: A27
A35: 原材料合计 | F35: =SUM(F8:F34) -> 0 | I35: =SUM(I8:I34) -> 0 | J35: =SUM(J8:J34) -> 0 | O35: =SUM(O8:O34) -> 0 | P35: =IF(I35-J35=0,"",(O35-I35+J35)/(I35-J35)*100)
A36: 减：原材料跌价准备 | F36: =J35 -> 0 | I36: =J35 -> 0
A37: 原材料净额 | F37: =F35-F36 -> 0 | I37: =I35-I36 -> 0 | O37: =O35 -> 0 | P37: =IF(I37-J37=0,"",(O37-I37+J37)/(I37-J37)*100)
A38: =基本信息输入表!$K$6&"填表人："&基本信息输入表!$M$30 -> 产权持有人填表人：袁佳 | O38: ="评估人员："&基本信息输入表!$Q$30 -> 评估人员：韩策
A39: ="填表日期："&YEAR(基本信息输入表!$O$30)&"年"&MONTH(基本信息输入表!$O$30)&"月"&DAY(基本信息输入表!$O$30)&"日" -> 填表日期：2025年12月15日

Sheet 3-9-3在库周转材料
A1: 返回索引目录
A2: 存货—在库周转材料评估明细表
A3: ="评估基准日："&TEXT(基本信息输入表!M7,"yyyy年mm月dd日") -> 评估基准日：2025年11月30日
Q4: 表3-9-3
A5: =基本信息输入表!K6&"："&基本信息输入表!M6 -> 产权持有人：湖北省徽工生物技本研究有限公司 | Q5: ="金额单位："&基本信息输入表!M10&"元" -> 金额单位：人民币元
A6: 序号 | B6: 名称及规格型号 | C6: 计量单位 | D6: 存放地点 | E6: 审定前账面金额 | G6: 账面价值 | J6: 计提跌价准备金额 | K6: 购进年月 | L6: 基准日近期单价 | M6: 评估价值 | P6: 增值率% | Q6: 备注
E7: 数量 | F7: 金额 | G7: 数量 | H7: 单价 | I7: 金额 | M7: 实际数量 | N7: 评估单价 | O7: 金额 | R7: 唯一标识列
A8: =IF(B8="","",ROW()-7) | O8: =M8*N8 -> 0 | P8: =IF(I8-J8=0,"",(O8-I8+J8)/(I8-J8)*100) | R8: A1
A9: =IF(B9="","",ROW()-7) | O9: =M9*N9 -> 0 | P9: =IF(I9-J9=0,"",(O9-I9+J9)/(I9-J9)*100) | R9: A2
A10: =IF(B10="","",ROW()-7) | O10: =M10*N10 -> 0 | P10: =IF(I10-J10=0,"",(O10-I10+J10)/(I10-J10)*100) | R10: A3
A11: =IF(B11="","",ROW()-7) | O11: =M11*N11 -> 0 | P11: =IF(I11-J11=0,"",(O11-I11+J11)/(I11-J11)*100) | R11: A4
A12: =IF(B12="","",ROW()-7) | O12: =M12*N12 -> 0 | P12: =IF(I12-J12=0,"",(O12-I12+J12)/(I12-J12)*100) | R12: A5
A13: =IF(B13="","",ROW()-7) | O13: =M13*N13 -> 0 | P13: =IF(I13-J13=0,"",(O13-I13+J13)/(I13-J13)*100) | R13: A6
A14: =IF(B14="","",ROW()-7) | O14: =M14*N14 -> 0 | P14: =IF(I14-J14=0,"",(O14-I14+J14)/(I14-J14)*100) | R14: A7
A15: =IF(B15="","",ROW()-7) | O15: =M15*N15 -> 0 | P15: =IF(I15-J15=0,"",(O15-I15+J15)/(I15-J15)*100) | R15: A8
A16: =IF(B16="","",ROW()-7) | O16: =M16*N16 -> 0 | P16: =IF(I16-J16=0,"",(O16-I16+J16)/(I16-J16)*100) | R16: A9
A17: =IF(B17="","",ROW()-7) | O17: =M17*N17 -> 0 | P17: =IF(I17-J17=0,"",(O17-I17+J17)/(I17-J17)*100) | R17: A10
A18: =IF(B18="","",ROW()-7) | O18: =M18*N18 -> 0 | P18: =IF(I18-J18=0,"",(O18-I18+J18)/(I18-J18)*100) | R18: A11
A19: =IF(B19="","",ROW()-7) | O19: =M19*N19 -> 0 | P19: =IF(I19-J19=0,"",(O19-I19+J19)/(I19-J19)*100) | R19: A12
... A28: =IF(B28="","",ROW()-7) | O28: =M28*N28 -> 0 | P28: =IF(I28-J28=0,"",(O28-I28+J28)/(I28-J28)*100) | R28: A21
A29: 在用周转材料合计 | F29: =SUM(F8:F28) -> 0 | I29: =SUM(I8:I28) -> 0 | J29: =SUM(J8:J28) -> 0 | O29: =SUM(O8:O28) -> 0 | P29: =IF(I29-J29=0,"",(O29-I29+J29)/(I29-J29)*100)
A30: 减：在用周转材料跌价准备 | F30: =J29 -> 0 | I30: =J29 -> 0
A31: 在用周转材料净额 | F31: =F29-F30 -> 0 | I31: =I29-I30 -> 0 | O31: =O29-O30 -> 0 | P31: =IF(I31-J31=0,"",(O31-I31+J31)/(I31-J31)*100)
A32: =基本信息输入表!$K$6&"填表人："&基本信息输入表!$M$31 -> 产权持有人填表人：袁佳 | O32: ="评估人员："&基本信息输入表!$Q$31 -> 评估人员：韩策
A33: ="填表日期："&YEAR(基本信息输入表!$O$31)&"年"&MONTH(基本信息输入表!$O$31)&"月"&DAY(基本信息输入表!$O$31)&"日" -> 填表日期：2025年12月15日

Sheet 3-9-4委托加工物资
A1: 返回索引目录
A2: 存货—委托加工物资评估明细表
A3: ="评估基准日："&TEXT(基本信息输入表!M7,"yyyy年mm月dd日") -> 评估基准日：2025年11月30日
N4: 表3-9-4
A5: =基本信息输入表!K6&"："&基本信息输入表!M6 -> 产权持有人：湖北省徽工生物技本研究有限公司 | O5: ="金额单位："&基本信息输入表!M10&"元" -> 金额单位：人民币元
A6: 序号 | B6: 名称及规格型号 | C6: 加工单位名称 | D6: 计量单位 | E6: 审定前账面价值 | G6: 账面价值 | J6: 计提跌价准备金额 | K6: 评估价值 | N6: 增值率% | O6: 备注
E7: 数量 | F7: 金额 | G7: 数量 | H7: 单价 | I7: 金额 | K7: 实际数量 | L7: 评估单价 | M7: 金额 | P7: 唯一标识列
A8: =IF(B8="","",ROW()-7) | M8: =K8*L8 -> 0 | N8: =IF(I8-J8=0,"",(M8-I8+J8)/(I8-J8)*100) | P8: A1
A9: =IF(B9="","",ROW()-7) | M9: =K9*L9 -> 0 | N9: =IF(I9-J9=0,"",(M9-I9+J9)/(I9-J9)*100) | P9: A2
A10: =IF(B10="","",ROW()-7) | M10: =K10*L10 -> 0 | N10: =IF(I10-J10=0,"",(M10-I10+J10)/(I10-J10)*100) | P10: A3
A11: =IF(B11="","",ROW()-7) | M11: =K11*L11 -> 0 | N11: =IF(I11-J11=0,"",(M11-I11+J11)/(I11-J11)*100) | P11: A4
A12: =IF(B12="","",ROW()-7) | M12: =K12*L12 -> 0 | N12: =IF(I12-J12=0,"",(M12-I12+J12)/(I12-J12)*100) | P12: A5
A13: =IF(B13="","",ROW()-7) | M13: =K13*L13 -> 0 | N13: =IF(I13-J13=0,"",(M13-I13+J13)/(I13-J13)*100) | P13: A6
A14: =IF(B14="","",ROW()-7) | M14: =K14*L14 -> 0 | N14: =IF(I14-J14=0,"",(M14-I14+J14)/(I14-J14)*100) | P14: A7
A15: =IF(B15="","",ROW()-7) | M15: =K15*L15 -> 0 | N15: =IF(I15-J15=0,"",(M15-I15+J15)/(I15-J15)*100) | P15: A8
A16: =IF(B16="","",ROW()-7) | M16: =K16*L16 -> 0 | N16: =IF(I16-J16=0,"",(M16-I16+J16)/(I16-J16)*100) | P16: A9
A17: =IF(B17="","",ROW()-7) | M17: =K17*L17 -> 0 | N17: =IF(I17-J17=0,"",(M17-I17+J17)/(I17-J17)*100) | P17: A10
A18: =IF(B18="","",ROW()-7) | M18: =K18*L18 -> 0 | N18: =IF(I18-J18=0,"",(M18-I18+J18)/(I18-J18)*100) | P18: A11
A19: =IF(B19="","",ROW()-7) | M19: =K19*L19 -> 0 | N19: =IF(I19-J19=0,"",(M19-I19+J19)/(I19-J19)*100) | P19: A12
... A24: =IF(B24="","",ROW()-7) | M24: =K24*L24 -> 0 | N24: =IF(I24-J24=0,"",(M24-I24+J24)/(I24-J24)*100) | P24: A17
A25: 委托加工物资合计 | F25: =SUM(F8:F24) -> 0 | I25: =SUM(I8:I24) -> 0 | J25: =SUM(J8:J24) -> 0 | M25: =SUM(M8:M24) -> 0 | N25: =IF(I25-J25=0,"",(M25-I25+J25)/(I25-J25)*100)
A26: 减：委托加工物资跌价准备 | F26: =J25 -> 0 | I26: =J25 -> 0
A27: 委托加工物资净额 | F27: =F25-F26 -> 0 | I27: =I25-I26 -> 0 | M27: =M25-M26 -> 0 | N27: =IF(I27-J27=0,"",(M27-I27+J27)/(I27-J27)*100)
A28: =基本信息输入表!$K$6&"填表人："&基本信息输入表!$M$32 -> 产权持有人填表人：袁佳 | M28: ="评估人员："&基本信息输入表!$Q$32 -> 评估人员：韩策
A29: ="填表日期："&YEAR(基本信息输入表!$O$32)&"年"&MONTH(基本信息输入表!$O$32)&"月"&DAY(基本信息输入表!$O$32)&"日" -> 填表日期：2025年12月15日

Sheet 3-9-5产成品（库存商品）
A1: 返回索引目录 | AB1: 名称 | AD1: 产品销售收入 | AE1: 产品销售费用 | AF1: 销售税金及附加 | AG1: 单独计算附加时 | AH1: 所得税 | AI1: 其他税费 | AJ1: 利润
A2: 存货—产成品（库存商品、开发产品、农产品）评估明细表 | AB2: 金额 | AC2: 本期
A3: ="评估基准日："&TEXT(基本信息输入表!M7,"yyyy年mm月dd日") -> 评估基准日：2025年11月30日 | AC3: 上年
Q4: 表3-9-5 | AC4: 前年
A5: =基本信息输入表!K6&"："&基本信息输入表!M6 -> 产权持有人：湖北省徽工生物技本研究有限公司 | Q5: ="金额单位："&基本信息输入表!M10&"元" -> 金额单位：人民币元 | AB5: 占收入比率％ | AC5: 本期 | AE5: =AE2/AD2 -> #DIV/0! | AF5: =AF2/AD2 -> #DIV/0! | AG5: =AG2/AD2 -> #DIV/0! | AH5: =AH2/AD2 -> #DIV/0! | AI5: =AI2/AD2 -> #DIV/0! | AJ5: =AJ2/AD2 -> #DIV/0!
A6: 序号 | B6: 名 称 | C6: 规格型号 | D6: 计量单位 | E6: 基准日不含增值税销售单价 | F6: 销售状态 畅销/正常/滞销 | G6: 审定前账面价值 | I6: 账面价值 | L6: 计提跌价准备金额 | M6: 评估价值 | P6: 增值率% | Q6: 备注 | S6: 扣除率 | AC6: 上年 | AE6: =AE3/AD3 -> #DIV/0! | AF6: =AF3/AD3 -> #DIV/0! | AG6: =AG3/AD3 -> #DIV/0! | AH6: =AH3/AD3 -> #DIV/0! | AI6: =AI3/AD3 -> #DIV/0! | AJ6: =AJ3/AD3 -> #DIV/0!
G7: 数量 | H7: 金额 | I7: 数量 | J7: 单价 | K7: 金额 | M7: 实际数量 | N7: 评估单价 | O7: 金额 | R7: 唯一标识列 | S7: 销售费用率 | T7: 流转税率 | U7: 附加税率 | V7: 所得税率 | W7: 其他税费率 | X7: 利润率 | Y7: 合计 | AC7: 前年 | AE7: =AE4/AD4 -> #DIV/0! | AF7: =AF4/AD4 -> #DIV/0! | AG7: =AG4/AD4 -> #DIV/0! | AH7: =AH4/AD4 -> #DIV/0! | AI7: =AI4/AD4 -> #DIV/0! | AJ7: =AJ4/AD4 -> #DIV/0!
A8: =IF(B8="","",ROW()-7) | O8: =M8*N8 -> 0 | P8: =IF(K8-L8=0,"",(O8-K8+L8)/(K8-L8)*100) | R8: A1 | AA8: 畅销 | AB8: 选择参数
A9: =IF(B9="","",ROW()-7) | O9: =M9*N9 -> 0 | R9: A2 | AA9: 正常
A10: =IF(B10="","",ROW()-7) | O10: =M10*N10 -> 0 | P10: =IF(K10-L10=0,"",(O10-K10+L10)/(K10-L10)*100) | R10: A3 | AA10: 滞销
A11: =IF(B11="","",ROW()-7) | O11: =M11*N11 -> 0 | P11: =IF(K11-L11=0,"",(O11-K11+L11)/(K11-L11)*100) | R11: A4
A12: =IF(B12="","",ROW()-7) | O12: =M12*N12 -> 0 | P12: =IF(K12-L12=0,"",(O12-K12+L12)/(K12-L12)*100) | R12: A5
A13: =IF(B13="","",ROW()-7) | O13: =M13*N13 -> 0 | P13: =IF(K13-L13=0,"",(O13-K13+L13)/(K13-L13)*100) | R13: A6
A14: =IF(B14="","",ROW()-7) | O14: =M14*N14 -> 0 | P14: =IF(K14-L14=0,"",(O14-K14+L14)/(K14-L14)*100) | R14: A7
A15: =IF(B15="","",ROW()-7) | O15: =M15*N15 -> 0 | P15: =IF(K15-L15=0,"",(O15-K15+L15)/(K15-L15)*100) | R15: A8
A16: =IF(B16="","",ROW()-7) | O16: =M16*N16 -> 0 | P16: =IF(K16-L16=0,"",(O16-K16+L16)/(K16-L16)*100) | R16: A9
A17: =IF(B17="","",ROW()-7) | O17: =M17*N17 -> 0 | P17: =IF(K17-L17=0,"",(O17-K17+L17)/(K17-L17)*100) | R17: A10
A18: =IF(B18="","",ROW()-7) | O18: =M18*N18 -> 0 | P18: =IF(K18-L18=0,"",(O18-K18+L18)/(K18-L18)*100) | R18: A11
A19: =IF(B19="","",ROW()-7) | O19: =M19*N19 -> 0 | P19: =IF(K19-L19=0,"",(O19-K19+L19)/(K19-L19)*100) | R19: A12
A20: =IF(B20="","",ROW()-7) | O20: =M20*N20 -> 0 | P20: =IF(K20-L20=0,"",(O20-K20+L20)/(K20-L20)*100) | R20: A13
A21: =IF(B21="","",ROW()-7) | O21: =M21*N21 -> 0 | P21: =IF(K21-L21=0,"",(O21-K21+L21)/(K21-L21)*100) | R21: A14
A22: =IF(B22="","",ROW()-7) | O22: =M22*N22 -> 0 | P22: =IF(K22-L22=0,"",(O22-K22+L22)/(K22-L22)*100) | R22: A15
... A24: =IF(B24="","",ROW()-7) | O24: =M24*N24 -> 0 | P24: =IF(K24-L24=0,"",(O24-K24+L24)/(K24-L24)*100) | R24: A17
A25: 产成品（库存商品）合计 | H25: =SUM(H8:H24) -> 0 | K25: =SUM(K8:K24) -> 0 | L25: =SUM(L8:L24) -> 0 | O25: =SUM(O8:O24) -> 0 | P25: =IF(K25-L25=0,"",(O25-K25+L25)/(K25-L25)*100)
A26: 减：产成品（库存商品）跌价准备 | H26: =L25 -> 0 | K26: =L25 -> 0
A27: 产成品（库存商品）净额 | H27: =H25-H26 -> 0 | K27: =K25-K26 -> 0 | O27: =O25-O26 -> 0 | P27: =IF(K27-L27=0,"",(O27-K27+L27)/(K27-L27)*100)
A28: =基本信息输入表!$K$6&"填表人："&基本信息输入表!$M$33 -> 产权持有人填表人：袁佳 | O28: ="评估人员："&基本信息输入表!$Q$33 -> 评估人员：韩策
A29: ="填表日期："&YEAR(基本信息输入表!$O$33)&"年"&MONTH(基本信息输入表!$O$33)&"月"&DAY(基本信息输入表!$O$33)&"日" -> 填表日期：2025年12月15日

Sheet 3-9-6在产品（自制半成品）
A1: 返回索引目录
A2: 存货—在产品（自制半成品）评估明细表
A3: ="评估基准日："&TEXT(基本信息输入表!M7,"yyyy年mm月dd日") -> 评估基准日：2025年11月30日
O4: 表3-9-6
A5: =基本信息输入表!K6&"："&基本信息输入表!M6 -> 产权持有人：湖北省徽工生物技本研究有限公司 | O5: ="金额单位："&基本信息输入表!M10&"元" -> 金额单位：人民币元
A6: 序号 | B6: 名称及规格型号 | C6: 计量单位 | D6: 审定前账面价值 | F6: 账面价值 | I6: 计提准备跌价金额 | J6: 完工程度% | K6: 评估价值 | N6: 增值率% | O6: 备注
D7: 数量 | E7: 金额 | F7: 数量 | G7: 单价 | H7: 金额 | K7: 实际数量 | L7: 评估单价 | M7: 金额 | P7: 唯一标识列
A8: =IF(B8="","",ROW()-7) | M8: =K8*L8 -> 0 | N8: =IF(H8-I8=0,"",(M8-H8+I8)/(H8-I8)*100) | P8: A1
A9: =IF(B9="","",ROW()-7) | M9: =K9*L9 -> 0 | N9: =IF(H9-I9=0,"",(M9-H9+I9)/(H9-I9)*100) | P9: A2
A10: =IF(B10="","",ROW()-7) | M10: =K10*L10 -> 0 | N10: =IF(H10-I10=0,"",(M10-H10+I10)/(H10-I10)*100) | P10: A3
A11: =IF(B11="","",ROW()-7) | M11: =K11*L11 -> 0 | N11: =IF(H11-I11=0,"",(M11-H11+I11)/(H11-I11)*100) | P11: A4
A12: =IF(B12="","",ROW()-7) | M12: =K12*L12 -> 0 | N12: =IF(H12-I12=0,"",(M12-H12+I12)/(H12-I12)*100) | P12: A5
A13: =IF(B13="","",ROW()-7) | M13: =K13*L13 -> 0 | N13: =IF(H13-I13=0,"",(M13-H13+I13)/(H13-I13)*100) | P13: A6
A14: =IF(B14="","",ROW()-7) | M14: =K14*L14 -> 0 | N14: =IF(H14-I14=0,"",(M14-H14+I14)/(H14-I14)*100) | P14: A7
A15: =IF(B15="","",ROW()-7) | M15: =K15*L15 -> 0 | N15: =IF(H15-I15=0,"",(M15-H15+I15)/(H15-I15)*100) | P15: A8
A16: =IF(B16="","",ROW()-7) | M16: =K16*L16 -> 0 | N16: =IF(H16-I16=0,"",(M16-H16+I16)/(H16-I16)*100) | P16: A9
A17: =IF(B17="","",ROW()-7) | M17: =K17*L17 -> 0 | N17: =IF(H17-I17=0,"",(M17-H17+I17)/(H17-I17)*100) | P17: A10
A18: =IF(B18="","",ROW()-7) | M18: =K18*L18 -> 0 | N18: =IF(H18-I18=0,"",(M18-H18+I18)/(H18-I18)*100) | P18: A11
A19: =IF(B19="","",ROW()-7) | M19: =K19*L19 -> 0 | N19: =IF(H19-I19=0,"",(M19-H19+I19)/(H19-I19)*100) | P19: A12
... A24: =IF(B24="","",ROW()-7) | M24: =K24*L24 -> 0 | N24: =IF(H24-I24=0,"",(M24-H24+I24)/(H24-I24)*100) | P24: A17
A25: 在产品（自制半成品）合计 | E25: =SUM(E8:E24) -> 0 | H25: =SUM(H8:H24) -> 0 | I25: =SUM(I8:I24) -> 0 | M25: =SUM(M8:M24) -> 0 | N25: =IF(H25-I25=0,"",(M25-H25+I25)/(H25-I25)*100)
A26: 减：在产品（自制半成品）跌价准备 | E26: =I25 -> 0 | H26: =I25 -> 0
A27: 在产品（自制半成品）净额 | E27: =E25-E26 -> 0 | H27: =H25-H26 -> 0 | M27: =M25-M26 -> 0 | N27: =IF(H27-I27=0,"",(M27-H27+I27)/(H27-I27)*100)
A28: =基本信息输入表!$K$6&"填表人："&基本信息输入表!$M$34 -> 产权持有人填表人：袁佳 | M28: ="评估人员："&基本信息输入表!$Q$34 -> 评估人员：韩策
A29: ="填表日期："&YEAR(基本信息输入表!$O$34)&"年"&MONTH(基本信息输入表!$O$34)&"月"&DAY(基本信息输入表!$O$34)&"日" -> 填表日期：2025年12月15日

Sheet 3-9-7发出商品
A1: 返回索引目录
A2: 存货—发出商品评估明细表
A3: ="评估基准日："&TEXT(基本信息输入表!M7,"yyyy年mm月dd日") -> 评估基准日：2025年11月30日
N4: 表3-9-7
A5: =基本信息输入表!K6&"："&基本信息输入表!M6 -> 产权持有人：湖北省徽工生物技本研究有限公司 | O5: ="金额单位："&基本信息输入表!M10&"元" -> 金额单位：人民币元
A6: 序号 | B6: 商品名称 | C6: 对方单位名称 | D6: 计量单位 | E6: 审定前账面价值 | G6: 账面价值 | J6: 计提跌价准备金额 | K6: 评估价值 | N6: 增值率% | O6: 备注
E7: 数量 | F7: 金额 | G7: 数量 | H7: 单价 | I7: 金额 | K7: 实际数量 | L7: 评估单价 | M7: 金额 | P7: 唯一标识列
A8: =IF(B8="","",ROW()-7) | M8: =K8*L8 -> 0 | N8: =IF(I8-J8=0,"",(M8-I8+J8)/(I8-J8)*100) | P8: A1
A9: =IF(B9="","",ROW()-7) | M9: =K9*L9 -> 0 | N9: =IF(I9-J9=0,"",(M9-I9+J9)/(I9-J9)*100) | P9: A2
A10: =IF(B10="","",ROW()-7) | M10: =K10*L10 -> 0 | N10: =IF(I10-J10=0,"",(M10-I10+J10)/(I10-J10)*100) | P10: A3
A11: =IF(B11="","",ROW()-7) | M11: =K11*L11 -> 0 | N11: =IF(I11-J11=0,"",(M11-I11+J11)/(I11-J11)*100) | P11: A4
A12: =IF(B12="","",ROW()-7) | M12: =K12*L12 -> 0 | N12: =IF(I12-J12=0,"",(M12-I12+J12)/(I12-J12)*100) | P12: A5
A13: =IF(B13="","",ROW()-7) | M13: =K13*L13 -> 0 | N13: =IF(I13-J13=0,"",(M13-I13+J13)/(I13-J13)*100) | P13: A6
A14: =IF(B14="","",ROW()-7) | M14: =K14*L14 -> 0 | N14: =IF(I14-J14=0,"",(M14-I14+J14)/(I14-J14)*100) | P14: A7
A15: =IF(B15="","",ROW()-7) | M15: =K15*L15 -> 0 | N15: =IF(I15-J15=0,"",(M15-I15+J15)/(I15-J15)*100) | P15: A8
A16: =IF(B16="","",ROW()-7) | M16: =K16*L16 -> 0 | N16: =IF(I16-J16=0,"",(M16-I16+J16)/(I16-J16)*100) | P16: A9
A17: =IF(B17="","",ROW()-7) | M17: =K17*L17 -> 0 | N17: =IF(I17-J17=0,"",(M17-I17+J17)/(I17-J17)*100) | P17: A10
A18: =IF(B18="","",ROW()-7) | M18: =K18*L18 -> 0 | N18: =IF(I18-J18=0,"",(M18-I18+J18)/(I18-J18)*100) | P18: A11
A19: =IF(B19="","",ROW()-7) | M19: =K19*L19 -> 0 | N19: =IF(I19-J19=0,"",(M19-I19+J19)/(I19-J19)*100) | P19: A12
... A24: =IF(B24="","",ROW()-7) | M24: =K24*L24 -> 0 | N24: =IF(I24-J24=0,"",(M24-I24+J24)/(I24-J24)*100) | P24: A17
A25: 发出商品合计 | F25: =SUM(F8:F24) -> 0 | I25: =SUM(I8:I24) -> 0 | J25: =SUM(J8:J24) -> 0 | M25: =SUM(M8:M24) -> 0 | N25: =IF(I25-J25=0,"",(M25-I25+J25)/(I25-J25)*100)
A26: 减：发出商品跌价准备 | F26: =J25 -> 0 | I26: =J25 -> 0
A27: 发出商品净额 | F27: =F25-F26 -> 0 | I27: =I25-I26 -> 0 | M27: =M25-M26 -> 0 | N27: =IF(I27-J27=0,"",(M27-I27+J27)/(I27-J27)*100)
A28: =基本信息输入表!$K$6&"填表人："&基本信息输入表!$M$35 -> 产权持有人填表人：袁佳 | M28: ="评估人员："&基本信息输入表!$Q$35 -> 评估人员：韩策
A29: ="填表日期："&YEAR(基本信息输入表!$O$35)&"年"&MONTH(基本信息输入表!$O$35)&"月"&DAY(基本信息输入表!$O$35)&"日" -> 填表日期：2025年12月15日

Sheet 3-9-8在用周转材料
A1: 返回索引目录
A2: 存货—在用周转材料评估明细表
A3: ="评估基准日："&TEXT(基本信息输入表!M7,"yyyy年mm月dd日") -> 评估基准日：2025年11月30日
P4: 表3-9-8
A5: =基本信息输入表!K6&"："&基本信息输入表!M6 -> 产权持有人：湖北省徽工生物技本研究有限公司 | P5: ="金额单位："&基本信息输入表!M10&"元" -> 金额单位：人民币元
A6: 序号 | B6: 名称及规格型号 | C6: 计量单位 | D6: 启用日期 | E6: 原始入账价值 | F6: 审定前账面价值 | H6: 账面价值（摊余价值） | J6: 计提跌价准备金额 | K6: 实际数量 | L6: 评估价值 | O6: 增值率% | P6: 备注
F7: 数量 | G7: 金额 | H7: 数量 | I7: 金额 | L7: 评估原价 | M7: 成新率% | N7: 金额 | Q7: 唯一标识列
A8: =IF(B8="","",ROW()-7) | O8: =IF(I8-J8=0,"",(N8-I8+J8)/(I8-J8)*100) | Q8: A1
A9: =IF(B9="","",ROW()-7) | O9: =IF(I9-J9=0,"",(N9-I9+J9)/(I9-J9)*100) | Q9: A2
A10: =IF(B10="","",ROW()-7) | O10: =IF(I10-J10=0,"",(N10-I10+J10)/(I10-J10)*100) | Q10: A3
A11: =IF(B11="","",ROW()-7) | O11: =IF(I11-J11=0,"",(N11-I11+J11)/(I11-J11)*100) | Q11: A4
A12: =IF(B12="","",ROW()-7) | O12: =IF(I12-J12=0,"",(N12-I12+J12)/(I12-J12)*100) | Q12: A5
A13: =IF(B13="","",ROW()-7) | O13: =IF(I13-J13=0,"",(N13-I13+J13)/(I13-J13)*100) | Q13: A6
A14: =IF(B14="","",ROW()-7) | O14: =IF(I14-J14=0,"",(N14-I14+J14)/(I14-J14)*100) | Q14: A7
A15: =IF(B15="","",ROW()-7) | O15: =IF(I15-J15=0,"",(N15-I15+J15)/(I15-J15)*100) | Q15: A8
A16: =IF(B16="","",ROW()-7) | O16: =IF(I16-J16=0,"",(N16-I16+J16)/(I16-J16)*100) | Q16: A9
A17: =IF(B17="","",ROW()-7) | O17: =IF(I17-J17=0,"",(N17-I17+J17)/(I17-J17)*100) | Q17: A10
A18: =IF(B18="","",ROW()-7) | O18: =IF(I18-J18=0,"",(N18-I18+J18)/(I18-J18)*100) | Q18: A11
A19: =IF(B19="","",ROW()-7) | O19: =IF(I19-J19=0,"",(N19-I19+J19)/(I19-J19)*100) | Q19: A12
... A24: =IF(B24="","",ROW()-7) | O24: =IF(I24-J24=0,"",(N24-I24+J24)/(I24-J24)*100) | Q24: A17
A25: 在用周转材料合计 | G25: =SUM(G8:G24) -> 0 | I25: =SUM(I8:I24) -> 0 | J25: =SUM(J8:J24) -> 0 | N25: =SUM(N8:N24) -> 0 | O25: =IF(I25-J25=0,"",(N25-I25+J25)/(I25-J25)*100)
A26: 减：在用周转材料跌价准备 | G26: =J25 -> 0 | I26: =J25 -> 0
A27: 在用周转材料净额 | G27: =G25-G26 -> 0 | I27: =I25-I26 -> 0 | N27: =N25-N26 -> 0 | O27: =IF(I27-J27=0,"",(N27-I27+J27)/(I27-J27)*100)
A28: =基本信息输入表!$K$6&"填表人："&基本信息输入表!$M$36 -> 产权持有人填表人：袁佳 | N28: ="评估人员："&基本信息输入表!$Q$36 -> 评估人员：韩策
A29: ="填表日期："&YEAR(基本信息输入表!$O$36)&"年"&MONTH(基本信息输入表!$O$36)&"月"&DAY(基本信息输入表!$O$36)&"日" -> 填表日期：2025年12月15日

Sheet 3-9-9开发产品
A1: 返回索引目录
A2: 存货—开发产品评估明细表
A3: ="评估基准日："&TEXT(基本信息输入表!M7,"yyyy年mm月dd日") -> 评估基准日：2025年11月30日
Y4: 表3-9-9
A5: =基本信息输入表!K6&"："&基本信息输入表!M6 -> 产权持有人：湖北省徽工生物技本研究有限公司 | Z5: ="金额单位："&基本信息输入表!M10&"元" -> 金额单位：人民币元
A6: 序号 | B6: 项目名称 | C6: 土地证号或不动产权证书号 | D6: 土地使用权人 | E6: 详细地址 | F6: 土地用途 | G6: 结构 | H6: 开工日期 | I6: 完工日期 | J6: 建设用地规划 | K6: 建设工程规划 | L6: 建筑工程施工 | M6: 商品房预售 | N6: 基准日留存面积（平方米，车位填写个数） | T6: 审定前账面价值 | U6: 账面价值 | V6: 跌价准备金额 | W6: 账面净额 | X6: 评估价值 | Y6: 增值率% | Z6: 备注
J7: 许可证号 | K7: 许可证号 | L7: 许可证号 | M7: 许可证号 | N7: 住宅 | O7: 商业 | P7: 公共配套 | Q7: 车位（个） | R7: 幼儿园/菜市场 | S7: 其他 | AA7: 唯一标识列
A8: =IF(C8="","",ROW()-7) | Y8: =IF(U8-V8=0,"",(X8-U8+V8)/(U8-V8)*100) | AA8: A1
A9: =IF(C9="","",ROW()-7) | Y9: =IF(U9-V9=0,"",(X9-U9+V9)/(U9-V9)*100) | AA9: A2
A10: =IF(C10="","",ROW()-7) | Y10: =IF(U10-V10=0,"",(X10-U10+V10)/(U10-V10)*100) | AA10: A3
A11: =IF(C11="","",ROW()-7) | Y11: =IF(U11-V11=0,"",(X11-U11+V11)/(U11-V11)*100) | AA11: A4
A12: =IF(C12="","",ROW()-7) | Y12: =IF(U12-V12=0,"",(X12-U12+V12)/(U12-V12)*100) | AA12: A5
A13: =IF(C13="","",ROW()-7) | Y13: =IF(U13-V13=0,"",(X13-U13+V13)/(U13-V13)*100) | AA13: A6
A14: =IF(C14="","",ROW()-7) | Y14: =IF(U14-V14=0,"",(X14-U14+V14)/(U14-V14)*100) | AA14: A7
A15: =IF(C15="","",ROW()-7) | Y15: =IF(U15-V15=0,"",(X15-U15+V15)/(U15-V15)*100) | AA15: A8
A16: =IF(C16="","",ROW()-7) | Y16: =IF(U16-V16=0,"",(X16-U16+V16)/(U16-V16)*100) | AA16: A9
A17: =IF(C17="","",ROW()-7) | Y17: =IF(U17-V17=0,"",(X17-U17+V17)/(U17-V17)*100) | AA17: A10
A18: =IF(C18="","",ROW()-7) | Y18: =IF(U18-V18=0,"",(X18-U18+V18)/(U18-V18)*100) | AA18: A11
A19: =IF(C19="","",ROW()-7) | Y19: =IF(U19-V19=0,"",(X19-U19+V19)/(U19-V19)*100) | AA19: A12
... A24: =IF(C24="","",ROW()-7) | Y24: =IF(U24-V24=0,"",(X24-U24+V24)/(U24-V24)*100) | AA24: A17
A25: 开发产品合计 | T25: =SUM(T8:T24) -> 0 | U25: =SUM(U8:U24) -> 0 | V25: =SUM(V8:V24) -> 0 | W25: =SUM(W8:W24) -> 0 | X25: =SUM(X8:X24) -> 0 | Y25: =IF(U25-V25=0,"",(X25-U25+V25)/(U25-V25)*100)
A26: 减：开发产品跌价准备 | T26: =V25 -> 0 | U26: =V25 -> 0 | Y26: =IF(U26-V26=0,"",(X26-U26+V26)/(U26-V26)*100)
A27: 开发产品净额 | T27: =T25-T26 -> 0 | U27: =U25-U26 -> 0 | W27: =W25 -> 0 | X27: =X25-X26 -> 0 | Y27: =IF(U27-V27=0,"",(X27-U27+V27)/(U27-V27)*100)
A28: =基本信息输入表!$K$6&"填表人："&基本信息输入表!$M$37 -> 产权持有人填表人：袁佳 | X28: ="评估人员："&基本信息输入表!$Q$37 -> 评估人员：韩策
A29: ="填表日期："&YEAR(基本信息输入表!$O$37)&"年"&MONTH(基本信息输入表!$O$37)&"月"&DAY(基本信息输入表!$O$37)&"日" -> 填表日期：2025年12月15日

Sheet 3-9-10开发成本
A1: 返回索引目录
A2: 存货—开发成本评估明细表
A3: ="评估基准日："&TEXT(基本信息输入表!M7,"yyyy年mm月dd日") -> 评估基准日：2025年11月30日
Z4: 表3-9-10
A5: =基本信息输入表!K6&"："&基本信息输入表!M6 -> 产权持有人：湖北省徽工生物技本研究有限公司 | AA5: ="金额单位："&基本信息输入表!M10&"元" -> 金额单位：人民币元
A6: 序号 | B6: 项目名称 | C6: 土地证号或不动产权证书号 | D6: 土地使用权人 | E6: 详细地址 | F6: 土地用途 | G6: 土地使用权面积（平方米） | H6: 结构 | I6: 开工日期 | J6: 预计完工日期 | K6: 建设用地规划 | L6: 建设工程规划 | M6: 建筑工程施工 | N6: 预售 | O6: 基准日留存面积（平方米，车位填写个数） | U6: 审定前账面价值 | V6: 账面价值 | W6: 跌价准备 | X6: 账面净额 | Y6: 评估价值 | Z6: 增值率% | AA6: 备注
K7: 许可证号 | L7: 许可证号 | M7: 许可证号 | N7: 许可证号 | O7: 住宅 | P7: 商业 | Q7: 公共配套 | R7: 车位（个） | S7: 幼儿园/菜市场 | T7: 其他 | AB7: 唯一标识列
A8: =IF(C8="","",ROW()-7) | Z8: =IF(X8=0,"",(Y8-X8)/X8*100) | AB8: A1
A9: =IF(C9="","",ROW()-7) | Z9: =IF(X9=0,"",(Y9-X9)/X9*100) | AB9: A2
A10: =IF(C10="","",ROW()-7) | Z10: =IF(X10=0,"",(Y10-X10)/X10*100) | AB10: A3
A11: =IF(C11="","",ROW()-7) | Z11: =IF(X11=0,"",(Y11-X11)/X11*100) | AB11: A4
A12: =IF(C12="","",ROW()-7) | Z12: =IF(X12=0,"",(Y12-X12)/X12*100) | AB12: A5
A13: =IF(C13="","",ROW()-7) | Z13: =IF(X13=0,"",(Y13-X13)/X13*100) | AB13: A6
A14: =IF(C14="","",ROW()-7) | Z14: =IF(X14=0,"",(Y14-X14)/X14*100) | AB14: A7
A15: =IF(C15="","",ROW()-7) | Z15: =IF(X15=0,"",(Y15-X15)/X15*100) | AB15: A8
A16: =IF(C16="","",ROW()-7) | Z16: =IF(X16=0,"",(Y16-X16)/X16*100) | AB16: A9
A17: =IF(C17="","",ROW()-7) | Z17: =IF(X17=0,"",(Y17-X17)/X17*100) | AB17: A10
A18: =IF(C18="","",ROW()-7) | Z18: =IF(X18=0,"",(Y18-X18)/X18*100) | AB18: A11
A19: =IF(C19="","",ROW()-7) | Z19: =IF(X19=0,"",(Y19-X19)/X19*100) | AB19: A12
... A24: =IF(C24="","",ROW()-7) | Z24: =IF(X24=0,"",(Y24-X24)/X24*100) | AB24: A17
A25: 开发成本合计 | U25: =SUM(U8:U24) -> 0 | V25: =SUM(V8:V24) -> 0 | W25: =SUM(W8:W24) -> 0 | X25: =SUM(X8:X24) -> 0 | Y25: =SUM(Y8:Y24) -> 0 | Z25: =IF(X25=0,"",(Y25-X25)/X25*100)
A26: 减：跌价准备 | U26: =W25 -> 0 | V26: =W25 -> 0 | Z26: =IF(X26=0,"",(Y26-X26)/X26*100)
A27: 开发成本净额 | U27: =U25-U26 -> 0 | V27: =V25-V26 -> 0 | X27: =X25-X26 -> 0 | Y27: =Y25-Y26 -> 0 | Z27: =IF(X27=0,"",(Y27-X27)/X27*100)
A28: =基本信息输入表!$K$6&"填表人："&基本信息输入表!$M$38 -> 产权持有人填表人：袁佳 | Y28: ="评估人员："&基本信息输入表!$Q$38 -> 评估人员：韩策
A29: ="填表日期："&YEAR(基本信息输入表!$O$38)&"年"&MONTH(基本信息输入表!$O$38)&"月"&DAY(基本信息输入表!$O$38)&"日" -> 填表日期：2025年12月15日

Sheet 3-9-11消耗性生物资产
A1: 返回索引目录
A2: 存货—消耗性生物资产评估明细表
A3: ="评估基准日："&TEXT(基本信息输入表!M7,"yyyy年mm月dd日") -> 评估基准日：2025年11月30日
Q4: 表3-9-11
A5: =基本信息输入表!K6&"："&基本信息输入表!M6 -> 产权持有人：湖北省徽工生物技本研究有限公司 | Q5: ="金额单位："&基本信息输入表!M10&"元" -> 金额单位：人民币元
A6: 序号 | B6: 名 称 | C6: 规格型号 | D6: 计量单位 | E6: 基准日不含增值税销售单价 | F6: 销售状态 畅销/正常/滞销 | G6: 审定前账面价值 | I6: 账面价值 | L6: 计提跌价准备金额 | M6: 评估价值 | P6: 增值率% | Q6: 备注
G7: 数量 | H7: 金额 | I7: 数量 | J7: 单价 | K7: 金额 | M7: 实际数量 | N7: 评估单价 | O7: 金额 | R7: 唯一标识列
A8: =IF(B8="","",ROW()-7) | O8: =M8*N8 -> 0 | P8: =IF(K8-L8=0,"",(O8-K8+L8)/(K8-L8)*100) | R8: A1
A9: =IF(B9="","",ROW()-7) | O9: =M9*N9 -> 0 | P9: =IF(K9-L9=0,"",(O9-K9+L9)/(K9-L9)*100) | R9: A2
A10: =IF(B10="","",ROW()-7) | O10: =M10*N10 -> 0 | P10: =IF(K10-L10=0,"",(O10-K10+L10)/(K10-L10)*100) | R10: A3
A11: =IF(B11="","",ROW()-7) | O11: =M11*N11 -> 0 | P11: =IF(K11-L11=0,"",(O11-K11+L11)/(K11-L11)*100) | R11: A4
A12: =IF(B12="","",ROW()-7) | O12: =M12*N12 -> 0 | P12: =IF(K12-L12=0,"",(O12-K12+L12)/(K12-L12)*100) | R12: A5
A13: =IF(B13="","",ROW()-7) | O13: =M13*N13 -> 0 | P13: =IF(K13-L13=0,"",(O13-K13+L13)/(K13-L13)*100) | R13: A6
A14: =IF(B14="","",ROW()-7) | O14: =M14*N14 -> 0 | P14: =IF(K14-L14=0,"",(O14-K14+L14)/(K14-L14)*100) | R14: A7
A15: =IF(B15="","",ROW()-7) | O15: =M15*N15 -> 0 | P15: =IF(K15-L15=0,"",(O15-K15+L15)/(K15-L15)*100) | R15: A8
A16: =IF(B16="","",ROW()-7) | O16: =M16*N16 -> 0 | P16: =IF(K16-L16=0,"",(O16-K16+L16)/(K16-L16)*100) | R16: A9
A17: =IF(B17="","",ROW()-7) | O17: =M17*N17 -> 0 | P17: =IF(K17-L17=0,"",(O17-K17+L17)/(K17-L17)*100) | R17: A10
A18: =IF(B18="","",ROW()-7) | O18: =M18*N18 -> 0 | P18: =IF(K18-L18=0,"",(O18-K18+L18)/(K18-L18)*100) | R18: A11
A19: =IF(B19="","",ROW()-7) | O19: =M19*N19 -> 0 | P19: =IF(K19-L19=0,"",(O19-K19+L19)/(K19-L19)*100) | R19: A12
... A24: =IF(B24="","",ROW()-7) | O24: =M24*N24 -> 0 | P24: =IF(K24-L24=0,"",(O24-K24+L24)/(K24-L24)*100) | R24: A17
A25: 消耗性生物资产合计 | H25: =SUM(H8:H24) -> 0 | K25: =SUM(K8:K24) -> 0 | L25: =SUM(L8:L24) -> 0 | O25: =SUM(O8:O24) -> 0 | P25: =IF(K25-L25=0,"",(O25-K25+L25)/(K25-L25)*100)
A26: 减：消耗性生物资产跌价准备 | H26: =L25 -> 0 | K26: =L25 -> 0
A27: 消耗性生物资产净额 | H27: =H25-H26 -> 0 | K27: =K25-K26 -> 0 | O27: =O25-O26 -> 0 | P27: =IF(K27-L27=0,"",(O27-K27+L27)/(K27-L27)*100)
A28: =基本信息输入表!$K$6&"填表人："&基本信息输入表!$M$39 -> 产权持有人填表人：袁佳 | O28: ="评估人员："&基本信息输入表!$Q$39 -> 评估人员：韩策
A29: ="填表日期："&YEAR(基本信息输入表!$O$39)&"年"&MONTH(基本信息输入表!$O$39)&"月"&DAY(基本信息输入表!$O$39)&"日" -> 填表日期：2025年12月15日

Sheet 3-9-12工程施工
A1: 返回索引目录
A2: 存货——工程施工评估明细表
A3: ="评估基准日："&TEXT(基本信息输入表!M7,"yyyy年mm月dd日") -> 评估基准日：2025年11月30日
AF4: 表3-9-12
A5: =基本信息输入表!K6&"："&基本信息输入表!M6 -> 产权持有人：湖北省徽工生物技本研究有限公司 | AF5: ="金额单位："&基本信息输入表!M10&"元" -> 金额单位：人民币元
A6: 序号 | B6: 项目名称 | C6: 计量单位 | D6: 合同金额 | E6: 开工时间 | F6: 预计完工时间 | G6: 基准日完工程度% | H6: 预计 | I6: 已结转 | J6: 已结转 | K6: 审定前账面价值 | M6: 账面价值 | AA6: 评估价值 | AD6: 增减值 | AE6: 增值率% | AF6: 备注
H7: 总成本 | I7: 成本 | J7: 收入 | K7: 数量 | L7: 金额 | M7: 材料费 | N7: 人工费 | O7: 机械使用费 | P7: QHSE费用 | Q7: 运输费 | R7: 安装费 | S7: 分包费 | T7: 税金 | U7: 制造费用 | V7: 其他费用 | W7: 合同成本 | X7: 合同毛利 | Y7: 工程结算 | Z7: 金额 | AA7: 实际数量 | AB7: 评估单价 | AC7: 金额 | AG7: 唯一标识列
A8: =IF(B8="","",ROW()-7) | W8: =SUM(M8:V8) -> 0 | Z8: =W8+X8-Y8 -> 0 | AC8: =AA8*AB8 -> 0 | AD8: =AC8-Z8 -> 0 | AE8: =IF(Z8=0,"",AD8/Z8*100) | AG8: A1
A9: =IF(B9="","",ROW()-7) | W9: =SUM(M9:V9) -> 0 | Z9: =W9+X9-Y9 -> 0 | AC9: =AA9*AB9 -> 0 | AD9: =AC9-Z9 -> 0 | AG9: A2
A10: =IF(B10="","",ROW()-7) | W10: =SUM(M10:V10) -> 0 | Z10: =W10+X10-Y10 -> 0 | AC10: =AA10*AB10 -> 0 | AD10: =AC10-Z10 -> 0 | AG10: A3
A11: =IF(B11="","",ROW()-7) | W11: =SUM(M11:V11) -> 0 | Z11: =W11+X11-Y11 -> 0 | AC11: =AA11*AB11 -> 0 | AD11: =AC11-Z11 -> 0 | AG11: A4
A12: =IF(B12="","",ROW()-7) | W12: =SUM(M12:V12) -> 0 | Z12: =W12+X12-Y12 -> 0 | AC12: =AA12*AB12 -> 0 | AD12: =AC12-Z12 -> 0 | AG12: A5
A13: =IF(B13="","",ROW()-7) | W13: =SUM(M13:V13) -> 0 | Z13: =W13+X13-Y13 -> 0 | AC13: =AA13*AB13 -> 0 | AD13: =AC13-Z13 -> 0 | AG13: A6
A14: =IF(B14="","",ROW()-7) | W14: =SUM(M14:V14) -> 0 | Z14: =W14+X14-Y14 -> 0 | AC14: =AA14*AB14 -> 0 | AD14: =AC14-Z14 -> 0 | AG14: A7
A15: =IF(B15="","",ROW()-7) | W15: =SUM(M15:V15) -> 0 | Z15: =W15+X15-Y15 -> 0 | AC15: =AA15*AB15 -> 0 | AD15: =AC15-Z15 -> 0 | AE15: =IF(Z15=0,"",AD15/Z15*100) | AG15: A8
A16: =IF(B16="","",ROW()-7) | W16: =SUM(M16:V16) -> 0 | Z16: =W16+X16-Y16 -> 0 | AC16: =AA16*AB16 -> 0 | AD16: =AC16-Z16 -> 0 | AE16: =IF(Z16=0,"",AD16/Z16*100) | AG16: A9
A17: =IF(B17="","",ROW()-7) | W17: =SUM(M17:V17) -> 0 | Z17: =W17+X17-Y17 -> 0 | AC17: =AA17*AB17 -> 0 | AD17: =AC17-Z17 -> 0 | AG17: A10
A18: =IF(B18="","",ROW()-7) | W18: =SUM(M18:V18) -> 0 | Z18: =W18+X18-Y18 -> 0 | AC18: =AA18*AB18 -> 0 | AD18: =AC18-Z18 -> 0 | AG18: A11
A19: =IF(B19="","",ROW()-7) | W19: =SUM(M19:V19) -> 0 | Z19: =W19+X19-Y19 -> 0 | AC19: =AA19*AB19 -> 0 | AD19: =AC19-Z19 -> 0 | AG19: A12
A20: =IF(B20="","",ROW()-7) | W20: =SUM(M20:V20) -> 0 | Z20: =W20+X20-Y20 -> 0 | AC20: =AA20*AB20 -> 0 | AD20: =AC20-Z20 -> 0 | AG20: A13
A21: =IF(B21="","",ROW()-7) | W21: =SUM(M21:V21) -> 0 | Z21: =W21+X21-Y21 -> 0 | AC21: =AA21*AB21 -> 0 | AD21: =AC21-Z21 -> 0 | AG21: A14
A22: =IF(B22="","",ROW()-7) | W22: =SUM(M22:V22) -> 0 | Z22: =W22+X22-Y22 -> 0 | AC22: =AA22*AB22 -> 0 | AD22: =AC22-Z22 -> 0 | AG22: A15
A23: =IF(B23="","",ROW()-7) | W23: =SUM(M23:V23) -> 0 | Z23: =W23+X23-Y23 -> 0 | AC23: =AA23*AB23 -> 0 | AD23: =AC23-Z23 -> 0 | AG23: A16
A24: =IF(B24="","",ROW()-7) | W24: =SUM(M24:V24) -> 0 | Z24: =W24+X24-Y24 -> 0 | AC24: =AA24*AB24 -> 0 | AD24: =AC24-Z24 -> 0 | AG24: A17
A25: =IF(B25="","",ROW()-7) | W25: =SUM(M25:V25) -> 0 | Z25: =W25+X25-Y25 -> 0 | AC25: =AA25*AB25 -> 0 | AD25: =AC25-Z25 -> 0 | AG25: A18
A26: =IF(B26="","",ROW()-7) | W26: =SUM(M26:V26) -> 0 | Z26: =W26+X26-Y26 -> 0 | AC26: =AA26*AB26 -> 0 | AD26: =AC26-Z26 -> 0 | AE26: =IF(Z26=0,"",AD26/Z26*100) | AG26: A19
A27: 合计 | D27: =SUM(D8:D26) -> 0 | H27: =SUM(H8:H26) -> 0 | I27: =SUM(I8:I26) -> 0 | J27: =SUM(J8:J26) -> 0 | K27: =SUM(K8:K26) -> 0 | L27: =SUM(L8:L26) -> 0 | M27: =SUM(M8:M26) -> 0 | O27: =SUM(O8:O26) -> 0 | Q27: =SUM(Q8:Q26) -> 0 | R27: =SUM(R8:R26) -> 0 | S27: =SUM(S8:S26) -> 0 | T27: =SUM(T8:T26) -> 0 | U27: =SUM(U8:U26) -> 0 | V27: =SUM(V8:V26) -> 0 | W27: =SUM(W8:W26) -> 0 | X27: =SUM(X8:X26) -> 0 | ... AD27: =SUM(AD8:AD26) -> 0 | AE27: =IF(Z27=0,"",AD27/Z27*100) | AF27: =SUM(AF8:AF26) -> 0
A28: =基本信息输入表!$K$6&"填表人："&基本信息输入表!$M$40 -> 产权持有人填表人：袁佳 | AC28: ="评估人员："&基本信息输入表!$Q$40 -> 评估人员：韩策
A29: ="填表日期："&YEAR(基本信息输入表!$O$39)&"年"&MONTH(基本信息输入表!$O$39)&"月"&DAY(基本信息输入表!$O$39)&"日" -> 填表日期：2025年12月15日

Sheet 3-10合同资产
A1: 返回索引目录
A2: 合同资产评估明细表
A3: ="评估基准日："&TEXT(基本信息输入表!M7,"yyyy年mm月dd日") -> 评估基准日：2025年11月30日
N4: 表3-10
A5: =基本信息输入表!K6&"："&基本信息输入表!M6 -> 产权持有人：湖北省徽工生物技本研究有限公司 | N5: ="金额单位："&基本信息输入表!M10&"元" -> 金额单位：人民币元
A6: 序号 | B6: 欠款单位名称（结算对象) | C6: 业务内容 | D6: 承担除信用风险之外的其他风险内容 | E6: 最后一次 变动日期 | F6: 账龄（月） | G6: 币种 | H6: 外币账面金额 | I6: 审定前账面价值 | J6: 账面余额 | K6: 坏账准备 | L6: 评估价值 | M6: 增值率% | N6: 备注
O7: 唯一标识列
A8: =IF(B8="","",ROW()-7) | M8: =IF(J8=0,"",(L8-J8)/(J8)*100) | O8: A1
A9: =IF(B9="","",ROW()-7) | M9: =IF(J9=0,"",(L9-J9)/(J9)*100) | O9: A2
A10: =IF(B10="","",ROW()-7) | M10: =IF(J10=0,"",(L10-J10)/(J10)*100) | O10: A3
A11: =IF(B11="","",ROW()-7) | M11: =IF(J11=0,"",(L11-J11)/(J11)*100) | O11: A4
A12: =IF(B12="","",ROW()-7) | M12: =IF(J12=0,"",(L12-J12)/(J12)*100) | O12: A5
A13: =IF(B13="","",ROW()-7) | M13: =IF(J13=0,"",(L13-J13)/(J13)*100) | O13: A6
A14: =IF(B14="","",ROW()-7) | M14: =IF(J14=0,"",(L14-J14)/(J14)*100) | O14: A7
A15: =IF(B15="","",ROW()-7) | M15: =IF(J15=0,"",(L15-J15)/(J15)*100) | O15: A8
A16: =IF(B16="","",ROW()-7) | M16: =IF(J16=0,"",(L16-J16)/(J16)*100) | O16: A9
A17: =IF(B17="","",ROW()-7) | M17: =IF(J17=0,"",(L17-J17)/(J17)*100) | O17: A10
A18: =IF(B18="","",ROW()-7) | M18: =IF(J18=0,"",(L18-J18)/(J18)*100) | O18: A11
A19: =IF(B19="","",ROW()-7) | M19: =IF(J19=0,"",(L19-J19)/(J19)*100) | O19: A12
... A23: =IF(B23="","",ROW()-7) | M23: =IF(J23=0,"",(L23-J23)/(J23)*100) | O23: A16
A24: 合同资产合计 | I24: =SUM(I8:I23) -> 0 | J24: =SUM(J8:J23) -> 0 | K24: =SUM(K8:K23) -> 0 | L24: =SUM(L8:L23) -> 0 | M24: =IF(J24=0,"",(L24-J24)/(J24)*100)
A25: 减：坏账准备 | I25: =K24 -> 0 | J25: =K24 -> 0
A26: 减：评估风险损失 | L26: =J25 -> 0
A27: 合同资产净额 | I27: =I24-I25 -> 0 | J27: =J24-J25 -> 0 | L27: =L24-L26 -> 0 | M27: =IF(J27=0,"",(L27-J27)/(J27)*100)
A28: =基本信息输入表!$K$6&"填表人："&基本信息输入表!$M$41 -> 产权持有人填表人：袁佳 | L28: ="评估人员："&基本信息输入表!$Q$41 -> 评估人员：韩策
A29: ="填表日期："&YEAR(基本信息输入表!$O$41)&"年"&MONTH(基本信息输入表!$O$41)&"月"&DAY(基本信息输入表!$O$41)&"日" -> 填表日期：2025年12月15日

Sheet 3-11持有待售资产
A1: 返回索引目录
A2: 持有待售资产评估明细表
A3: ="评估基准日："&TEXT(基本信息输入表!M7,"yyyy年mm月dd日") -> 评估基准日：2025年11月30日
M4: 表3-11
A5: =基本信息输入表!K6&"："&基本信息输入表!M6 -> 产权持有人：湖北省徽工生物技本研究有限公司 | M5: ="金额单位："&基本信息输入表!M10&"元" -> 金额单位：人民币元
A6: 序号 | B6: 名称 | C6: 规格型号/结构 | D6: 生产厂家/详细地址 | E6: 计量单位 | F6: 数量 | G6: 购置/建成日期 | H6: 启用日期 | I6: 审定前账面价值 | J6: 账面价值 | K6: 评估价值 | L6: 增值率% | M6: 备注 | N6: 唯一标识列
A7: =IF(B7="","",ROW()-6) | L7: =IF(J7=0,"",(K7-J7)/J7*100) | N7: A1
A8: =IF(B8="","",ROW()-6) | L8: =IF(J8=0,"",(K8-J8)/J8*100) | N8: A2
A9: =IF(B9="","",ROW()-6) | L9: =IF(J9=0,"",(K9-J9)/J9*100) | N9: A3
A10: =IF(B10="","",ROW()-6) | L10: =IF(J10=0,"",(K10-J10)/J10*100) | N10: A4
A11: =IF(B11="","",ROW()-6) | L11: =IF(J11=0,"",(K11-J11)/J11*100) | N11: A5
A12: =IF(B12="","",ROW()-6) | L12: =IF(J12=0,"",(K12-J12)/J12*100) | N12: A6
A13: =IF(B13="","",ROW()-6) | L13: =IF(J13=0,"",(K13-J13)/J13*100) | N13: A7
A14: =IF(B14="","",ROW()-6) | L14: =IF(J14=0,"",(K14-J14)/J14*100) | N14: A8
A15: =IF(B15="","",ROW()-6) | K15: · | L15: =IF(J15=0,"",(K15-J15)/J15*100) | N15: A9
A16: =IF(B16="","",ROW()-6) | L16: =IF(J16=0,"",(K16-J16)/J16*100) | N16: A10
A17: =IF(B17="","",ROW()-6) | L17: =IF(J17=0,"",(K17-J17)/J17*100) | N17: A11
A18: =IF(B18="","",ROW()-6) | L18: =IF(J18=0,"",(K18-J18)/J18*100) | N18: A12
A19: =IF(B19="","",ROW()-6) | L19: =IF(J19=0,"",(K19-J19)/J19*100) | N19: A13
A20: =IF(B20="","",ROW()-6) | L20: =IF(J20=0,"",(K20-J20)/J20*100) | N20: A14
A21: =IF(B21="","",ROW()-6) | L21: =IF(J21=0,"",(K21-J21)/J21*100) | N21: A15
A22: =IF(B22="","",ROW()-6) | L22: =IF(J22=0,"",(K22-J22)/J22*100) | N22: A16
A23: =IF(B23="","",ROW()-6) | L23: =IF(J23=0,"",(K23-J23)/J23*100) | N23: A17
A24: =IF(B24="","",ROW()-6) | L24: =IF(J24=0,"",(K24-J24)/J24*100) | N24: A18
A25: =IF(B25="","",ROW()-6) | L25: =IF(J25=0,"",(K25-J25)/J25*100) | N25: A19
A26: =IF(B26="","",ROW()-6) | L26: =IF(J26=0,"",(K26-J26)/J26*100) | N26: A20
A27: 合计 | I27: =SUM(I7:I26) -> 0 | J27: =SUM(J7:J26) -> 0 | K27: =SUM(K7:K26) -> 0 | L27: =IF(J27=0,"",(K27-J27)/J27*100)
A28: =基本信息输入表!$K$6&"填表人："&基本信息输入表!$M$42 -> 产权持有人填表人：袁佳 | K28: ="评估人员："&基本信息输入表!$Q$42 -> 评估人员：韩策
A29: ="填表日期："&YEAR(基本信息输入表!$O$42)&"年"&MONTH(基本信息输入表!$O$42)&"月"&DAY(基本信息输入表!$O$42)&"日" -> 填表日期：2025年12月15日

Sheet 3-12一年到期非流动资产
A1: 返回索引目录
A2: 一年内到期的非流动资产评估明细表
A3: ="评估基准日："&TEXT(基本信息输入表!M7,"yyyy年mm月dd日") -> 评估基准日：2025年11月30日
I4: 表3-12
A5: =基本信息输入表!K6&"："&基本信息输入表!M6 -> 产权持有人：湖北省徽工生物技本研究有限公司 | I5: ="金额单位："&基本信息输入表!M10&"元" -> 金额单位：人民币元
A6: 序号 | B6: 项目及内容 | C6: 发生日期 | D6: 结算内容 | E6: 审定前账面价值 | F6: 账面价值 | G6: 评估价值 | H6: 增值率% | I6: 备注 | J6: 唯一标识列
A7: =IF(B7="","",ROW()-6) | H7: =IF(F7=0,"",(G7-F7)/F7*100) | J7: A1
A8: =IF(B8="","",ROW()-6) | H8: =IF(F8=0,"",(G8-F8)/F8*100) | J8: A2
A9: =IF(B9="","",ROW()-6) | H9: =IF(F9=0,"",(G9-F9)/F9*100) | J9: A3
A10: =IF(B10="","",ROW()-6) | H10: =IF(F10=0,"",(G10-F10)/F10*100) | J10: A4
A11: =IF(B11="","",ROW()-6) | H11: =IF(F11=0,"",(G11-F11)/F11*100) | J11: A5
A12: =IF(B12="","",ROW()-6) | H12: =IF(F12=0,"",(G12-F12)/F12*100) | J12: A6
A13: =IF(B13="","",ROW()-6) | H13: =IF(F13=0,"",(G13-F13)/F13*100) | J13: A7
A14: =IF(B14="","",ROW()-6) | H14: =IF(F14=0,"",(G14-F14)/F14*100) | J14: A8
A15: =IF(B15="","",ROW()-6) | H15: =IF(F15=0,"",(G15-F15)/F15*100) | J15: A9
A16: =IF(B16="","",ROW()-6) | H16: =IF(F16=0,"",(G16-F16)/F16*100) | J16: A10
A17: =IF(B17="","",ROW()-6) | H17: =IF(F17=0,"",(G17-F17)/F17*100) | J17: A11
A18: =IF(B18="","",ROW()-6) | H18: =IF(F18=0,"",(G18-F18)/F18*100) | J18: A12
... A26: =IF(B26="","",ROW()-6) | H26: =IF(F26=0,"",(G26-F26)/F26*100) | J26: A20
A27: 合计 | E27: =SUM(E7:E26) -> 0 | F27: =SUM(F7:F26) -> 0 | G27: =SUM(G7:G26) -> 0 | H27: =IF(F27=0,"",(G27-F27)/F27*100)
A28: =基本信息输入表!$K$6&"填表人："&基本信息输入表!$M$43 -> 产权持有人填表人：袁佳 | G28: ="评估人员："&基本信息输入表!$Q$43 -> 评估人员：韩策
A29: ="填表日期："&YEAR(基本信息输入表!$O$43)&"年"&MONTH(基本信息输入表!$O$43)&"月"&DAY(基本信息输入表!$O$43)&"日" -> 填表日期：2025年12月15日

Sheet 3-13其他流动资产
A1: 返回索引目录
A2: 其他流动资产评估明细表
A3: ="评估基准日："&TEXT(基本信息输入表!M7,"yyyy年mm月dd日") -> 评估基准日：2025年11月30日
J4: 表3-13
A5: =基本信息输入表!K6&"："&基本信息输入表!M6 -> 产权持有人：湖北省徽工生物技本研究有限公司 | J5: ="金额单位："&基本信息输入表!M10&"元" -> 金额单位：人民币元
A6: 序号 | B6: 项目及内容 | C6: 发生日期 | D6: 结算内容 | E6: 成本 | F6: 审定前账面价值 | G6: 账面价值 | H6: 评估价值 | I6: 增值率% | J6: 备注 | K6: 唯一标识列
A7: =IF(B7="","",ROW()-6) | I7: =IF(G7=0,"",(H7-G7)/G7*100) | K7: A1
A8: =IF(B8="","",ROW()-6) | I8: =IF(G8=0,"",(H8-G8)/G8*100) | K8: A2
A9: =IF(B9="","",ROW()-6) | I9: =IF(G9=0,"",(H9-G9)/G9*100) | K9: A3
A10: =IF(B10="","",ROW()-6) | I10: =IF(G10=0,"",(H10-G10)/G10*100) | K10: A4
A11: =IF(B11="","",ROW()-6) | I11: =IF(G11=0,"",(H11-G11)/G11*100) | K11: A5
A12: =IF(B12="","",ROW()-6) | I12: =IF(G12=0,"",(H12-G12)/G12*100) | K12: A6
A13: =IF(B13="","",ROW()-6) | I13: =IF(G13=0,"",(H13-G13)/G13*100) | K13: A7
A14: =IF(B14="","",ROW()-6) | I14: =IF(G14=0,"",(H14-G14)/G14*100) | K14: A8
A15: =IF(B15="","",ROW()-6) | I15: =IF(G15=0,"",(H15-G15)/G15*100) | K15: A9
A16: =IF(B16="","",ROW()-6) | I16: =IF(G16=0,"",(H16-G16)/G16*100) | K16: A10
A17: =IF(B17="","",ROW()-6) | I17: =IF(G17=0,"",(H17-G17)/G17*100) | K17: A11
A18: =IF(B18="","",ROW()-6) | I18: =IF(G18=0,"",(H18-G18)/G18*100) | K18: A12
... A26: =IF(B26="","",ROW()-6) | I26: =IF(G26=0,"",(H26-G26)/G26*100) | K26: A20
A27: 合计 | E27: =SUM(E7:E26) -> 0 | F27: =SUM(F7:F26) -> 0 | G27: =SUM(G7:G26) -> 0 | H27: =SUM(H7:H26) -> 0 | I27: =IF(G27=0,"",(H27-G27)/G27*100)
A28: =基本信息输入表!$K$6&"填表人："&基本信息输入表!$M$44 -> 产权持有人填表人：袁佳 | H28: ="评估人员："&基本信息输入表!$Q$44 -> 评估人员：韩策
A29: ="填表日期："&YEAR(基本信息输入表!$O$44)&"年"&MONTH(基本信息输入表!$O$44)&"月"&DAY(基本信息输入表!$O$44)&"日" -> 填表日期：2025年12月15日

Sheet 4-非流动资产汇总
A1: 返回索引目录
A2: 非流动资产评估汇总表
A3: ="评估基准日："&TEXT(基本信息输入表!M7,"yyyy年mm月dd日") -> 评估基准日：2025年11月30日
G4: 表4
A5: =基本信息输入表!K6&"："&基本信息输入表!M6 -> 产权持有人：湖北省徽工生物技本研究有限公司 | G5: ="金额单位："&基本信息输入表!M10&"元" -> 金额单位：人民币元
A6: 编号 | B6: 科目名称 | C6: 审定前账面价值 | D6: 账面价值 | E6: 评估价值 | F6: 增减值 | G6: 增值率%
A7: 4-1 | B7: 债权投资 | C7: ='4-1债权投资'!H27 -> 0 | D7: ='4-1债权投资'!I27 -> 0 | E7: ='4-1债权投资'!K27 -> 0 | F7: =E7-D7 -> 0 | G7: =IF(D7=0,"",F7/D7*100)
A8: 4-2 | B8: 其他债权投资 | C8: ='4-2其他债权投资'!I27 -> 0 | D8: ='4-2其他债权投资'!J27 -> 0 | E8: ='4-2其他债权投资'!L27 -> 0 | F8: =E8-D8 -> 0 | G8: =IF(D8=0,"",F8/D8*100)
A9: 4-3 | B9: 长期应收款 | C9: ='4-3长期应收'!E27 -> 0 | D9: ='4-3长期应收'!F27 -> 0 | E9: ='4-3长期应收'!H27 -> 0 | F9: =E9-D9 -> 0 | G9: =IF(D9=0,"",F9/D9*100)
A10: 4-4 | B10: 长期股权投资合计 | C10: ='4-4股权投资'!I25 -> 0 | D10: ='4-4股权投资'!J25 -> 0 | E10: ='4-4股权投资'!L25 -> 0 | F10: =E10-D10 -> 0 | G10: =IF(D10=0,"",F10/D10*100)
B11: 减：长期股权投资减值准备 | C11: ='4-4股权投资'!I26 -> 0 | D11: ='4-4股权投资'!J26 -> 0 | E11: ='4-4股权投资'!L26 -> 0 | F11: =E11-D11 -> 0 | G11: =IF(D11=0,"",F11/D11*100)
B12: 长期股权投资净额 | C12: ='4-4股权投资'!I27 -> 0 | D12: ='4-4股权投资'!J27 -> 0 | E12: ='4-4股权投资'!L27 -> 0 | F12: =E12-D12 -> 0 | G12: =IF(D12=0,"",F12/D12*100)
A13: 4-5 | B13: 其他权益工具投资 | C13: ='4-5其他权益工具投资'!H27 -> 0 | D13: ='4-5其他权益工具投资'!I27 -> 0 | E13: ='4-5其他权益工具投资'!K27 -> 0 | F13: =E13-D13 -> 0 | G13: =IF(D13=0,"",F13/D13*100)
A14: 4-6 | B14: 其他非流动金融资产 | C14: ='4-6其他非流动金融资产'!I27 -> 0 | D14: ='4-6其他非流动金融资产'!J27 -> 0 | E14: ='4-6其他非流动金融资产'!L27 -> 0 | F14: =E14-D14 -> 0 | G14: =IF(D14=0,"",F14/D14*100)
A15: 4-7 | B15: 投资性房地产合计 | C15: ='4-7投资性房地产汇总'!C25 -> 0 | D15: ='4-7投资性房地产汇总'!D25 -> 0 | E15: ='4-7投资性房地产汇总'!F27 -> 0 | F15: =E15-D15 -> 0 | G15: =IF(D15=0,"",F15/D15*100)
B16: 减：投资性房地产减值准备 | C16: ='4-7投资性房地产汇总'!C26 -> 0 | D16: ='4-7投资性房地产汇总'!D26 -> 0 | F16: =E16-D16 -> 0 | G16: =IF(D16=0,"",F16/D16*100)
B17: 投资性房地产净额 | C17: ='4-7投资性房地产汇总'!C27 -> 0 | D17: ='4-7投资性房地产汇总'!D27 -> 0 | E17: =E15 -> 0 | F17: =E17-D17 -> 0 | G17: =IF(D17=0,"",F17/D17*100)
A18: 4-8 | B18: 固定资产原值 | C18: =#REF! -> #REF! | D18: =#REF! -> #REF! | E18: =#REF! -> #REF! | F18: =E18-D18 -> #REF! | G18: =IF(D18=0,"",F18/D18*100) -> #REF!
B19: 其中：建筑物类 | C19: =#REF! -> #REF! | D19: =#REF! -> #REF! | E19: =#REF! -> #REF! | F19: =E19-D19 -> #REF! | G19: =IF(D19=0,"",F19/D19*100) -> #REF!
B20: 设 备 类 | C20: =#REF! -> #REF! | D20: =#REF! -> #REF! | E20: =#REF! -> #REF! | F20: =E20-D20 -> #REF! | G20: =IF(D20=0,"",F20/D20*100) -> #REF!
B21: 土 地 类 | C21: =#REF! -> #REF! | D21: =#REF! -> #REF! | E21: =#REF! -> #REF! | F21: =E21-D21 -> #REF! | G21: =IF(D21=0,"",F21/D21*100) -> #REF!
B22: 减：累计折旧 | C22: =C18-C23 -> #REF! | D22: =D18-D23 -> #REF! | E22: =E18-E23 -> #REF! | F22: =E22-D22 -> #REF! | G22: =IF(D22=0,"",F22/D22*100) -> #REF!
B23: 固定资产净值 | C23: =#REF! -> #REF! | D23: =#REF! -> #REF! | E23: =#REF! -> #REF! | F23: =E23-D23 -> #REF! | G23: =IF(D23=0,"",F23/D23*100) -> #REF!
B24: 其中：建筑物类 | C24: =#REF! -> #REF! | D24: =#REF! -> #REF! | E24: =#REF! -> #REF! | F24: =E24-D24 -> #REF! | G24: =IF(D24=0,"",F24/D24*100) -> #REF!
B25: 设 备 类 | C25: =#REF! -> #REF! | D25: =#REF! -> #REF! | E25: =#REF! -> #REF! | F25: =E25-D25 -> #REF! | G25: =IF(D25=0,"",F25/D25*100) -> #REF!
B26: 土 地 类 | C26: =#REF! -> #REF! | D26: =#REF! -> #REF! | E26: =#REF! -> #REF! | F26: =E26-D26 -> #REF! | G26: =IF(D26=0,"",F26/D26*100) -> #REF!
B27: 减：固定资产减值准备 | C27: =#REF! -> #REF! | D27: =#REF! -> #REF! | F27: =E27-D27 -> #REF! | G27: =IF(D27=0,"",F27/D27*100) -> #REF!
B28: 固定资产净额 | C28: =C23-C27 -> #REF! | D28: =D23-D27 -> #REF! | E28: =E23 -> #REF! | F28: =E28-D28 -> #REF! | G28: =IF(D28=0,"",F28/D28*100) -> #REF!
A29: 4-9 | B29: 在建工程 | C29: ='4-9在建工程汇总'!C27 -> 0 | D29: ='4-9在建工程汇总'!D27 -> 0 | E29: ='4-9在建工程汇总'!E27 -> 0 | F29: =E29-D29 -> 0 | G29: =IF(D29=0,"",F29/D29*100)
A30: 4-10 | B30: 生产性生物资产 | C30: ='4-10生产性生物资产'!H27 -> 0 | D30: ='4-10生产性生物资产'!J27 -> 0 | E30: ='4-10生产性生物资产'!N27 -> 0 | F30: =E30-D30 -> 0 | G30: =IF(D30=0,"",F30/D30*100)
A31: 4-11 | B31: 油气资产合计 | C31: ='4-11油气资产'!J25 -> 0 | D31: ='4-11油气资产'!L25 -> 0 | E31: ='4-11油气资产'!P25 -> 0 | F31: =E31-D31 -> 0 | G31: =IF(D31=0,"",F31/D31*100)
B32: 减：油气资产减值准备 | C32: ='4-11油气资产'!J26 -> 0 | D32: ='4-11油气资产'!L26 -> 0 | E32: ='4-11油气资产'!P26 -> 0 | F32: =E32-D32 -> 0 | G32: =IF(D32=0,"",F32/D32*100)
B33: 油气资产净额 | C33: =C31-C32 -> 0 | D33: =D31-D32 -> 0 | E33: =E31-E32 -> 0 | F33: =E33-D33 -> 0 | G33: =IF(D33=0,"",F33/D33*100)
A34: 4-12 | B34: 使用权资产 | C34: ='4-12使用权资产'!G27 -> 0 | D34: ='4-12使用权资产'!H27 -> 0 | E34: ='4-12使用权资产'!I27 -> 0 | F34: =E34-D34 -> 0 | G34: =IF(D34=0,"",F34/D34*100)
A35: 4-13 | B35: 无形资产合计 | C35: ='4-13无形资产汇总'!C24 -> 0 | D35: ='4-13无形资产汇总'!D24 -> 0 | E35: ='4-13无形资产汇总'!F24 -> 0 | F35: =E35-D35 -> 0 | G35: =IF(D35=0,"",F35/D35*100)
B36: 其中：土地使用权 | C36: ='4-13无形资产汇总'!C25 -> 0 | D36: ='4-13无形资产汇总'!D25 -> 0 | E36: ='4-13无形资产汇总'!F25 -> 0 | F36: =E36-D36 -> 0 | G36: =IF(D36=0,"",F36/D36*100)
B37: 减：无形资产减值准备 | C37: ='4-13无形资产汇总'!C26 -> 0 | D37: ='4-13无形资产汇总'!D26 -> 0 | E37: ='4-13无形资产汇总'!F26 -> 0 | F37: =E37-D37 -> 0 | G37: =IF(D37=0,"",F37/D37*100)
B38: 无形资产净额 | C38: ='4-13无形资产汇总'!C27 -> 0 | D38: ='4-13无形资产汇总'!D27 -> 0 | E38: ='4-13无形资产汇总'!F27 -> 0 | F38: =E38-D38 -> 0 | G38: =IF(D38=0,"",F38/D38*100)
A39: 4-14 | B39: 开发支出 | C39: ='4-14开发支出'!I27 -> 0 | D39: ='4-14开发支出'!J27 -> 0 | E39: ='4-14开发支出'!K27 -> 0 | F39: =E39-D39 -> 0 | G39: =IF(D39=0,"",F39/D39*100)
A40: 4-15 | B40: 商誉 | C40: ='4-15商誉'!D27 -> 0 | D40: ='4-15商誉'!E27 -> 0 | E40: ='4-15商誉'!F27 -> 0 | F40: =E40-D40 -> 0 | G40: =IF(D40=0,"",F40/D40*100)
A41: 4-16 | B41: 长期待摊费用 | C41: ='4-16长期待摊费用'!G27 -> 0 | D41: ='4-16长期待摊费用'!H27 -> 0 | E41: ='4-16长期待摊费用'!I27 -> 0 | F41: =E41-D41 -> 0 | G41: =IF(D41=0,"",F41/D41*100)
A42: 4-17 | B42: 递延所得税资产 | C42: ='4-17递延所得税资产'!D27 -> 0 | D42: ='4-17递延所得税资产'!E27 -> 0 | E42: ='4-17递延所得税资产'!F27 -> 0 | F42: =E42-D42 -> 0 | G42: =IF(D42=0,"",F42/D42*100)
A43: 4-18 | B43: 其他非流动资产 | C43: ='4-18其他非流动资产'!D27 -> 0 | D43: ='4-18其他非流动资产'!E27 -> 0 | E43: ='4-18其他非流动资产'!F27 -> 0 | F43: =E43-D43 -> 0 | G43: =IF(D43=0,"",F43/D43*100)
A47: 合计 | C47: =SUM(C7:C9,C12:C14,C17,C28:C30,C33:C34,C38:C43) -> #REF! | D47: =SUM(D7:D9,D12:D14,D17,D28:D30,D33:D34,D38:D43) -> #REF! | E47: =SUM(E7:E9,E12:E14,E17,E28:E30,E33:E34,E38:E43) -> #REF! | F47: =E47-D47 -> #REF! | G47: =IF(D47=0,"",F47/D47*100) -> #REF!
F48: ="评估人员："&基本信息输入表!$Q$45 -> 评估人员：韩策

Sheet 4-1债权投资
A1: 返回索引目录
A2: 债权投资评估明细表
A3: ="评估基准日："&TEXT(基本信息输入表!M7,"yyyy年mm月dd日") -> 评估基准日：2025年11月30日
M4: 表4-1
A5: =基本信息输入表!K6&"："&基本信息输入表!M6 -> 产权持有人：湖北省徽工生物技本研究有限公司 | M5: ="金额单位："&基本信息输入表!M10&"元" -> 金额单位：人民币元
A6: 序号 | B6: 被投资单位名称 | C6: 投资类别 | D6: 投资日期 | E6: 到期日 | F6: 票面利率% | G6: 投资成本 | H6: 审定前账面价值 | I6: 账面价值 | J6: 计提减值准备金额 | K6: 评估价值 | L6: 增值率% | M6: 备注
N7: 唯一标识列
A8: =IF(B8="","",ROW()-7) | L8: =IF(I8-J8=0,"",(K8-I8+J8)/(I8-J8)*100) | N8: A1
A9: =IF(B9="","",ROW()-7) | L9: =IF(I9-J9=0,"",(K9-I9+J9)/(I9-J9)*100) | N9: A2
A10: =IF(B10="","",ROW()-7) | L10: =IF(I10-J10=0,"",(K10-I10+J10)/(I10-J10)*100) | N10: A3
A11: =IF(B11="","",ROW()-7) | L11: =IF(I11-J11=0,"",(K11-I11+J11)/(I11-J11)*100) | N11: A4
A12: =IF(B12="","",ROW()-7) | L12: =IF(I12-J12=0,"",(K12-I12+J12)/(I12-J12)*100) | N12: A5
A13: =IF(B13="","",ROW()-7) | L13: =IF(I13-J13=0,"",(K13-I13+J13)/(I13-J13)*100) | N13: A6
A14: =IF(B14="","",ROW()-7) | L14: =IF(I14-J14=0,"",(K14-I14+J14)/(I14-J14)*100) | N14: A7
A15: =IF(B15="","",ROW()-7) | L15: =IF(I15-J15=0,"",(K15-I15+J15)/(I15-J15)*100) | N15: A8
A16: =IF(B16="","",ROW()-7) | L16: =IF(I16-J16=0,"",(K16-I16+J16)/(I16-J16)*100) | N16: A9
A17: =IF(B17="","",ROW()-7) | L17: =IF(I17-J17=0,"",(K17-I17+J17)/(I17-J17)*100) | N17: A10
A18: =IF(B18="","",ROW()-7) | L18: =IF(I18-J18=0,"",(K18-I18+J18)/(I18-J18)*100) | N18: A11
A19: =IF(B19="","",ROW()-7) | L19: =IF(I19-J19=0,"",(K19-I19+J19)/(I19-J19)*100) | N19: A12
... A24: =IF(B24="","",ROW()-7) | L24: =IF(I24-J24=0,"",(K24-I24+J24)/(I24-J24)*100) | N24: A17
A25: 债权投资资产合计 | H25: =SUM(H8:H24) -> 0 | I25: =SUM(I8:I24) -> 0 | J25: =SUM(J8:J24) -> 0 | K25: =SUM(K8:K24) -> 0 | L25: =IF(I25-J25=0,"",(K25-I25+J25)/(I25-J25)*100)
A26: 减：减值准备 | H26: =J25 -> 0 | I26: =J25 -> 0
A27: 债权投资资产净额 | H27: =H25-H26 -> 0 | I27: =I25-I26 -> 0 | K27: =K25 -> 0 | L27: =IF(I27-J27=0,"",(K27-I27+J27)/(I27-J27)*100)
A28: =基本信息输入表!$K$6&"填表人："&基本信息输入表!$M$46 -> 产权持有人填表人：袁佳 | K28: ="评估人员："&基本信息输入表!$Q$46 -> 评估人员：韩策
A29: ="填表日期："&YEAR(基本信息输入表!$O$46)&"年"&MONTH(基本信息输入表!$O$46)&"月"&DAY(基本信息输入表!$O$46)&"日" -> 填表日期：2025年12月15日

Sheet 4-2其他债权投资
A1: 返回索引目录
A2: 其他债权投资评估明细表
A3: ="评估基准日："&TEXT(基本信息输入表!M7,"yyyy年mm月dd日") -> 评估基准日：2025年11月30日
M4: 表4-2
A5: =基本信息输入表!K6&"："&基本信息输入表!M6 -> 产权持有人：湖北省徽工生物技本研究有限公司 | M5: ="金额单位："&基本信息输入表!M10&"元" -> 金额单位：人民币元
A6: 序号 | B6: 被投资单位名称 | C6: 债权种类 | D6: 债权代码 | E6: 发行日期 | F6: 到期日 | G6: 票面利率% | H6: 成本（面值） | I6: 审定前账面价值 | J6: 账面价值 | K6: 计提减值准备金额 | L6: 评估价值 | M6: 增值率% | N6: 备注
M7: =IF(J7-K7=0,"",(L7-J7+K7)/(J7-K7)*100) | O7: 唯一标识列
A8: =IF(B8="","",ROW()-7) | M8: =IF(J8-K8=0,"",(L8-J8+K8)/(J8-K8)*100) | O8: A1
A9: =IF(B9="","",ROW()-7) | M9: =IF(J9-K9=0,"",(L9-J9+K9)/(J9-K9)*100) | O9: A2
A10: =IF(B10="","",ROW()-7) | M10: =IF(J10-K10=0,"",(L10-J10+K10)/(J10-K10)*100) | O10: A3
A11: =IF(B11="","",ROW()-7) | M11: =IF(J11-K11=0,"",(L11-J11+K11)/(J11-K11)*100) | O11: A4
A12: =IF(B12="","",ROW()-7) | M12: =IF(J12-K12=0,"",(L12-J12+K12)/(J12-K12)*100) | O12: A5
A13: =IF(B13="","",ROW()-7) | M13: =IF(J13-K13=0,"",(L13-J13+K13)/(J13-K13)*100) | O13: A6
A14: =IF(B14="","",ROW()-7) | M14: =IF(J14-K14=0,"",(L14-J14+K14)/(J14-K14)*100) | O14: A7
A15: =IF(B15="","",ROW()-7) | M15: =IF(J15-K15=0,"",(L15-J15+K15)/(J15-K15)*100) | O15: A8
A16: =IF(B16="","",ROW()-7) | M16: =IF(J16-K16=0,"",(L16-J16+K16)/(J16-K16)*100) | O16: A9
A17: =IF(B17="","",ROW()-7) | M17: =IF(J17-K17=0,"",(L17-J17+K17)/(J17-K17)*100) | O17: A10
A18: =IF(B18="","",ROW()-7) | M18: =IF(J18-K18=0,"",(L18-J18+K18)/(J18-K18)*100) | O18: A11
A19: =IF(B19="","",ROW()-7) | M19: =IF(J19-K19=0,"",(L19-J19+K19)/(J19-K19)*100) | O19: A12
... A24: =IF(B24="","",ROW()-7) | M24: =IF(J24-K24=0,"",(L24-J24+K24)/(J24-K24)*100) | O24: A17
A25: 合计 | I25: =SUM(I7:I24) -> 0 | J25: =SUM(J7:J24) -> 0 | K25: =SUM(K7:K24) -> 0 | L25: =SUM(L7:L24) -> 0 | M25: =IF(J25-K25=0,"",(L25-J25+K25)/(J25-K25)*100)
A26: 减：减值准备 | I26: =K25 -> 0 | J26: =K25 -> 0 | M26: =IF(J26-K26=0,"",(L26-J26+K26)/(J26-K26)*100)
A27: 净 额 | I27: =I25-I26 -> 0 | J27: =J25-J26 -> 0 | L27: =L25 -> 0 | M27: =IF(J27-K27=0,"",(L27-J27+K27)/(J27-K27)*100)
A28: =基本信息输入表!$K$6&"填表人："&基本信息输入表!$M$47 -> 产权持有人填表人：袁佳 | L28: ="评估人员："&基本信息输入表!$Q$47 -> 评估人员：韩策
A29: ="填表日期："&YEAR(基本信息输入表!$O$47)&"年"&MONTH(基本信息输入表!$O$47)&"月"&DAY(基本信息输入表!$O$47)&"日" -> 填表日期：2025年12月15日
N30: ·

Sheet 4-3长期应收
A1: 返回索引目录
A2: 长期应收款评估明细表
A3: ="评估基准日："&TEXT(基本信息输入表!M7,"yyyy年mm月dd日") -> 评估基准日：2025年11月30日
I4: 表4-3
A5: =基本信息输入表!K6&"："&基本信息输入表!M6 -> 产权持有人：湖北省徽工生物技本研究有限公司 | I5: ="金额单位："&基本信息输入表!M10&"元" -> 金额单位：人民币元
A6: 序号 | B6: 欠款单位名称（结算对象) | C6: 业务内容 | D6: 发生日期 | E6: 审定前账面价值 | F6: 账面价值 | G6: 计提减值准备金额 | H6: 评估价值 | I6: 增值率% | J6: 备注
I7: =IF(F7-G7=0,"",(H7-F7+G7)/(F7-G7)*100) | K7: 唯一标识列
A8: =IF(B8="","",ROW()-7) | I8: =IF(F8-G8=0,"",(H8-F8+G8)/(F8-G8)*100) | K8: A1
A9: =IF(B9="","",ROW()-7) | I9: =IF(F9-G9=0,"",(H9-F9+G9)/(F9-G9)*100) | K9: A2
A10: =IF(B10="","",ROW()-7) | I10: =IF(F10-G10=0,"",(H10-F10+G10)/(F10-G10)*100) | K10: A3
A11: =IF(B11="","",ROW()-7) | I11: =IF(F11-G11=0,"",(H11-F11+G11)/(F11-G11)*100) | K11: A4
A12: =IF(B12="","",ROW()-7) | I12: =IF(F12-G12=0,"",(H12-F12+G12)/(F12-G12)*100) | K12: A5
A13: =IF(B13="","",ROW()-7) | I13: =IF(F13-G13=0,"",(H13-F13+G13)/(F13-G13)*100) | K13: A6
A14: =IF(B14="","",ROW()-7) | I14: =IF(F14-G14=0,"",(H14-F14+G14)/(F14-G14)*100) | K14: A7
A15: =IF(B15="","",ROW()-7) | I15: =IF(F15-G15=0,"",(H15-F15+G15)/(F15-G15)*100) | K15: A8
A16: =IF(B16="","",ROW()-7) | I16: =IF(F16-G16=0,"",(H16-F16+G16)/(F16-G16)*100) | K16: A9
A17: =IF(B17="","",ROW()-7) | I17: =IF(F17-G17=0,"",(H17-F17+G17)/(F17-G17)*100) | K17: A10
A18: =IF(B18="","",ROW()-7) | I18: =IF(F18-G18=0,"",(H18-F18+G18)/(F18-G18)*100) | K18: A11
A19: =IF(B19="","",ROW()-7) | I19: =IF(F19-G19=0,"",(H19-F19+G19)/(F19-G19)*100) | K19: A12
... A24: =IF(B24="","",ROW()-7) | I24: =IF(F24-G24=0,"",(H24-F24+G24)/(F24-G24)*100) | K24: A17
A25: 长期应收款合计 | E25: =SUM(E7:E24) -> 0 | F25: =SUM(F7:F24) -> 0 | G25: =SUM(G7:G24) -> 0 | H25: =SUM(H7:H24) -> 0 | I25: =IF(F25-G25=0,"",(H25-F25+G25)/(F25-G25)*100)
A26: 减：长期应收款坏账准备 | E26: =G25 -> 0 | F26: =G25 -> 0 | I26: =IF(F26-G26=0,"",(H26-F26+G26)/(F26-G26)*100)
A27: 长期应收款净额 | E27: =E25-E26 -> 0 | F27: =F25-F26 -> 0 | H27: =H25 -> 0 | I27: =IF(F27-G27=0,"",(H27-F27+G27)/(F27-G27)*100)
A28: =基本信息输入表!$K$6&"填表人："&基本信息输入表!$M$48 -> 产权持有人填表人：袁佳 | H28: ="评估人员："&基本信息输入表!$Q$48 -> 评估人员：韩策
A29: ="填表日期："&YEAR(基本信息输入表!$O$48)&"年"&MONTH(基本信息输入表!$O$48)&"月"&DAY(基本信息输入表!$O$48)&"日" -> 填表日期：2025年12月15日

Sheet 4-4股权投资
A1: 返回索引目录
A2: 长期股权投资评估明细表
A3: ="评估基准日："&TEXT(基本信息输入表!M7,"yyyy年mm月dd日") -> 评估基准日：2025年11月30日
M4: 表4-4
A5: =基本信息输入表!K6&"："&基本信息输入表!M6 -> 产权持有人：湖北省徽工生物技本研究有限公司 | M5: ="金额单位："&基本信息输入表!M10&"元" -> 金额单位：人民币元
A6: 序号 | B6: 被投资单位名称 | C6: 投资日期 | D6: 协议投资期限 | E6: 持股比例（%） | F6: 是否控股 | G6: 核算方法 | H6: 投资成本 | I6: 审定前账面价值 | J6: 账面价值 | K6: 计提减值准备金额 | L6: 评估价值 | M6: 增值率% | N6: 备注 | P6: 被投资单位100%股权评估结果（本位币） | Q6: 汇率 | R6: 被投资单位100%股权评估结果（人民币） | S6: 实缴比例 | T6: 全体股东欠缴出资合计 | U6: 母公司欠缴金额 | V6: 未约定时评估值
M7: =IF(J7-K7=0,"",(L7-J7+K7)/(J7-K7)*100) | O7: 唯一标识列
A8: =IF(B8="","",ROW()-7) | M8: =IF(J8-K8=0,"",(L8-J8+K8)/(J8-K8)*100) | O8: A1 | Q8: 1 | R8: =P8*Q8 -> 0 | V8: =(R8+T8)*E8-U8 -> 0
A9: =IF(B9="","",ROW()-7) | M9: =IF(J9-K9=0,"",(L9-J9+K9)/(J9-K9)*100) | O9: A2 | Q9: 1 | R9: =P9*Q9 -> 0 | V9: =(R9+T9)*E9-U9 -> 0
A10: =IF(B10="","",ROW()-7) | M10: =IF(J10-K10=0,"",(L10-J10+K10)/(J10-K10)*100) | O10: A3 | Q10: 1 | R10: =P10*Q10 -> 0 | V10: =(R10+T10)*E10-U10 -> 0
A11: =IF(B11="","",ROW()-7) | M11: =IF(J11-K11=0,"",(L11-J11+K11)/(J11-K11)*100) | O11: A4 | Q11: 1 | R11: =P11*Q11 -> 0 | V11: =(R11+T11)*E11-U11 -> 0
A12: =IF(B12="","",ROW()-7) | M12: =IF(J12-K12=0,"",(L12-J12+K12)/(J12-K12)*100) | O12: A5 | Q12: 1 | R12: =P12*Q12 -> 0 | V12: =(R12+T12)*E12-U12 -> 0
A13: =IF(B13="","",ROW()-7) | M13: =IF(J13-K13=0,"",(L13-J13+K13)/(J13-K13)*100) | O13: A6 | Q13: 1 | R13: =P13*Q13 -> 0 | V13: =(R13+T13)*E13-U13 -> 0
A14: =IF(B14="","",ROW()-7) | M14: =IF(J14-K14=0,"",(L14-J14+K14)/(J14-K14)*100) | O14: A7 | Q14: 1 | R14: =P14*Q14 -> 0 | V14: =(R14+T14)*E14-U14 -> 0
A15: =IF(B15="","",ROW()-7) | M15: =IF(J15-K15=0,"",(L15-J15+K15)/(J15-K15)*100) | O15: A8 | Q15: 1 | R15: =P15*Q15 -> 0 | V15: =(R15+T15)*E15-U15 -> 0
A16: =IF(B16="","",ROW()-7) | M16: =IF(J16-K16=0,"",(L16-J16+K16)/(J16-K16)*100) | O16: A9 | Q16: 1 | R16: =P16*Q16 -> 0 | V16: =(R16+T16)*E16-U16 -> 0
A17: =IF(B17="","",ROW()-7) | M17: =IF(J17-K17=0,"",(L17-J17+K17)/(J17-K17)*100) | O17: A10 | Q17: 1 | R17: =P17*Q17 -> 0 | V17: =(R17+T17)*E17-U17 -> 0
A18: =IF(B18="","",ROW()-7) | M18: =IF(J18-K18=0,"",(L18-J18+K18)/(J18-K18)*100) | O18: A11 | Q18: 1 | R18: =P18*Q18 -> 0 | V18: =(R18+T18)*E18-U18 -> 0
A19: =IF(B19="","",ROW()-7) | M19: =IF(J19-K19=0,"",(L19-J19+K19)/(J19-K19)*100) | O19: A12 | Q19: 1 | R19: =P19*Q19 -> 0 | V19: =(R19+T19)*E19-U19 -> 0
... A24: =IF(B24="","",ROW()-7) | M24: =IF(J24-K24=0,"",(L24-J24+K24)/(J24-K24)*100) | O24: A17 | Q24: 1 | R24: =P24*Q24 -> 0 | V24: =(R24+T24)*E24-U24 -> 0
A25: 长期股权投资合计 | I25: =SUM(I7:I24) -> 0 | J25: =SUM(J7:J24) -> 0 | K25: =SUM(K7:K24) -> 0 | L25: =SUM(L7:L24) -> 0 | Q25: 1 | R25: =P25*Q25 -> 0 | V25: =(R25+T25)*E25-U25 -> 0
A26: 减：长期股权投资减值准备 | I26: =K25 -> 0 | J26: =K25 -> 0 | Q26: 1 | R26: =P26*Q26 -> 0 | V26: =(R26+T26)*E26-U26 -> 0
A27: 长期股权投资净额 | I27: =I25-I26 -> 0 | J27: =J25-J26 -> 0 | L27: =L25 -> 0 | M27: =IF(J27=0,"",(L27-J27)/J27*100) | P27: 注：1、汇率默认为“1”，可根据情况填写为被投资单位与人民币的实际汇率
A28: =基本信息输入表!$K$6&"填表人："&基本信息输入表!$M$49 -> 产权持有人填表人：袁佳 | L28: ="评估人员："&基本信息输入表!$Q$49 -> 评估人员：韩策 | P28: 2、章程或协议约定按实缴或认缴比例时，按章程或协议约定以被投资单位100%股权评估结果乘以实缴或认缴比例确定评估值
A29: ="填表日期："&YEAR(基本信息输入表!$O$49)&"年"&MONTH(基本信息输入表!$O$49)&"月"&DAY(基本信息输入表!$O$49)&"日" -> 填表日期：2025年12月15日 | P29: 3、当章程或协议未约定时，选取“未约定时评估值”
P30: 4、当被投资单位资不抵债时，需先考虑其与母公司之间往来款抵消，如仍为负，则评估值为零；特殊情况，取评估值为负。

Sheet 4-5其他权益工具投资
A1: 返回索引目录
A2: 其他权益工具投资评估明细表
A3: ="评估基准日："&TEXT(基本信息输入表!M7,"yyyy年mm月dd日") -> 评估基准日：2025年11月30日
L4: 表4-5
A5: =基本信息输入表!K6&"："&基本信息输入表!M6 -> 产权持有人：湖北省徽工生物技本研究有限公司 | L5: ="金额单位："&基本信息输入表!M10&"元" -> 金额单位：人民币元
A6: 序号 | B6: 投资内容 | C6: 投资日期 | D6: 投资期限 | E6: 持有数量 | F6: 投资成本 | G6: 公允价值变动 | H6: 审定前账面价值 | I6: 账面价值 | J6: 计提减值准备金额 | K6: 评估价值 | L6: 增值率% | M6: 备注
L7: =IF(I7-J7=0,"",(K7-I7+J7)/(I7-J7)*100) | N7: 唯一标识列
A8: =IF(B8="","",ROW()-7) | L8: =IF(I8-J8=0,"",(K8-I8+J8)/(I8-J8)*100) | N8: A1
A9: =IF(B9="","",ROW()-7) | L9: =IF(I9-J9=0,"",(K9-I9+J9)/(I9-J9)*100) | N9: A2
A10: =IF(B10="","",ROW()-7) | L10: =IF(I10-J10=0,"",(K10-I10+J10)/(I10-J10)*100) | N10: A3
A11: =IF(B11="","",ROW()-7) | L11: =IF(I11-J11=0,"",(K11-I11+J11)/(I11-J11)*100) | N11: A4
A12: =IF(B12="","",ROW()-7) | L12: =IF(I12-J12=0,"",(K12-I12+J12)/(I12-J12)*100) | N12: A5
A13: =IF(B13="","",ROW()-7) | L13: =IF(I13-J13=0,"",(K13-I13+J13)/(I13-J13)*100) | N13: A6
A14: =IF(B14="","",ROW()-7) | L14: =IF(I14-J14=0,"",(K14-I14+J14)/(I14-J14)*100) | N14: A7
A15: =IF(B15="","",ROW()-7) | L15: =IF(I15-J15=0,"",(K15-I15+J15)/(I15-J15)*100) | N15: A8
A16: =IF(B16="","",ROW()-7) | L16: =IF(I16-J16=0,"",(K16-I16+J16)/(I16-J16)*100) | N16: A9
A17: =IF(B17="","",ROW()-7) | L17: =IF(I17-J17=0,"",(K17-I17+J17)/(I17-J17)*100) | N17: A10
A18: =IF(B18="","",ROW()-7) | L18: =IF(I18-J18=0,"",(K18-I18+J18)/(I18-J18)*100) | N18: A11
A19: =IF(B19="","",ROW()-7) | L19: =IF(I19-J19=0,"",(K19-I19+J19)/(I19-J19)*100) | N19: A12
... A24: =IF(B24="","",ROW()-7) | L24: =IF(I24-J24=0,"",(K24-I24+J24)/(I24-J24)*100) | N24: A17
A25: 合计 | H25: =SUM(H8:H24) -> 0 | I25: =SUM(I8:I24) -> 0 | J25: =SUM(J8:J24) -> 0 | K25: =SUM(K8:K24) -> 0 | L25: =IF(I25-J25=0,"",(K25-I25+J25)/(I25-J25)*100)
A26: 减：减值准备 | H26: =J25 -> 0 | I26: =J25 -> 0 | L26: =IF(I26-J26=0,"",(K26-I26+J26)/(I26-J26)*100)
A27: 净额 | H27: =H25-H26 -> 0 | I27: =I25-I26 -> 0 | K27: =K25 -> 0 | L27: =IF(I27-J27=0,"",(K27-I27+J27)/(I27-J27)*100)
A28: =基本信息输入表!$K$6&"填表人："&基本信息输入表!$M$50 -> 产权持有人填表人：袁佳 | K28: ="评估人员："&基本信息输入表!$Q$50 -> 评估人员：韩策
A29: ="填表日期："&YEAR(基本信息输入表!$O$50)&"年"&MONTH(基本信息输入表!$O$50)&"月"&DAY(基本信息输入表!$O$50)&"日" -> 填表日期：2025年12月15日
M30: ·

Sheet 4-6其他非流动金融资产
A1: 返回索引目录
A2: 其他非流动金融资产评估明细表
A3: ="评估基准日："&TEXT(基本信息输入表!M7,"yyyy年mm月dd日") -> 评估基准日：2025年11月30日
M4: 表4-6
A5: =基本信息输入表!K6&"："&基本信息输入表!M6 -> 产权持有人：湖北省徽工生物技本研究有限公司 | M5: ="金额单位："&基本信息输入表!M10&"元" -> 金额单位：人民币元
A6: 序号 | B6: 被投资单位名称 | C6: 金融资产名称 | D6: 金融资产代码 | E6: 投资日期 | F6: 持有数量 | G6: 基准日市价 | H6: 成本 | I6: 审定前账面价值 | J6: 账面价值 | K6: 计提减值准备金额 | L6: 评估价值 | M6: 增值率% | N6: 备注
M7: =IF(J7-K7=0,"",(L7-J7+K7)/(J7-K7)*100) | O7: 唯一标识列
A8: =IF(B8="","",ROW()-7) | M8: =IF(J8-K8=0,"",(L8-J8+K8)/(J8-K8)*100) | O8: A1
A9: =IF(B9="","",ROW()-7) | M9: =IF(J9-K9=0,"",(L9-J9+K9)/(J9-K9)*100) | O9: A2
A10: =IF(B10="","",ROW()-7) | M10: =IF(J10-K10=0,"",(L10-J10+K10)/(J10-K10)*100) | O10: A3
A11: =IF(B11="","",ROW()-7) | M11: =IF(J11-K11=0,"",(L11-J11+K11)/(J11-K11)*100) | O11: A4
A12: =IF(B12="","",ROW()-7) | M12: =IF(J12-K12=0,"",(L12-J12+K12)/(J12-K12)*100) | O12: A5
A13: =IF(B13="","",ROW()-7) | M13: =IF(J13-K13=0,"",(L13-J13+K13)/(J13-K13)*100) | O13: A6
A14: =IF(B14="","",ROW()-7) | M14: =IF(J14-K14=0,"",(L14-J14+K14)/(J14-K14)*100) | O14: A7
A15: =IF(B15="","",ROW()-7) | M15: =IF(J15-K15=0,"",(L15-J15+K15)/(J15-K15)*100) | O15: A8
A16: =IF(B16="","",ROW()-7) | M16: =IF(J16-K16=0,"",(L16-J16+K16)/(J16-K16)*100) | O16: A9
A17: =IF(B17="","",ROW()-7) | M17: =IF(J17-K17=0,"",(L17-J17+K17)/(J17-K17)*100) | O17: A10
A18: =IF(B18="","",ROW()-7) | M18: =IF(J18-K18=0,"",(L18-J18+K18)/(J18-K18)*100) | O18: A11
A19: =IF(B19="","",ROW()-7) | M19: =IF(J19-K19=0,"",(L19-J19+K19)/(J19-K19)*100) | O19: A12
... A24: =IF(B24="","",ROW()-7) | M24: =IF(J24-K24=0,"",(L24-J24+K24)/(J24-K24)*100) | O24: A17
A25: 合计 | I25: =SUM(I7:I24) -> 0 | J25: =SUM(J7:J24) -> 0 | K25: =SUM(K7:K24) -> 0 | L25: =SUM(L7:L24) -> 0 | M25: =IF(J25-K25=0,"",(L25-J25+K25)/(J25-K25)*100)
A26: 减：减值准备 | I26: =K25 -> 0 | J26: =K25 -> 0 | M26: =IF(J26-K26=0,"",(L26-J26+K26)/(J26-K26)*100)
A27: 净额 | I27: =I25-I26 -> 0 | J27: =J25-J26 -> 0 | L27: =L25 -> 0 | M27: =IF(J27-K27=0,"",(L27-J27+K27)/(J27-K27)*100)
A28: =基本信息输入表!$K$6&"填表人："&基本信息输入表!$M$51 -> 产权持有人填表人：袁佳 | L28: ="评估人员："&基本信息输入表!$Q$51 -> 评估人员：韩策
A29: ="填表日期："&YEAR(基本信息输入表!$O$51)&"年"&MONTH(基本信息输入表!$O$51)&"月"&DAY(基本信息输入表!$O$51)&"日" -> 填表日期：2025年12月15日
N30: ·

Sheet 4-7投资性房地产汇总
A1: 返回索引目录
A2: 投资性房地产汇总表
A3: ="评估基准日："&TEXT(基本信息输入表!M7,"yyyy年mm月dd日") -> 评估基准日：2025年11月30日
H4: 表4-7
A5: =基本信息输入表!K6&"："&基本信息输入表!M6 -> 产权持有人：湖北省徽工生物技本研究有限公司 | H5: ="金额单位："&基本信息输入表!M10&"元" -> 金额单位：人民币元
A6: 编号 | B6: 科目名称 | C6: 审定前账面价值 | D6: 账面价值 | E6: 计提减值准备金额 | F6: 评估价值 | G6: 增减值 | H6: 增值率%
A7: 4-5-1 | B7: 投资性房地产（成本计量） | C7: ='4-7-1投资性房地产（成本计量）'!S25 -> 0 | D7: ='4-7-1投资性房地产（成本计量）'!U25 -> 0 | E7: ='4-7-1投资性房地产（成本计量）'!V25 -> 0 | F7: ='4-7-1投资性房地产（成本计量）'!Y25 -> 0 | G7: =F7-D7 -> 0 | H7: =IF(D7=0,"",G7/D7*100)
A8: 4-5-2 | B8: 投资性房地产（公允计量） | C8: ='4-7-2投资性房地产（公允计量）'!S27 -> 0 | D8: ='4-7-2投资性房地产（公允计量）'!T27 -> 0 | F8: ='4-7-2投资性房地产（公允计量）'!U27 -> 0 | G8: =F8-D8 -> 0 | H8: =IF(D8=0,"",G8/D8*100)
A9: 4-5-3 | B9: 投资性地产（成本计量） | C9: ='4-7-3投资性地产（成本计量）'!N31 -> 0 | D9: ='4-7-3投资性地产（成本计量）'!O31 -> 0 | E9: ='4-7-3投资性地产（成本计量）'!P31 -> 0 | F9: ='4-7-3投资性地产（成本计量）'!Q31 -> 0 | G9: =F9-D9 -> 0 | H9: =IF(D9=0,"",G9/D9*100)
A10: 4-5-4 | B10: 投资性地产（公允计量） | C10: ='4-7-4投资性地产（公允计量）'!N27 -> 0 | D10: ='4-7-4投资性地产（公允计量）'!O27 -> 0 | F10: ='4-7-4投资性地产（公允计量）'!P27 -> 0 | G10: =F10-D10 -> 0
A25: 投资性房地产合计 | C25: =SUM(C7:C24) -> 0 | D25: =SUM(D7:D24) -> 0 | E25: =SUM(E7:E24) -> 0 | F25: =SUM(F7:F24) -> 0 | G25: =F25-D25 -> 0 | H25: =IF(D25=0,"",G25/D25*100)
A26: 减：投资性房地产减值准备 | C26: =E25 -> 0 | D26: =E25 -> 0 | H26: =IF(D26=0,"",G26/D26*100)
A27: 投资性房地产净额 | C27: =C25-C26 -> 0 | D27: =D25-D26 -> 0 | F27: =F25-F26 -> 0 | G27: =F27-D27 -> 0 | H27: =IF(D27=0,"",G27/D27*100)
F28: ="评估人员："&基本信息输入表!$Q$52 -> 评估人员：韩策 | I28: 打印边界

Sheet 4-7-1投资性房地产（成本计量）
A1: 返回索引目录
A2: 投资性房地产——房屋评估明细表（采用成本模式计量）
A3: ="评估基准日："&TEXT(基本信息输入表!M7,"yyyy年mm月dd日") -> 评估基准日：2025年11月30日
Z4: 表4-7-1
A5: =基本信息输入表!K6&"："&基本信息输入表!M6 -> 产权持有人：湖北省徽工生物技本研究有限公司 | Z5: ="金额单位："&基本信息输入表!M10&"元" -> 金额单位：人民币元
A6: 序号 | B6: 房屋对应宗地信息 | H6: 房产证号 | I6: 房产证载权利人 | J6: 房屋名称 | K6: 来源（外购、自建、自用转入、存货转入等） | L6: 房产用途 | M6: 结构 | N6: 建成 年月 | O6: 计量单位 | P6: 建筑面积 （m2） | Q6: 成本单价 (元/m2) | R6: 审定前账面价值 | T6: 账面价值 | V6: 计提减值准备金额 | W6: 评估价值 | Z6: 增值率% | AA6: 评估单价 (元/m2) | AB6: 备注
B7: 对应土地证号 | C7: 对应宗地名称 | D7: 宗地开发程度 | E7: 宗地位置 | F7: 宗地用途 | G7: 用地性质 | R7: 原值 | S7: 净值 | T7: 原值 | U7: 净值 | W7: 原值 | X7: 成新率% | Y7: 净值 | AC7: 唯一标识列
A8: =IF(J8="","",ROW()-7) | Z8: =IF(U8-V8=0,"",(Y8-U8+V8)/(U8-V8)*100) | AA8: =IF(P8=0,"",W8/P8) | AC8: A1
A9: =IF(J9="","",ROW()-7) | Z9: =IF(U9-V9=0,"",(Y9-U9+V9)/(U9-V9)*100) | AA9: =IF(P9=0,"",W9/P9) | AC9: A2
A10: =IF(J10="","",ROW()-7) | Z10: =IF(U10-V10=0,"",(Y10-U10+V10)/(U10-V10)*100) | AA10: =IF(P10=0,"",W10/P10) | AC10: A3
A11: =IF(J11="","",ROW()-7) | Z11: =IF(U11-V11=0,"",(Y11-U11+V11)/(U11-V11)*100) | AA11: =IF(P11=0,"",W11/P11) | AC11: A4
A12: =IF(J12="","",ROW()-7) | Z12: =IF(U12-V12=0,"",(Y12-U12+V12)/(U12-V12)*100) | AA12: =IF(P12=0,"",W12/P12) | AC12: A5
A13: =IF(J13="","",ROW()-7) | Z13: =IF(U13-V13=0,"",(Y13-U13+V13)/(U13-V13)*100) | AA13: =IF(P13=0,"",W13/P13) | AC13: A6
A14: =IF(J14="","",ROW()-7) | Z14: =IF(U14-V14=0,"",(Y14-U14+V14)/(U14-V14)*100) | AA14: =IF(P14=0,"",W14/P14) | AC14: A7
A15: =IF(J15="","",ROW()-7) | Z15: =IF(U15-V15=0,"",(Y15-U15+V15)/(U15-V15)*100) | AA15: =IF(P15=0,"",W15/P15) | AC15: A8
A16: =IF(J16="","",ROW()-7) | Z16: =IF(U16-V16=0,"",(Y16-U16+V16)/(U16-V16)*100) | AA16: =IF(P16=0,"",W16/P16) | AC16: A9
A17: =IF(J17="","",ROW()-7) | Z17: =IF(U17-V17=0,"",(Y17-U17+V17)/(U17-V17)*100) | AA17: =IF(P17=0,"",W17/P17) | AC17: A10
A18: =IF(J18="","",ROW()-7) | Z18: =IF(U18-V18=0,"",(Y18-U18+V18)/(U18-V18)*100) | AA18: =IF(P18=0,"",W18/P18) | AC18: A11
A19: =IF(J19="","",ROW()-7) | Z19: =IF(U19-V19=0,"",(Y19-U19+V19)/(U19-V19)*100) | AA19: =IF(P19=0,"",W19/P19) | AC19: A12
... A24: =IF(J24="","",ROW()-7) | Z24: =IF(U24-V24=0,"",(Y24-U24+V24)/(U24-V24)*100) | AA24: =IF(P24=0,"",W24/P24) | AC24: A17
A25: 投资性房地产－房屋合计 | R25: =SUM(R8:R24) -> 0 | S25: =SUM(S8:S24) -> 0 | T25: =SUM(T8:T24) -> 0 | U25: =SUM(U8:U24) -> 0 | V25: =SUM(V8:V24) -> 0 | W25: =SUM(W8:W24) -> 0 | Y25: =SUM(Y8:Y24) -> 0 | Z25: =IF(U25-V25=0,"",(Y25-U25+V25)/(U25-V25)*100) | AA25: =IF(P25=0,"",W25/P25)
A26: 减：投资性房地产减值准备 | S26: =V25 -> 0 | U26: =V25 -> 0 | AA26: =IF(P26=0,"",W26/P26)
A27: 投资性房地产－房屋净额 | R27: =R25-R26 -> 0 | S27: =S25-S26 -> 0 | T27: =T25-T26 -> 0 | U27: =U25-U26 -> 0 | W27: =W25 -> 0 | Y27: =Y25 -> 0 | Z27: =IF(U27=0,"",(Y27-U27)/U27*100) | AA27: =IF(P27=0,"",W27/P27)
A28: =基本信息输入表!$K$6&"填表人："&基本信息输入表!$M$53 -> 产权持有人填表人：袁佳 | Z28: ="评估人员："&基本信息输入表!$Q$53 -> 评估人员：韩策
A29: ="填表日期："&YEAR(基本信息输入表!$O$53)&"年"&MONTH(基本信息输入表!$O$53)&"月"&DAY(基本信息输入表!$O$53)&"日" -> 填表日期：2025年12月15日

Sheet 4-7-2投资性房地产（公允计量）
A1: 返回索引目录
A2: 投资性房地产——房屋评估明细表（采用公允价值模式计量）
A3: ="评估基准日："&TEXT(基本信息输入表!M7,"yyyy年mm月dd日") -> 评估基准日：2025年11月30日
W4: 表4-7-2
A5: =基本信息输入表!K6&"："&基本信息输入表!M6 -> 产权持有人：湖北省徽工生物技本研究有限公司 | W5: ="金额单位："&基本信息输入表!M10&"元" -> 金额单位：人民币元
A6: 序号 | B6: 房屋对应宗地信息 | H6: 房产证号 | I6: 房产证载权利人 | J6: 房屋名称 | K6: 来源（外购、自建、自用转入、存货转入等） | L6: 房产用途 | M6: 结构 | N6: 建成 年月 | O6: 计量单位 | P6: 建筑面积 （m2） | Q6: 成本单价 (元/m2) | R6: 原始入账价值 （转入日公允价值） | S6: 审定前账面价值 | T6: 账面价值 | U6: 评估价值 | V6: 增值率% | W6: 备注
B7: 对应土地证号 | C7: 对应宗地名称 | D7: 宗地开发程度 | E7: 宗地位置 | F7: 宗地用途 | G7: 用地性质 | X7: 唯一标识列
A8: =IF(J8="","",ROW()-7) | V8: =IF(T8=0,"",(U8-T8)/T8*100) | X8: A1
A9: =IF(J9="","",ROW()-7) | V9: =IF(T9=0,"",(U9-T9)/T9*100) | X9: A2
A10: =IF(J10="","",ROW()-7) | V10: =IF(T10=0,"",(U10-T10)/T10*100) | X10: A3
A11: =IF(J11="","",ROW()-7) | V11: =IF(T11=0,"",(U11-T11)/T11*100) | X11: A4
A12: =IF(J12="","",ROW()-7) | V12: =IF(T12=0,"",(U12-T12)/T12*100) | X12: A5
A13: =IF(J13="","",ROW()-7) | X13: A6
A14: =IF(J14="","",ROW()-7) | V14: =IF(T14=0,"",(U14-T14)/T14*100) | X14: A7
A15: =IF(J15="","",ROW()-7) | V15: =IF(T15=0,"",(U15-T15)/T15*100) | X15: A8
A16: =IF(J16="","",ROW()-7) | V16: =IF(T16=0,"",(U16-T16)/T16*100) | X16: A9
A17: =IF(J17="","",ROW()-7) | V17: =IF(T17=0,"",(U17-T17)/T17*100) | X17: A10
A18: =IF(J18="","",ROW()-7) | V18: =IF(T18=0,"",(U18-T18)/T18*100) | X18: A11
A19: =IF(J19="","",ROW()-7) | V19: =IF(T19=0,"",(U19-T19)/T19*100) | X19: A12
A20: =IF(J20="","",ROW()-7) | V20: =IF(T20=0,"",(U20-T20)/T20*100) | X20: A13
A21: =IF(J21="","",ROW()-7) | V21: =IF(T21=0,"",(U21-T21)/T21*100) | X21: A14
A22: =IF(J22="","",ROW()-7) | V22: =IF(T22=0,"",(U22-T22)/T22*100) | X22: A15
A23: =IF(J23="","",ROW()-7) | V23: =IF(T23=0,"",(U23-T23)/T23*100) | X23: A16
A24: =IF(J24="","",ROW()-7) | V24: =IF(T24=0,"",(U24-T24)/T24*100) | X24: A17
A25: =IF(J25="","",ROW()-7) | V25: =IF(T25=0,"",(U25-T25)/T25*100) | X25: A18
A26: =IF(J26="","",ROW()-7) | V26: =IF(T26=0,"",(U26-T26)/T26*100) | X26: A19
A27: 合计 | S27: =SUM(S7:S26) -> 0 | T27: =SUM(T7:T26) -> 0 | U27: =SUM(U7:U26) -> 0 | V27: =IF(T27=0,"",(U27-T27)/T27*100)
A28: =基本信息输入表!$K$6&"填表人："&基本信息输入表!$M$54 -> 产权持有人填表人：袁佳 | U28: ="评估人员："&基本信息输入表!$Q$54 -> 评估人员：韩策
A29: ="填表日期："&YEAR(基本信息输入表!$O$54)&"年"&MONTH(基本信息输入表!$O$54)&"月"&DAY(基本信息输入表!$O$54)&"日" -> 填表日期：2025年12月15日

Sheet 4-7-3投资性地产（成本计量）
A1: 返回索引目录
A2: 投资性房地产——土地使用权评估明细表（采用成本模式计量）
A3: ="评估基准日："&TEXT(基本信息输入表!M7,"yyyy年mm月dd日") -> 评估基准日：2025年11月30日
R4: 表4-7-3
A5: =基本信息输入表!K6&"："&基本信息输入表!M6 -> 产权持有人：湖北省徽工生物技本研究有限公司 | S5: ="金额单位："&基本信息输入表!M10&"元" -> 金额单位：人民币元
A6: 序号 | B6: 土地权证编号 | C6: 宗地名称 | D6: 来源（外购、自建、自用转入、存货转入等） | E6: 是否空地 | F6: 土地位置 | G6: 取得日期 | H6: 用地性质 | I6: 土地用途 | J6: 准用年限 | K6: 开发程度 | L6: 面积(m2) | M6: 原始入账价值 | N6: 审定后账面价值 | O6: 账面价值 | P6: 计提减值准备金额 | Q6: 评估价值 | R6: 增值率% | S6: 备注
T7: 唯一标识列
A8: =IF(C8="","",ROW()-7) | R8: =IF(O8-P8=0,"",(Q8-O8+P8)/(O8-P8)*100) | T8: A1
A9: =IF(C9="","",ROW()-7) | R9: =IF(O9-P9=0,"",(Q9-O9+P9)/(O9-P9)*100) | T9: A2
A10: =IF(C10="","",ROW()-7) | R10: =IF(O10-P10=0,"",(Q10-O10+P10)/(O10-P10)*100) | T10: A3
A11: =IF(C11="","",ROW()-7) | R11: =IF(O11-P11=0,"",(Q11-O11+P11)/(O11-P11)*100) | T11: A4
A12: =IF(C12="","",ROW()-7) | R12: =IF(O12-P12=0,"",(Q12-O12+P12)/(O12-P12)*100) | T12: A5
A13: =IF(C13="","",ROW()-7) | R13: =IF(O13-P13=0,"",(Q13-O13+P13)/(O13-P13)*100) | T13: A6
A14: =IF(C14="","",ROW()-7) | R14: =IF(O14-P14=0,"",(Q14-O14+P14)/(O14-P14)*100) | T14: A7
A15: =IF(C15="","",ROW()-7) | R15: =IF(O15-P15=0,"",(Q15-O15+P15)/(O15-P15)*100) | T15: A8
A16: =IF(C16="","",ROW()-7) | R16: =IF(O16-P16=0,"",(Q16-O16+P16)/(O16-P16)*100) | T16: A9
A17: =IF(C17="","",ROW()-7) | R17: =IF(O17-P17=0,"",(Q17-O17+P17)/(O17-P17)*100) | T17: A10
A18: =IF(C18="","",ROW()-7) | R18: =IF(O18-P18=0,"",(Q18-O18+P18)/(O18-P18)*100) | T18: A11
A19: =IF(C19="","",ROW()-7) | R19: =IF(O19-P19=0,"",(Q19-O19+P19)/(O19-P19)*100) | T19: A12
... A30: =IF(C30="","",ROW()-7) | R30: =IF(O30-P30=0,"",(Q30-O30+P30)/(O30-P30)*100) | T30: A23
A31: 投资性地产合计 | M31: =SUM(M8:M30) -> 0 | N31: =SUM(N8:N30) -> 0 | O31: =SUM(O8:O30) -> 0 | P31: =SUM(P8:P30) -> 0 | Q31: =SUM(Q8:Q30) -> 0 | R31: =IF(O31-P31=0,"",(Q31-O31+P31)/(O31-P31)*100)
A32: 减：投资性房地产减值准备 | N32: =P31 -> 0 | O32: =P31 -> 0
A33: 投资性地产净额 | M33: =M31-M32 -> 0 | N33: =N31-N32 -> 0 | O33: =O31-O32 -> 0 | Q33: =Q31-Q32 -> 0 | R33: =IF(O33-P33=0,"",(Q33-O33+P33)/(O33-P33)*100)
A34: =基本信息输入表!$K$6&"填表人："&基本信息输入表!$M$55 -> 产权持有人填表人：袁佳 | Q34: ="评估人员："&基本信息输入表!$Q$55 -> 评估人员：韩策
A35: ="填表日期："&YEAR(基本信息输入表!$O$55)&"年"&MONTH(基本信息输入表!$O$55)&"月"&DAY(基本信息输入表!$O$55)&"日" -> 填表日期：2025年12月15日

Sheet 4-7-4投资性地产（公允计量）
A1: 返回索引目录
A2: 投资性房地产——土地使用权评估明细表（采用公允价值模式计量）
A3: ="评估基准日："&TEXT(基本信息输入表!M7,"yyyy年mm月dd日") -> 评估基准日：2025年11月30日
R4: 表4-7-4
A5: =基本信息输入表!K6&"："&基本信息输入表!M6 -> 产权持有人：湖北省徽工生物技本研究有限公司 | R5: ="金额单位："&基本信息输入表!M10&"元" -> 金额单位：人民币元
A6: 序号 | B6: 土地权证编号 | C6: 宗地名称 | D6: 来源（外购、自建、自用转入、存货转入等） | E6: 是否空地 | F6: 土地位置 | G6: 取得日期 | H6: 用地性质 | I6: 土地用途 | J6: 准用年限 | K6: 开发程度 | L6: 面积 (m2) | M6: 原始入账价值 （转入日公允价值） | N6: 审定前账面价值 | O6: 账面价值 | P6: 评估价值 | Q6: 增值率% | R6: 备注 | S6: 唯一标识列
A7: =IF(C7="","",ROW()-6) | Q7: =IF(O7=0,"",(P7-O7)/O7*100) | S7: A1
A8: =IF(C8="","",ROW()-6) | Q8: =IF(O8=0,"",(P8-O8)/O8*100) | S8: A2
A9: =IF(C9="","",ROW()-6) | Q9: =IF(O9=0,"",(P9-O9)/O9*100) | S9: A3
A10: =IF(C10="","",ROW()-6) | Q10: =IF(O10=0,"",(P10-O10)/O10*100) | S10: A4
A11: =IF(C11="","",ROW()-6) | Q11: =IF(O11=0,"",(P11-O11)/O11*100) | S11: A5
A12: =IF(C12="","",ROW()-6) | Q12: =IF(O12=0,"",(P12-O12)/O12*100) | S12: A6
A13: =IF(C13="","",ROW()-6) | Q13: =IF(O13=0,"",(P13-O13)/O13*100) | S13: A7
A14: =IF(C14="","",ROW()-6) | Q14: =IF(O14=0,"",(P14-O14)/O14*100) | S14: A8
A15: =IF(C15="","",ROW()-6) | Q15: =IF(O15=0,"",(P15-O15)/O15*100) | S15: A9
A16: =IF(C16="","",ROW()-6) | Q16: =IF(O16=0,"",(P16-O16)/O16*100) | S16: A10
A17: =IF(C17="","",ROW()-6) | Q17: =IF(O17=0,"",(P17-O17)/O17*100) | S17: A11
A18: =IF(C18="","",ROW()-6) | Q18: =IF(O18=0,"",(P18-O18)/O18*100) | S18: A12
... A26: =IF(C26="","",ROW()-6) | Q26: =IF(O26=0,"",(P26-O26)/O26*100) | S26: A20
A27: 合计 | N27: =SUM(N7:N26) -> 0 | O27: =SUM(O7:O26) -> 0 | P27: =SUM(P7:P26) -> 0 | Q27: =IF(O27=0,"",(P27-O27)/O27*100)
A28: =基本信息输入表!$K$6&"填表人："&基本信息输入表!$M$56 -> 产权持有人填表人：袁佳 | P28: ="评估人员："&基本信息输入表!$Q$56 -> 评估人员：韩策
A29: ="填表日期："&YEAR(基本信息输入表!$O$56)&"年"&MONTH(基本信息输入表!$O$56)&"月"&DAY(基本信息输入表!$O$56)&"日" -> 填表日期：2025年12月15日

Sheet 4-8-1房屋建筑物
A1: 返回索引目录
A2: 固定资产—房屋建筑物评估明细表
A3: ="评估基准日："&TEXT(基本信息输入表!M7,"yyyy年mm月dd日") -> 评估基准日：2025年11月30日
AD4: 表4-8-1
A5: =基本信息输入表!K6&"："&基本信息输入表!M6 -> 产权持有人：湖北省徽工生物技本研究有限公司 | AE5: ="金额单位："&基本信息输入表!M10&"元" -> 金额单位：人民币元
A6: 序号 | B6: 资产编号 | C6: 宗地编号 | D6: 所占宗地情况 | F6: 对应土地证号 | G6: 房产证号 | H6: 房产证载权利人 | I6: 建筑物名称 | J6: 用途 | K6: 详细地址 | L6: 结构 | M6: 檐高(米) | N6: 层数 | O6: 层高 | P6: 资产状况 | Q6: 建筑面积 (m2) | R6: 建成 年月 | S6: 成本单价 (元/m2) | T6: 折旧年限 | U6: 审定前账面价值 | W6: 账面价值 | Y6: 计提减值准备金额 | Z6: 评估价值 | AC6: 增值率% | AD6: 评估单价 (元/m2) | AE6: 备注
D7: 宗地面积 | E7: 宗地性质 | U7: 原值 | V7: 净值 | W7: 原值 | X7: 净值 | Z7: 原值 | AA7: 成新率% | AB7: 净值 | AF7: 唯一标识列
A8: =IF(I8="","",ROW()-7) | S8: =IF(Q8=0,"",W8/Q8) | AB8: =IF(AA8="",Z8,AA8*Z8/100) -> 0 | AC8: =IF(X8-Y8=0,"",(AB8-X8+Y8)/(X8-Y8)*100) | AD8: =IF(Q8=0,"",Z8/Q8) | AF8: A1
A9: =IF(I9="","",ROW()-7) | S9: =IF(Q9=0,"",W9/Q9) | AB9: =IF(AA9="",Z9,AA9*Z9/100) -> 0 | AC9: =IF(X9-Y9=0,"",(AB9-X9+Y9)/(X9-Y9)*100) | AD9: =IF(Q9=0,"",Z9/Q9) | AF9: A2
A10: =IF(I10="","",ROW()-7) | S10: =IF(Q10=0,"",W10/Q10) | AB10: =IF(AA10="",Z10,AA10*Z10/100) -> 0 | AC10: =IF(X10-Y10=0,"",(AB10-X10+Y10)/(X10-Y10)*100) | AD10: =IF(Q10=0,"",Z10/Q10) | AF10: A3
A11: =IF(I11="","",ROW()-7) | S11: =IF(Q11=0,"",W11/Q11) | AB11: =IF(AA11="",Z11,AA11*Z11/100) -> 0 | AC11: =IF(X11-Y11=0,"",(AB11-X11+Y11)/(X11-Y11)*100) | AD11: =IF(Q11=0,"",Z11/Q11) | AF11: A4
A12: =IF(I12="","",ROW()-7) | S12: =IF(Q12=0,"",W12/Q12) | AB12: =IF(AA12="",Z12,AA12*Z12/100) -> 0 | AC12: =IF(X12-Y12=0,"",(AB12-X12+Y12)/(X12-Y12)*100) | AD12: =IF(Q12=0,"",Z12/Q12) | AF12: A5
A13: =IF(I13="","",ROW()-7) | S13: =IF(Q13=0,"",W13/Q13) | AB13: =IF(AA13="",Z13,AA13*Z13/100) -> 0 | AC13: =IF(X13-Y13=0,"",(AB13-X13+Y13)/(X13-Y13)*100) | AD13: =IF(Q13=0,"",Z13/Q13) | AF13: A6
A14: =IF(I14="","",ROW()-7) | S14: =IF(Q14=0,"",W14/Q14) | AB14: =IF(AA14="",Z14,AA14*Z14/100) -> 0 | AC14: =IF(X14-Y14=0,"",(AB14-X14+Y14)/(X14-Y14)*100) | AD14: =IF(Q14=0,"",Z14/Q14) | AF14: A7
A15: =IF(I15="","",ROW()-7) | S15: =IF(Q15=0,"",W15/Q15) | AB15: =IF(AA15="",Z15,AA15*Z15/100) -> 0 | AC15: =IF(X15-Y15=0,"",(AB15-X15+Y15)/(X15-Y15)*100) | AD15: =IF(Q15=0,"",Z15/Q15) | AF15: A8
A16: =IF(I16="","",ROW()-7) | S16: =IF(Q16=0,"",W16/Q16) | AB16: =IF(AA16="",Z16,AA16*Z16/100) -> 0 | AC16: =IF(X16-Y16=0,"",(AB16-X16+Y16)/(X16-Y16)*100) | AD16: =IF(Q16=0,"",Z16/Q16) | AF16: A9
A17: =IF(I17="","",ROW()-7) | S17: =IF(Q17=0,"",W17/Q17) | AB17: =IF(AA17="",Z17,AA17*Z17/100) -> 0 | AC17: =IF(X17-Y17=0,"",(AB17-X17+Y17)/(X17-Y17)*100) | AD17: =IF(Q17=0,"",Z17/Q17) | AF17: A10
A18: =IF(I18="","",ROW()-7) | S18: =IF(Q18=0,"",W18/Q18) | AB18: =IF(AA18="",Z18,AA18*Z18/100) -> 0 | AC18: =IF(X18-Y18=0,"",(AB18-X18+Y18)/(X18-Y18)*100) | AD18: =IF(Q18=0,"",Z18/Q18) | AF18: A11
A19: =IF(I19="","",ROW()-7) | S19: =IF(Q19=0,"",W19/Q19) | AB19: =IF(AA19="",Z19,AA19*Z19/100) -> 0 | AC19: =IF(X19-Y19=0,"",(AB19-X19+Y19)/(X19-Y19)*100) | AD19: =IF(Q19=0,"",Z19/Q19) | AF19: A12
... A24: =IF(I24="","",ROW()-7) | S24: =IF(Q24=0,"",W24/Q24) | AB24: =IF(AA24="",Z24,AA24*Z24/100) -> 0 | AC24: =IF(X24-Y24=0,"",(AB24-X24+Y24)/(X24-Y24)*100) | AD24: =IF(Q24=0,"",Z24/Q24) | AF24: A17
A25: 房屋建筑物合计 | U25: =SUM(U8:U24) -> 0 | V25: =SUM(V8:V24) -> 0 | W25: =SUM(W8:W24) -> 0 | X25: =SUM(X8:X24) -> 0 | Y25: =SUM(Y8:Y24) -> 0 | Z25: =SUM(Z8:Z24) -> 0 | AB25: =SUM(AB8:AB24) -> 0 | AC25: =IF(X25-Y25=0,"",(AB25-X25+Y25)/(X25-Y25)*100)
A26: 减：房屋建筑物减值准备 | V26: =Y25 -> 0 | X26: =Y25 -> 0
A27: 房屋建筑物净额 | U27: =U25-U26 -> 0 | V27: =V25-V26 -> 0 | W27: =W25-W26 -> 0 | X27: =X25-X26 -> 0 | Z27: =Z25 -> 0 | AB27: =AB25 -> 0 | AC27: =IF(X27=0,"",(AB27-X27)/X27*100)
A28: =基本信息输入表!$K$6&"填表人："&基本信息输入表!$M$58 -> 产权持有人填表人：袁佳 | AC28: ="评估人员："&基本信息输入表!$Q$58 -> 评估人员：韩策
A29: ="填表日期："&YEAR(基本信息输入表!$O$58)&"年"&MONTH(基本信息输入表!$O$58)&"月"&DAY(基本信息输入表!$O$58)&"日" -> 填表日期：2025年12月15日

Sheet 4-8-2构筑物
A1: 返回索引目录
A2: 固定资产—构筑物及其他辅助设施评估明细表
A3: ="评估基准日："&TEXT(基本信息输入表!M7,"yyyy年mm月dd日") -> 评估基准日：2025年11月30日
T4: 表4-8-2
A5: =基本信息输入表!K6&"："&基本信息输入表!M6 -> 产权持有人：湖北省徽工生物技本研究有限公司 | S5: ="金额单位："&基本信息输入表!M10&"元" -> 金额单位：人民币元
A6: 序号 | B6: 资产编号 | C6: 名称 | D6: 详细地址 | E6: 材质或结构 | F6: 规格尺寸 | G6: 计量单位 | H6: 数量 | I6: 资产状况 | J6: 建成年月 | K6: 折旧年限 | L6: 审定前账面价值 | N6: 账面价值 | P6: 计提减值准备金额 | Q6: 评估价值 | T6: 增值率% | U6: 评估单价(元/单位) | V6: 备注
L7: 原值 | M7: 净值 | N7: 原值 | O7: 净值 | Q7: 原值 | R7: 成新率% | S7: 净值 | W7: 唯一标识列
A8: =IF(C8="","",ROW()-7) | S8: =IF(R8="",Q8,R8*Q8/100) -> 0 | T8: =IF(O8-P8=0,"",(S8-O8+P8)/(O8-P8)*100) | U8: =IF(H8=0,"",Q8/H8) | W8: A1
A9: =IF(C9="","",ROW()-7) | S9: =IF(R9="",Q9,R9*Q9/100) -> 0 | T9: =IF(O9-P9=0,"",(S9-O9+P9)/(O9-P9)*100) | U9: =IF(H9=0,"",Q9/H9) | W9: A2
A10: =IF(C10="","",ROW()-7) | S10: =IF(R10="",Q10,R10*Q10/100) -> 0 | T10: =IF(O10-P10=0,"",(S10-O10+P10)/(O10-P10)*100) | U10: =IF(H10=0,"",Q10/H10) | W10: A3
A11: =IF(C11="","",ROW()-7) | S11: =IF(R11="",Q11,R11*Q11/100) -> 0 | T11: =IF(O11-P11=0,"",(S11-O11+P11)/(O11-P11)*100) | U11: =IF(H11=0,"",Q11/H11) | W11: A4
A12: =IF(C12="","",ROW()-7) | S12: =IF(R12="",Q12,R12*Q12/100) -> 0 | T12: =IF(O12-P12=0,"",(S12-O12+P12)/(O12-P12)*100) | U12: =IF(H12=0,"",Q12/H12) | W12: A5
A13: =IF(C13="","",ROW()-7) | S13: =IF(R13="",Q13,R13*Q13/100) -> 0 | T13: =IF(O13-P13=0,"",(S13-O13+P13)/(O13-P13)*100) | U13: =IF(H13=0,"",Q13/H13) | W13: A6
A14: =IF(C14="","",ROW()-7) | S14: =IF(R14="",Q14,R14*Q14/100) -> 0 | T14: =IF(O14-P14=0,"",(S14-O14+P14)/(O14-P14)*100) | U14: =IF(H14=0,"",Q14/H14) | W14: A7
A15: =IF(C15="","",ROW()-7) | S15: =IF(R15="",Q15,R15*Q15/100) -> 0 | T15: =IF(O15-P15=0,"",(S15-O15+P15)/(O15-P15)*100) | U15: =IF(H15=0,"",Q15/H15) | W15: A8
A16: =IF(C16="","",ROW()-7) | S16: =IF(R16="",Q16,R16*Q16/100) -> 0 | T16: =IF(O16-P16=0,"",(S16-O16+P16)/(O16-P16)*100) | U16: =IF(H16=0,"",Q16/H16) | W16: A9
A17: =IF(C17="","",ROW()-7) | S17: =IF(R17="",Q17,R17*Q17/100) -> 0 | T17: =IF(O17-P17=0,"",(S17-O17+P17)/(O17-P17)*100) | U17: =IF(H17=0,"",Q17/H17) | W17: A10
A18: =IF(C18="","",ROW()-7) | S18: =IF(R18="",Q18,R18*Q18/100) -> 0 | T18: =IF(O18-P18=0,"",(S18-O18+P18)/(O18-P18)*100) | U18: =IF(H18=0,"",Q18/H18) | W18: A11
A19: =IF(C19="","",ROW()-7) | S19: =IF(R19="",Q19,R19*Q19/100) -> 0 | T19: =IF(O19-P19=0,"",(S19-O19+P19)/(O19-P19)*100) | U19: =IF(H19=0,"",Q19/H19) | W19: A12
... A24: =IF(C24="","",ROW()-7) | S24: =IF(R24="",Q24,R24*Q24/100) -> 0 | T24: =IF(O24-P24=0,"",(S24-O24+P24)/(O24-P24)*100) | U24: =IF(H24=0,"",Q24/H24) | W24: A17
A25: 构筑物合计 | L25: =SUM(L8:L24) -> 0 | M25: =SUM(M8:M24) -> 0 | N25: =SUM(N8:N24) -> 0 | O25: =SUM(O8:O24) -> 0 | P25: =SUM(P8:P24) -> 0 | Q25: =SUM(Q8:Q24) -> 0 | S25: =SUM(S8:S24) -> 0 | T25: =IF(O25-P25=0,"",(S25-O25+P25)/(O25-P25)*100)
A26: 减：构筑物及其他辅助设施减值准备 | M26: =P25 -> 0 | O26: =P25 -> 0
A27: 构筑物净额 | L27: =L25-L26 -> 0 | M27: =M25-M26 -> 0 | N27: =N25-N26 -> 0 | O27: =O25-O26 -> 0 | Q27: =Q25 -> 0 | S27: =S25 -> 0 | T27: =IF(O27=0,"",(S27-O27)/O27*100)
A28: =基本信息输入表!$K$6&"填表人："&基本信息输入表!$M$59 -> 产权持有人填表人：袁佳 | S28: ="评估人员："&基本信息输入表!$Q$59 -> 评估人员：韩策
A29: ="填表日期："&YEAR(基本信息输入表!$O$59)&"年"&MONTH(基本信息输入表!$O$59)&"月"&DAY(基本信息输入表!$O$59)&"日" -> 填表日期：2025年12月15日

Sheet 4-8-3管道沟槽
A1: 返回索引目录
A2: 固定资产—管道和沟槽评估明细表
A3: ="评估基准日："&TEXT(基本信息输入表!M7,"yyyy年mm月dd日") -> 评估基准日：2025年11月30日
V4: 表4-8-3
A5: =基本信息输入表!K6&"："&基本信息输入表!M6 -> 产权持有人：湖北省徽工生物技本研究有限公司 | V5: ="金额单位："&基本信息输入表!M10&"元" -> 金额单位：人民币元
A6: 序号 | B6: 资产编号 | C6: 名称 | D6: 起讫地址 | E6: 长度 (m) | F6: 漕深 (m) | G6: 沟宽*沟厚(mm*mm) 管径*壁厚(mm*mm) | H6: 材质 | I6: 绝缘方式 | J6: 资产状态 | K6: 建成年月 | L6: 折旧年限 | M6: 审定前账面价值 | O6: 账面价值 | Q6: 计提减值准备金额 | R6: 评估价值 | U6: 增值率% | V6: 备注
M7: 原值 | N7: 净值 | O7: 原值 | P7: 净值 | R7: 原值 | S7: 成新率% | T7: 净值 | W7: 唯一标识列
A8: =IF(C8="","",ROW()-7) | T8: =IF(S8="",R8,S8*R8/100) -> 0 | U8: =IF(P8-Q8=0,"",(T8-P8+Q8)/(P8-Q8)*100) | W8: A1
A9: =IF(C9="","",ROW()-7) | T9: =IF(S9="",R9,S9*R9/100) -> 0 | U9: =IF(P9-Q9=0,"",(T9-P9+Q9)/(P9-Q9)*100) | W9: A2
A10: =IF(C10="","",ROW()-7) | T10: =IF(S10="",R10,S10*R10/100) -> 0 | U10: =IF(P10-Q10=0,"",(T10-P10+Q10)/(P10-Q10)*100) | W10: A3
A11: =IF(C11="","",ROW()-7) | T11: =IF(S11="",R11,S11*R11/100) -> 0 | U11: =IF(P11-Q11=0,"",(T11-P11+Q11)/(P11-Q11)*100) | W11: A4
A12: =IF(C12="","",ROW()-7) | T12: =IF(S12="",R12,S12*R12/100) -> 0 | U12: =IF(P12-Q12=0,"",(T12-P12+Q12)/(P12-Q12)*100) | W12: A5
A13: =IF(C13="","",ROW()-7) | T13: =IF(S13="",R13,S13*R13/100) -> 0 | U13: =IF(P13-Q13=0,"",(T13-P13+Q13)/(P13-Q13)*100) | W13: A6
A14: =IF(C14="","",ROW()-7) | T14: =IF(S14="",R14,S14*R14/100) -> 0 | U14: =IF(P14-Q14=0,"",(T14-P14+Q14)/(P14-Q14)*100) | W14: A7
A15: =IF(C15="","",ROW()-7) | T15: =IF(S15="",R15,S15*R15/100) -> 0 | U15: =IF(P15-Q15=0,"",(T15-P15+Q15)/(P15-Q15)*100) | W15: A8
A16: =IF(C16="","",ROW()-7) | T16: =IF(S16="",R16,S16*R16/100) -> 0 | U16: =IF(P16-Q16=0,"",(T16-P16+Q16)/(P16-Q16)*100) | W16: A9
A17: =IF(C17="","",ROW()-7) | T17: =IF(S17="",R17,S17*R17/100) -> 0 | U17: =IF(P17-Q17=0,"",(T17-P17+Q17)/(P17-Q17)*100) | W17: A10
A18: =IF(C18="","",ROW()-7) | T18: =IF(S18="",R18,S18*R18/100) -> 0 | U18: =IF(P18-Q18=0,"",(T18-P18+Q18)/(P18-Q18)*100) | W18: A11
A19: =IF(C19="","",ROW()-7) | T19: =IF(S19="",R19,S19*R19/100) -> 0 | U19: =IF(P19-Q19=0,"",(T19-P19+Q19)/(P19-Q19)*100) | W19: A12
... A24: =IF(C24="","",ROW()-7) | T24: =IF(S24="",R24,S24*R24/100) -> 0 | U24: =IF(P24-Q24=0,"",(T24-P24+Q24)/(P24-Q24)*100) | W24: A17
A25: 管道沟槽合计 | M25: =SUM(M8:M24) -> 0 | N25: =SUM(N8:N24) -> 0 | O25: =SUM(O8:O24) -> 0 | P25: =SUM(P8:P24) -> 0 | Q25: =SUM(Q8:Q24) -> 0 | R25: =SUM(R8:R24) -> 0 | T25: =SUM(T8:T24) -> 0 | U25: =IF(P25-Q25=0,"",(T25-P25+Q25)/(P25-Q25)*100)
A26: 减：管道和沟槽减值准备 | N26: =Q25 -> 0 | P26: =Q25 -> 0
A27: 管道沟槽净额 | M27: =M25-M26 -> 0 | N27: =N25-N26 -> 0 | O27: =O25-O26 -> 0 | P27: =P25-P26 -> 0 | R27: =R25 -> 0 | T27: =T25 -> 0 | U27: =IF(P27=0,"",(T27-P27)/P27*100)
A28: =基本信息输入表!$K$6&"填表人："&基本信息输入表!$M$60 -> 产权持有人填表人：袁佳 | T28: ="评估人员："&基本信息输入表!$Q$60 -> 评估人员：韩策
A29: ="填表日期："&YEAR(基本信息输入表!$O$60)&"年"&MONTH(基本信息输入表!$O$60)&"月"&DAY(基本信息输入表!$O$60)&"日" -> 填表日期：2025年12月15日

Sheet 4-8-4井巷工程
A2: 固定资产——井巷工程评估明细表
A3: ="评估基准日："&TEXT(基本信息输入表!M7,"yyyy年mm月dd日") -> 评估基准日：2025年11月30日
AB4: 表4-8-4
A5: =基本信息输入表!K6&"："&基本信息输入表!M6 -> 产权持有人：湖北省徽工生物技本研究有限公司 | AB5: ="金额单位："&基本信息输入表!M10&"元" -> 金额单位：人民币元
A6: 序号 | B6: 资产编号 | C6: 井巷工程名称 | D6: 岩石硬度系数 | E6: 支护 | F6: 锚杆长度 (M) | G6: 锚杆数量 （根/M） | H6: 轨型 (KG/M) | I6: 轨距 (MM) | J6: 轨枕 | K6: 支护厚度 (mm) | L6: 掘进断面 (m2) | M6: 巷道倾角 | N6: 巷道长度 (M) | O6: 硐室体积 (M3) | P6: 竣工年月 | Q6: 折旧年限 | R6: 尚可使用年限 | S6: 审定前账面价值 | U6: 账面价值 | W6: 计提减值准备金额 | X6: 评估价值 | AA6: 增值率% | AB6: 备注
E7: 方式 | S7: 原值 | T7: 净值 | U7: 原值 | V7: 净值 | X7: 原值 | Y7: 成新率% | Z7: 净值 | AC7: 唯一标识列
A8: =IF(B8="","",ROW()-6) | Z8: =IF(Y8="",X8,Y8*X8/100) -> 0 | AA8: =IF(V8-W8=0,"",(Z8-V8+W8)/(V8-W8)*100) | AC8: A1
A9: =IF(B9="","",ROW()-6) | Z9: =IF(Y9="",X9,Y9*X9/100) -> 0 | AA9: =IF(V9-W9=0,"",(Z9-V9+W9)/(V9-W9)*100) | AC9: A2
A10: =IF(B10="","",ROW()-6) | Z10: =IF(Y10="",X10,Y10*X10/100) -> 0 | AA10: =IF(V10-W10=0,"",(Z10-V10+W10)/(V10-W10)*100) | AC10: A3
A11: =IF(B11="","",ROW()-6) | Z11: =IF(Y11="",X11,Y11*X11/100) -> 0 | AA11: =IF(V11-W11=0,"",(Z11-V11+W11)/(V11-W11)*100) | AC11: A4
A12: =IF(B12="","",ROW()-6) | Z12: =IF(Y12="",X12,Y12*X12/100) -> 0 | AA12: =IF(V12-W12=0,"",(Z12-V12+W12)/(V12-W12)*100) | AC12: A5
A13: =IF(B13="","",ROW()-6) | Z13: =IF(Y13="",X13,Y13*X13/100) -> 0 | AA13: =IF(V13-W13=0,"",(Z13-V13+W13)/(V13-W13)*100) | AC13: A6
A14: =IF(B14="","",ROW()-6) | Z14: =IF(Y14="",X14,Y14*X14/100) -> 0 | AA14: =IF(V14-W14=0,"",(Z14-V14+W14)/(V14-W14)*100) | AC14: A7
A15: =IF(B15="","",ROW()-6) | Z15: =IF(Y15="",X15,Y15*X15/100) -> 0 | AA15: =IF(V15-W15=0,"",(Z15-V15+W15)/(V15-W15)*100) | AC15: A8
A16: =IF(B16="","",ROW()-6) | Z16: =IF(Y16="",X16,Y16*X16/100) -> 0 | AA16: =IF(V16-W16=0,"",(Z16-V16+W16)/(V16-W16)*100) | AC16: A9
A17: =IF(B17="","",ROW()-6) | Z17: =IF(Y17="",X17,Y17*X17/100) -> 0 | AA17: =IF(V17-W17=0,"",(Z17-V17+W17)/(V17-W17)*100) | AC17: A10
A18: =IF(B18="","",ROW()-6) | Z18: =IF(Y18="",X18,Y18*X18/100) -> 0 | AA18: =IF(V18-W18=0,"",(Z18-V18+W18)/(V18-W18)*100) | AC18: A11
A19: =IF(B19="","",ROW()-6) | Z19: =IF(Y19="",X19,Y19*X19/100) -> 0 | AA19: =IF(V19-W19=0,"",(Z19-V19+W19)/(V19-W19)*100) | AC19: A12
... A24: =IF(B24="","",ROW()-6) | Z24: =IF(Y24="",X24,Y24*X24/100) -> 0 | AA24: =IF(V24-W24=0,"",(Z24-V24+W24)/(V24-W24)*100) | AC24: A17
A25: 井巷工程合计 | S25: =SUM(S8:S24) -> 0 | T25: =SUM(T8:T24) -> 0 | U25: =SUM(U8:U24) -> 0 | V25: =SUM(V8:V24) -> 0 | W25: =SUM(W8:W24) -> 0 | X25: =SUM(X8:X24) -> 0 | Z25: =SUM(Z8:Z24) -> 0 | AA25: =IF(V25-W25=0,"",(Z25-V25+W25)/(V25-W25)*100)
A26: 减：井巷工程减值准备 | T26: =W25 -> 0 | V26: =W25 -> 0 | AA26: =IF(V26=0,"",(Z26-V26)/V26*100)
A27: 井巷工程净额 | S27: =S25-S26 -> 0 | T27: =T25-T26 -> 0 | U27: =U25-U26 -> 0 | V27: =V25-V26 -> 0 | X27: =X25 -> 0 | Z27: =Z25 -> 0 | AA27: =IF(V27=0,"",(Z27-V27)/V27*100)
A28: =基本信息输入表!$K$6&"填表人："&基本信息输入表!$M$61 -> 产权持有人填表人：袁佳 | Z28: ="评估人员："&基本信息输入表!$Q$61 -> 评估人员：韩策
A29: ="填表日期："&YEAR(基本信息输入表!$O$61)&"年"&MONTH(基本信息输入表!$O$61)&"月"&DAY(基本信息输入表!$O$61)&"日" -> 填表日期：2025年12月15日

Sheet 4-8-5机器设备
A1: 返回索引目录
A2: 固定资产—机器设备评估明细表
A3: ="评估基准日："&TEXT(基本信息输入表!M7,"yyyy年mm月dd日") -> 评估基准日：2025年11月30日
X4: 表4-8-5
A5: =基本信息输入表!K6&"："&基本信息输入表!M6 -> 产权持有人：湖北省徽工生物技本研究有限公司 | W5: ="金额单位："&基本信息输入表!M10&"元" -> 金额单位：人民币元
A6: 序号 | B6: 资产编号 | C6: 设备名称 | D6: 规格型号 | E6: 生产厂家 | F6: 设备材质 | G6: 资产状态 | H6: 设备重量（T） | I6: 计量单位 | J6: 数量 | K6: 存放地点 | L6: 购置日期 | M6: 启用日期 | N6: 折旧年限 | O6: 设备近期市场价格 | P6: 近期价格内涵 | Q6: 审定前账面价值 | S6: 账面价值 | U6: 计提减值准备金额 | V6: 评估价值 | Y6: 增值率% | Z6: 备注
Q7: 原值 | R7: 净值 | S7: 原值 | T7: 净值 | V7: 原值 | W7: 成新率% | X7: 净值 | AA7: 唯一标识列
A8: =IF(C8="","",ROW()-7) | X8: =IF(W8="",V8,W8*V8/100) -> 0 | Y8: =IF(T8-U8=0,"",(X8-T8+U8)/(T8-U8)*100) | AA8: A1
A9: =IF(C9="","",ROW()-7) | X9: =IF(W9="",V9,W9*V9/100) -> 0 | Y9: =IF(T9-U9=0,"",(X9-T9+U9)/(T9-U9)*100) | AA9: A2
A10: =IF(C10="","",ROW()-7) | X10: =IF(W10="",V10,W10*V10/100) -> 0 | Y10: =IF(T10-U10=0,"",(X10-T10+U10)/(T10-U10)*100) | AA10: A3
A11: =IF(C11="","",ROW()-7) | X11: =IF(W11="",V11,W11*V11/100) -> 0 | Y11: =IF(T11-U11=0,"",(X11-T11+U11)/(T11-U11)*100) | AA11: A4
A12: =IF(C12="","",ROW()-7) | X12: =IF(W12="",V12,W12*V12/100) -> 0 | Y12: =IF(T12-U12=0,"",(X12-T12+U12)/(T12-U12)*100) | AA12: A5
A13: =IF(C13="","",ROW()-7) | X13: =IF(W13="",V13,W13*V13/100) -> 0 | Y13: =IF(T13-U13=0,"",(X13-T13+U13)/(T13-U13)*100) | AA13: A6
A14: =IF(C14="","",ROW()-7) | X14: =IF(W14="",V14,W14*V14/100) -> 0 | Y14: =IF(T14-U14=0,"",(X14-T14+U14)/(T14-U14)*100) | AA14: A7
A15: =IF(C15="","",ROW()-7) | X15: =IF(W15="",V15,W15*V15/100) -> 0 | Y15: =IF(T15-U15=0,"",(X15-T15+U15)/(T15-U15)*100) | AA15: A8
A16: =IF(C16="","",ROW()-7) | X16: =IF(W16="",V16,W16*V16/100) -> 0 | Y16: =IF(T16-U16=0,"",(X16-T16+U16)/(T16-U16)*100) | AA16: A9
A17: =IF(C17="","",ROW()-7) | X17: =IF(W17="",V17,W17*V17/100) -> 0 | Y17: =IF(T17-U17=0,"",(X17-T17+U17)/(T17-U17)*100) | AA17: A10
A18: =IF(C18="","",ROW()-7) | X18: =IF(W18="",V18,W18*V18/100) -> 0 | Y18: =IF(T18-U18=0,"",(X18-T18+U18)/(T18-U18)*100) | AA18: A11
A19: =IF(C19="","",ROW()-7) | X19: =IF(W19="",V19,W19*V19/100) -> 0 | Y19: =IF(T19-U19=0,"",(X19-T19+U19)/(T19-U19)*100) | AA19: A12
... A24: =IF(C24="","",ROW()-7) | X24: =IF(W24="",V24,W24*V24/100) -> 0 | Y24: =IF(T24-U24=0,"",(X24-T24+U24)/(T24-U24)*100) | AA24: A17
A25: 机器设备合计 | Q25: =SUM(Q8:Q24) -> 0 | R25: =SUM(R8:R24) -> 0 | S25: =SUM(S8:S24) -> 0 | T25: =SUM(T8:T24) -> 0 | U25: =SUM(U8:U24) -> 0 | V25: =SUM(V8:V24) -> 0 | X25: =SUM(X8:X24) -> 0 | Y25: =IF(T25-U25=0,"",(X25-T25+U25)/(T25-U25)*100)
A26: 减：机器设备减值准备 | R26: =U25 -> 0 | T26: =U25 -> 0
A27: 机器设备净额 | Q27: =Q25-Q26 -> 0 | R27: =R25-R26 -> 0 | S27: =S25-S26 -> 0 | T27: =T25-T26 -> 0 | V27: =V25 -> 0 | X27: =X25 -> 0 | Y27: =IF(T27=0,"",(X27-T27)/T27*100)
A28: =基本信息输入表!$K$6&"填表人："&基本信息输入表!$M$62 -> 产权持有人填表人：袁佳 | X28: ="评估人员："&基本信息输入表!$Q$62 -> 评估人员：韩策
A29: ="填表日期："&YEAR(基本信息输入表!$O$62)&"年"&MONTH(基本信息输入表!$O$62)&"月"&DAY(基本信息输入表!$O$62)&"日" -> 填表日期：2025年12月15日

Sheet 4-8-6车辆
A1: 返回索引目录
A2: 固定资产—车辆评估明细表
A3: ="评估基准日："&TEXT(基本信息输入表!M7,"yyyy年mm月dd日") -> 评估基准日：2025年11月30日
Y4: 表4-8-6
A5: =基本信息输入表!K6&"："&基本信息输入表!M6 -> 产权持有人：湖北省徽工生物技本研究有限公司 | Y5: ="金额单位："&基本信息输入表!M10&"元" -> 金额单位：人民币元
A6: 序号 | B6: 资产编号 | C6: 车辆牌号 | D6: 行驶证载权利人 | E6: 车辆名称 | F6: 规格型号 | G6: 生产厂家 | H6: 计量单位 | I6: 数量 | J6: 购置日期 | K6: 启用日期 | L6: 所属部门 | M6: 已行驶里程 (公里) | N6: 折旧年限 | O6: 资产状态 | P6: 审定前账面价值 | R6: 账面价值 | T6: 计提减值准备金额 | U6: 评估价值 | X6: 增值率% | Y6: 备注
P7: 原值 | Q7: 净值 | R7: 原值 | S7: 净值 | U7: 原值 | V7: 成新率% | W7: 净值 | Z7: 唯一标识列
A8: =IF(E8="","",ROW()-7) | W8: =IF(V8="",U8,V8*U8/100) -> 0 | X8: =IF(S8-T8=0,"",(W8-S8+T8)/(S8-T8)*100) | Z8: A1
A9: =IF(E9="","",ROW()-7) | W9: =IF(V9="",U9,V9*U9/100) -> 0 | X9: =IF(S9-T9=0,"",(W9-S9+T9)/(S9-T9)*100) | Z9: A2
A10: =IF(E10="","",ROW()-7) | W10: =IF(V10="",U10,V10*U10/100) -> 0 | X10: =IF(S10-T10=0,"",(W10-S10+T10)/(S10-T10)*100) | Z10: A3
A11: =IF(E11="","",ROW()-7) | W11: =IF(V11="",U11,V11*U11/100) -> 0 | X11: =IF(S11-T11=0,"",(W11-S11+T11)/(S11-T11)*100) | Z11: A4
A12: =IF(E12="","",ROW()-7) | W12: =IF(V12="",U12,V12*U12/100) -> 0 | X12: =IF(S12-T12=0,"",(W12-S12+T12)/(S12-T12)*100) | Z12: A5
A13: =IF(E13="","",ROW()-7) | W13: =IF(V13="",U13,V13*U13/100) -> 0 | X13: =IF(S13-T13=0,"",(W13-S13+T13)/(S13-T13)*100) | Z13: A6
A14: =IF(E14="","",ROW()-7) | W14: =IF(V14="",U14,V14*U14/100) -> 0 | X14: =IF(S14-T14=0,"",(W14-S14+T14)/(S14-T14)*100) | Z14: A7
A15: =IF(E15="","",ROW()-7) | W15: =IF(V15="",U15,V15*U15/100) -> 0 | X15: =IF(S15-T15=0,"",(W15-S15+T15)/(S15-T15)*100) | Z15: A8
A16: =IF(E16="","",ROW()-7) | W16: =IF(V16="",U16,V16*U16/100) -> 0 | X16: =IF(S16-T16=0,"",(W16-S16+T16)/(S16-T16)*100) | Z16: A9
A17: =IF(E17="","",ROW()-7) | W17: =IF(V17="",U17,V17*U17/100) -> 0 | X17: =IF(S17-T17=0,"",(W17-S17+T17)/(S17-T17)*100) | Z17: A10
A18: =IF(E18="","",ROW()-7) | W18: =IF(V18="",U18,V18*U18/100) -> 0 | X18: =IF(S18-T18=0,"",(W18-S18+T18)/(S18-T18)*100) | Z18: A11
A19: =IF(E19="","",ROW()-7) | W19: =IF(V19="",U19,V19*U19/100) -> 0 | X19: =IF(S19-T19=0,"",(W19-S19+T19)/(S19-T19)*100) | Z19: A12
... A24: =IF(E24="","",ROW()-7) | W24: =IF(V24="",U24,V24*U24/100) -> 0 | X24: =IF(S24-T24=0,"",(W24-S24+T24)/(S24-T24)*100) | Z24: A17
A25: 车辆合计 | P25: =SUM(P8:P24) -> 0 | Q25: =SUM(Q8:Q24) -> 0 | R25: =SUM(R8:R24) -> 0 | S25: =SUM(S8:S24) -> 0 | T25: =SUM(T8:T24) -> 0 | U25: =SUM(U8:U24) -> 0 | W25: =SUM(W8:W24) -> 0 | X25: =IF(S25-T25=0,"",(W25-S25+T25)/(S25-T25)*100)
A26: 减：车辆减值准备 | Q26: =T25 -> 0 | S26: =T25 -> 0
A27: 车辆净额 | P27: =P25-P26 -> 0 | Q27: =Q25-Q26 -> 0 | R27: =R25-R26 -> 0 | S27: =S25-S26 -> 0 | U27: =U25 -> 0 | W27: =W25 -> 0 | X27: =IF(S27=0,"",(W27-S27)/S27*100)
A28: =基本信息输入表!$K$6&"填表人："&基本信息输入表!$M$63 -> 产权持有人填表人：袁佳 | W28: ="评估人员："&基本信息输入表!$Q$63 -> 评估人员：韩策
A29: ="填表日期："&YEAR(基本信息输入表!$O$63)&"年"&MONTH(基本信息输入表!$O$63)&"月"&DAY(基本信息输入表!$O$63)&"日" -> 填表日期：2025年12月15日

Sheet 4-8-7电子设备
A1: 返回索引目录
A2: 固定资产拟处置清单
A3: 评估基准日：2025年11月30日
A5: 产权持有人：湖北省徽工生物技本研究有限公司 | K5: 金额单位：人民币元
A6: 序号 | B6: 资产编号 | C6: 设备名称 | D6: 规格型号 | E6: 计量单位 | F6: 数量 | G6: 存放地点 | H6: 评估价值 | K6: 备注
H7: 原值 | I7: 成新率% | J7: 净值
A8: 1 | B8: 01100301990000067 | C8: 冰箱 | D8: BCD-649WE | E8: 台 | F8: 1 | G8: 201 | H8: 200 | J8: 200
A9: 2 | B9: 01100301990000127 | C9: 电脑 | E9: 台 | F9: 1 | G9: 201 | H9: 80 | J9: 80
A10: 3 | B10: 11001040000020 | C10: 臼式研磨仪 | D10: ST-B100 | E10: 台 | F10: 1 | G10: 201 | H10: 100 | J10: 100
A11: 4 | B11: 01100301040000082 | C11: 显微数码成像系统 | D11: BX51 | E11: 台 | F11: 1 | G11: 201 | H11: 2000 | J11: 2000
A12: 5 | B12: 11001040000014 | C12: 行星球磨仪 | D12: F-P4000 | E12: 台 | F12: 1 | G12: 201 | H12: 200 | J12: 200
A13: 6 | B13: 11001040000021 | C13: 真空干燥箱 | D13: LVO-1B(6050) | E13: 台 | F13: 1 | G13: 201 | H13: 100 | J13: 100
A14: 7 | B14: 01100301040000169 | C14: 紫外可见分光光度计 | D14: uv700 | E14: 台 | F14: 1 | G14: 201 | H14: 50 | J14: 50
A15: 8 | B15: 11001060000012 | C15: 格力空调天井机 | D15: KFR-72GW | E15: 台 | F15: 1 | G15: 201 | H15: 2000 | J15: 2000
A16: 9 | B16: 01100301040000216 | C16: 海尔冰箱 | D16: DW-40L262 | E16: 台 | F16: 1 | G16: 201 | H16: 100 | J16: 100
A17: 10 | B17: 11001060000013 | C17: 格力空调天井机 | D17: KFR-72GW | E17: 台 | F17: 1 | G17: 202 | H17: 2000 | J17: 2000
A18: 11 | B18: 01100301040000175 | C18: 气相色谱仪 | D18: GC122 | E18: 台 | F18: 1 | G18: 202 | H18: 500 | J18: 500
A19: 12 | B19: 11001040000008 | C19: 全波长酶标仪 | D19: TECAN INFINITE 200 PRO | E19: 台 | F19: 1 | G19: 202 | H19: 1500 | J19: 1500
A20: 13 | B20: 11001040000016 | C20: 全自动微生物鉴定分析仪 | D20: VITEK 2 Compact | E20: 台 | F20: 1 | G20: 202 | H20: 1000 | J20: 1000
A21: 14 | B21: 01100301040000195 | C21: 微量核酸蛋白分析仪 | D21: Nannodrop2000 | E21: 台 | F21: 1 | G21: 202 | H21: 100 | J21: 100
A22: 15 | B22: 11001040000004 | C22: 液相色谱仪 | D22: P3100 | E22: 台 | F22: 1 | G22: 202 | H22: 500 | J22: 500
A23: 16 | B23: 11001040000012 | C23: 紫外分光光度仪 | D23: UV-2600 | E23: 台 | F23: 1 | G23: 202 | H23: 300 | J23: 300
A24: 17 | B24: 11001040000006 | C24: 自动进样器 | D24: S3100 | E24: 台 | F24: 1 | G24: 202 | H24: 200 | J24: 200
A25: 18 | B25: 01100301990000113 | C25: 电脑 | E25: 台 | F25: 1 | G25: 202 | H25: 80 | J25: 80
A26: 19 | B26: 01100301990000111 | C26: 打印机 | E26: 台 | F26: 1 | G26: 202 | H26: 30 | J26: 30
A27: 20 | B27: 01100301990000065 | C27: 电脑 | E27: 台 | F27: 1 | G27: 202 | H27: 80 | J27: 80
A28: 21 | B28: 01100301990000089 | C28: 电脑 | E28: 台 | F28: 1 | G28: 202 | H28: 80 | J28: 80
A29: 22 | B29: 01100301990000128 | C29: 电脑 | E29: 台 | F29: 1 | G29: 202 | H29: 80 | J29: 80
A30: 23 | B30: 01100301990000120 | C30: 电脑 | E30: 台 | F30: 1 | G30: 202 | H30: 80 | J30: 80
A31: 24 | B31: 11001040000028 | C31: S-10生物传感器分析仪 | D31: S-10 | E31: 台 | F31: 1 | G31: 203 | H31: 200 | J31: 200
A32: 25 | B32: 11001040000038 | C32: 便携式ph仪 | D32: PHBJ-260F | E32: 台 | F32: 1 | G32: 203 | H32: 50 | J32: 50
A33: 26 | B33: 11001040000036 | C33: 便携式溶解氧测定仪 | D33: LH-DO2M | E33: 台 | F33: 1 | G33: 203 | H33: 50 | J33: 50
A34: 27 | B34: 11001040000039 | C34: 便携式水质分析仪 | D34: PMI800 | E34: 台 | F34: 1 | G34: 203 | H34: 50 | J34: 50
A35: 28 | B35: 11001040000037 | C35: 便携式悬浮物测定仪 | D35: LH-SS2M | E35: 台 | F35: 1 | G35: 203 | H35: 50 | J35: 50
A36: 29 | B36: 01100301040000196 | C36: 不锈钢多联过虑系统 | D36: ZKB-1A型 | E36: 台 | F36: 1 | G36: 203 | H36: 50 | J36: 50
A37: 30 | B37: 01100301040000182 | C37: 超低温冰箱 | D37: 902 | E37: 台 | F37: 1 | G37: 203 | H37: 200 | J37: 200
A38: 31 | B38: 01100301040000199 | C38: 超声波清洗机 | D38: JP-040 | E38: 台 | F38: 1 | G38: 203 | H38: 30 | J38: 30
A39: 32 | B39: 01100301040000197 | C39: 纯水机 | D39: UPW-S(15) | E39: 台 | F39: 1 | G39: 203 | H39: 100 | J39: 100
A40: 33 | B40: 11001040000035 | C40: 多参数水质测定仪 | D40: 5B-6C（V11） | E40: 台 | F40: 1 | G40: 203 | H40: 300 | J40: 300
A41: 34 | B41: 11001060000014 | C41: 格力空调天井机 | D41: KFR-72GW | E41: 台 | F41: 1 | G41: 203 | H41: 2000 | J41: 2000
A42: 35 | B42: 11001040000033 | C42: 酸度计 | D42: FE28 | E42: 台 | F42: 1 | G42: 203 | H42: 50 | J42: 50
A43: 36 | B43: 11001040000001 | C43: 台式高速冷冻机 | D43: TGL-20M | E43: 台 | F43: 1 | G43: 203 | H43: 50 | J43: 50
A44: 37 | B44: 11001040000007 | C44: 真空封口机 | D44: DZ-400 2S | E44: 台 | F44: 1 | G44: 203 | H44: 100 | J44: 100
A45: 38 | B45: 01100301990000168 | C45: 冰箱卧式 | E45: 台 | F45: 1 | G45: 203 | H45: 50 | J45: 50
A46: 39 | B46: 01100301990000110 | C46: 电脑 | E46: 台 | F46: 1 | G46: 203 | H46: 80 | J46: 80
A47: 40 | B47: 11001040000026 | C47: -40°C超低温冰箱 | D47: DW-40L508 | E47: 台 | F47: 1 | G47: 204 | H47: 200 | J47: 200
A48: 41 | B48: 11001040000017 | C48: -40℃超低温冰箱 | D48: DW-40L508 | E48: 台 | F48: 1 | G48: 204 | H48: 200 | J48: 200
A49: 42 | B49: 11001040000010 | C49: 超低温冰箱 | D49: MDF-U74V | E49: 台 | F49: 1 | G49: 204 | H49: 500 | J49: 500
A50: 43 | B50: 11001040000018 | C50: 超低温冰箱 | D50: MDF-U54V | E50: 台 | F50: 1 | G50: 204 | H50: 500 | J50: 500
A51: 44 | B51: 11001040000025 | C51: 超低温冰箱 | D51: MDF-U54V | E51: 台 | F51: 1 | G51: 204 | H51: 500 | J51: 500
A52: 45 | B52: 01100301040000115 | C52: 超低温冰箱 | D52: 230 | E52: 台 | F52: 1 | G52: 204 | H52: 500 | J52: 500
A53: 46 | B53: 01100301040000181 | C53: 低温保存箱 | D53: DW-40L508 | E53: 台 | F53: 1 | G53: 204 | H53: 50 | J53: 50
A54: 47 | B54: 01100301990000114 | C54: 电脑 | E54: 台 | F54: 1 | G54: 204 | H54: 80 | J54: 80
A55: 48 | B55: 11001060000017 | C55: 格力空调柜机KFR-120LW | D55: KFR-120LW | E55: 台 | F55: 1 | G55: 204 | H55: 3500 | J55: 3500
A56: 49 | B56: 11001060000018 | C56: 格力空调柜机KFR-120LW | D56: KFR-120LW | E56: 台 | F56: 1 | G56: 204 | H56: 3500 | J56: 3500
A57: 50 | B57: 11001040000024 | C57: 超声波清洗器 | D57: S10-H | E57: 台 | F57: 1 | G57: 205 | H57: 50 | J57: 50
A58: 51 | B58: 11001040000046 | C58: 电热鼓风干燥箱 | D58: WGL-125B | E58: 台 | F58: 1 | G58: 205 | H58: 100 | J58: 100
A59: 52 | B59: 11001060000007 | C59: 格力空调KFR-32GW | D59: KFR-32GW | E59: 台 | F59: 1 | G59: 205 | H59: 700 | J59: 700
A60: 53 | B60: 11001060000002 | C60: 格力空调挂机KFR-26GW | D60: KFR-26GW | E60: 台 | F60: 1 | G60: 205 | H60: 600 | J60: 600
A61: 54 | B61: 01100301990000060 | C61: 洗衣机 | D61: XQB55-00807 | E61: 台 | F61: 1 | G61: 205 | H61: 50 | J61: 50
A62: 55 | B62: 11001040000013 | C62: 自动灭菌锅 | D62: LDZF-50KB | E62: 台 | F62: 1 | G62: 205 | H62: 100 | J62: 100
A63: 56 | B63: 01100301990000121 | C63: 打印机 | D63: P1106 | E63: 台 | F63: 1 | G63: 206 | H63: 100 | J63: 100
A64: 57 | B64: 11001060000006 | C64: 格力空调KFR-32GW | D64: KFR-32GW | E64: 台 | F64: 1 | G64: 206 | H64: 700 | J64: 700
A65: 58 | B65: 11001040000029 | C65: 静音无油空压机 | D65: GA-84 | E65: 台 | F65: 1 | G65: 206 | H65: 200 | J65: 200
A66: 59 | B66: 01100301040000204 | C66: PCR仪 | D66: ETC-811 | E66: 台 | F66: 1 | G66: 207 | H66: 50 | J66: 50
A67: 60 | B67: 01100301990000125 | C67: 办公设备TS100 | D67: TS100 | E67: 台 | F67: 1 | G67: 207 | H67: 50 | J67: 50
A68: 61 | B68: 01100301990000139 | C68: 冰箱 | D68: HYC-940 | E68: 台 | F68: 1 | G68: 207 | H68: 100 | J68: 100
A69: 62 | B69: 01100301990000174 | C69: 冰箱 | D69: LG | E69: 台 | F69: 1 | G69: 207 | H69: 100 | J69: 100
A70: 63 | B70: 01100301040000122 | C70: 超声波细胞粉碎机 | D70: SCIENTZ-Ⅱz | E70: 台 | F70: 1 | G70: 207 | H70: 50 | J70: 50
A71: 64 | B71: 01100301040000198 | C71: 超微量分光光度计 | D71: Dynamica DNA Master | E71: 台 | F71: 1 | G71: 207 | H71: 300 | J71: 300
A72: 65 | B72: 01100301040000205 | C72: 多功能成像系统 | D72: quantum ST5 | E72: 台 | F72: 1 | G72: 207 | H72: 100 | J72: 100
A73: 66 | B73: 11001060000016 | C73: 格力空调天井机 | D73: KFR-72GW | E73: 台 | F73: 1 | G73: 207 | H73: 2000 | J73: 2000
A74: 67 | B74: 01100301040000201 | C74: 恒温振荡器 | D74: MS7-H550-PRO | E74: 台 | F74: 1 | G74: 207 | H74: 100 | J74: 100
A75: 68 | B75: 01100301040000193 | C75: 琼脂糖水平电泳仪 | D75: DYCP-31DN型 | E75: 台 | F75: 1 | G75: 207 | H75: 50 | J75: 50
A76: 69 | B76: 01100301040000191 | C76: 双稳定时电泳仪电源 | D76: DYY-6C | E76: 台 | F76: 1 | G76: 207 | H76: 50 | J76: 50
A77: 70 | B77: 01100301040000123 | C77: 台式高速冷冻微量离心机 | D77: D3024R | E77: 台 | F77: 1 | G77: 207 | H77: 50 | J77: 50
A78: 71 | B78: 01100301040000003 | C78: 电子天平 | D78: AR2202CN | E78: 台 | F78: 1 | G78: 208 | H78: 50 | J78: 50
A79: 72 | B79: 01100301040000184 | C79: 电子天平 | D79: PB203N | E79: 台 | F79: 1 | G79: 208 | H79: 50 | J79: 50
A80: 73 | B80: 11001040000032 | C80: 分析天平 | D80: ME140E | E80: 台 | F80: 1 | G80: 208 | H80: 100 | J80: 100
A81: 74 | B81: 11001060000003 | C81: 格力挂机空调KFR-26GW | D81: KFR-26GW | E81: 台 | F81: 1 | G81: 208 | H81: 600 | J81: 600
A82: 75 | B82: 11001060000004 | C82: 格力挂机空调KFR-26GW | D82: KFR-26GW | E82: 台 | F82: 1 | G82: 208 | H82: 600 | J82: 600
A83: 76 | B83: 11001040000031 | C83: 水分活度仪 | D83: HP23AW | E83: 台 | F83: 1 | G83: 208 | H83: 1000 | J83: 1000
A84: 77 | B84: 01100301040000183 | C84: 天平 | D84: PL6001E | E84: 台 | F84: 1 | G84: 208 | H84: 50 | J84: 50
A85: 78 | B85: 11001060000009 | C85: 格力空调挂机KFR-50GW | D85: KFR-50GW | E85: 台 | F85: 1 | G85: 209 | H85: 1200 | J85: 1200
A86: 79 | B86: 01100301040000126 | C86: 菌种封口设备 | D86: TF-1 | E86: 台 | F86: 1 | G86: 209 | H86: 50 | J86: 50
A87: 80 | B87: 11001040000041 | C87: 真空泵 | D87: 2XZ-2B | E87: 台 | F87: 1 | G87: 209 | H87: 100 | J87: 100
A88: 81 | B88: 01100301040000093 | C88: 发酵系统 | D88: LZB-4 | E88: 台 | F88: 1 | G88: 210 | H88: 200 | J88: 200
A89: 82 | B89: 11001040000042 | C89: 高速冷冻离心机 | D89: GL20B | E89: 台 | F89: 1 | G89: 210 | H89: 1000 | J89: 1000
A90: 83 | B90: 01100301040000159 | C90: 高速冷冻离心机 | D90: GL20B | E90: 台 | F90: 1 | G90: 钧菱 | H90: 50 | J90: 50
A91: 84 | B91: 11001060000015 | C91: 格力空调天井机 | D91: KFR-72GW | E91: 台 | F91: 1 | G91: 210 | H91: 2000 | J91: 2000
A92: 85 | B92: 01100301040000061 | C92: 管式分离机 | D92: GQLB-75 | E92: 台 | F92: 1 | G92: 210 | H92: 200 | J92: 200
A93: 86 | B93: 11001040000019 | C93: 离心机 | D93: LXJ-ⅡB | E93: 台 | F93: 1 | G93: 210 | H93: 200 | J93: 200
A94: 87 | B94: 01100301040000050 | C94: 蠕动泵 | E94: 台 | F94: 1 | G94: 210 | H94: 50 | J94: 50
A95: 88 | B95: 01100301040000172 | C95: 水消毒臭氧消毒机 | D95: LHK16C-A | E95: 台 | F95: 1 | G95: 210 | H95: 50 | J95: 50
A96: 89 | B96: 11001040000030 | C96: 旋转蒸发器 | D96: GG-17 | E96: 台 | F96: 1 | G96: 210 | H96: 300 | J96: 300
A97: 90 | B97: 11001040000050 | C97: 蒸汽发生器 | D97: YN24-0.7-D | E97: 台 | F97: 1 | G97: 210 | H97: 300 | J97: 300
A98: 91 | B98: 11001040000003 | C98: 生物安全柜 | D98: BSC-1600 II A2 | E98: 台 | F98: 1 | G98: 211 | H98: 300 | J98: 300
A99: 92 | B99: 11001060000008 | C99: 格力空调挂机KFR-35GW | D99: KFR-35GW | E99: 台 | F99: 1 | G99: 212 | H99: 700 | J99: 700
A100: 93 | B100: 11001040000009 | C100: 冷冻干燥机 | D100: Polit3-6M | E100: 台 | F100: 1 | G100: 212 | H100: 200 | J100: 200
A101: 94 | B101: 11001040000015 | C101: 冷冻干燥机 | D101: LGJ-10 | E101: 台 | F101: 1 | G101: 212 | H101: 100 | J101: 100
...

Sheet 4-8-8土地
A1: 返回索引目录
A2: 固定资产—土地评估明细表
A3: ="评估基准日："&TEXT(基本信息输入表!M7,"yyyy年mm月dd日") -> 评估基准日：2025年11月30日
R4: 表4-8-8
A5: =基本信息输入表!K6&"："&基本信息输入表!M6 -> 产权持有人：湖北省徽工生物技本研究有限公司 | S5: ="金额单位："&基本信息输入表!M10&"元" -> 金额单位：人民币元
A6: 序号 | B6: 土地权证编号 | C6: 证载权利人 | D6: 宗地名称 | E6: 土地位置 | F6: 是否空地 | G6: 取得日期 | H6: 终止日期 | I6: 用地性质 | J6: 土地用途 | K6: 准用年限 | L6: 开发程度 | M6: 面积(m2) | N6: 原始入账价值 | O6: 审定前账面价值 | P6: 账面价值 | Q6: 评估价值 | R6: 增值率% | S6: 备注
T7: 唯一标识列
A8: =IF(D8="","",ROW()-7) | R8: =IF(P8=0,"",(Q8-P8)/P8*100) | T8: A1
A9: =IF(D9="","",ROW()-7) | R9: =IF(P9=0,"",(Q9-P9)/P9*100) | T9: A2
A10: =IF(D10="","",ROW()-7) | R10: =IF(P10=0,"",(Q10-P10)/P10*100) | T10: A3
A11: =IF(D11="","",ROW()-7) | R11: =IF(P11=0,"",(Q11-P11)/P11*100) | T11: A4
A12: =IF(D12="","",ROW()-7) | R12: =IF(P12=0,"",(Q12-P12)/P12*100) | T12: A5
A13: =IF(D13="","",ROW()-7) | R13: =IF(P13=0,"",(Q13-P13)/P13*100) | T13: A6
A14: =IF(D14="","",ROW()-7) | R14: =IF(P14=0,"",(Q14-P14)/P14*100) | T14: A7
A15: =IF(D15="","",ROW()-7) | R15: =IF(P15=0,"",(Q15-P15)/P15*100) | T15: A8
A16: =IF(D16="","",ROW()-7) | R16: =IF(P16=0,"",(Q16-P16)/P16*100) | T16: A9
A17: =IF(D17="","",ROW()-7) | R17: =IF(P17=0,"",(Q17-P17)/P17*100) | T17: A10
A18: =IF(D18="","",ROW()-7) | R18: =IF(P18=0,"",(Q18-P18)/P18*100) | T18: A11
A19: =IF(D19="","",ROW()-7) | R19: =IF(P19=0,"",(Q19-P19)/P19*100) | T19: A12
... A26: =IF(D26="","",ROW()-7) | R26: =IF(P26=0,"",(Q26-P26)/P26*100) | T26: A19
A27: 合计 | N27: =SUM(N8:N26) -> 0 | O27: =SUM(O8:O26) -> 0 | P27: =SUM(P8:P26) -> 0 | Q27: =SUM(Q8:Q26) -> 0 | R27: =IF(P27=0,"",(Q27-P27)/P27*100)
A28: =基本信息输入表!$K$6&"填表人："&基本信息输入表!$M$65 -> 产权持有人填表人：袁佳 | Q28: ="评估人员："&基本信息输入表!$Q$65 -> 评估人员：韩策
A29: ="填表日期："&YEAR(基本信息输入表!$O$66)&"年"&MONTH(基本信息输入表!$O$66)&"月"&DAY(基本信息输入表!$O$66)&"日" -> 填表日期：2025年12月15日

Sheet 4-8-9船舶
A1: 返回索引目录
A2: 固定资产--船舶清查评估明细表
AU3: 表4-8-9
A4: ="评估基准日："&TEXT(基本信息输入表!M7,"yyyy年mm月dd日") -> 评估基准日：2025年11月30日
A5: =基本信息输入表!K6&"："&基本信息输入表!M6 -> 产权持有人：湖北省徽工生物技本研究有限公司 | AU5: ="金额单位："&基本信息输入表!M10&"元" -> 金额单位：人民币元
A6: 序号 | B6: 船舶编号 | C6: 船舶名称 | D6: 船舶类型 | E6: 建造厂家 | F6: 已行驶海里 | G6: 额定功率 | H6: 额定载重(客)量 | I6: 满载排水量(t) | J6: 空载排水量(t) | K6: 满载吃水(m) | L6: 空载吃水(m) | M6: 空船重量(t) | N6: 定员(人) | O6: 航速(节) | P6: 航区 | Q6: 船级社 | R6: 总吨位 | S6: 净吨位 | T6: 货舱涂层 | U6: 船舶主尺度 | X6: 最近一次船检情况 | AB6: 主机 | AD6: 发电机 | AG6: 购置日期 | AH6: 启用日期 | AI6: 建造完成日期 | AJ6: 合同价(美元或人民币) | AL6: 审定前账面价值 | AN6: 账面价值 | AP6: 计提减值准备金额 | AQ6: 评估价值 | AT6: 增值率% | AU6: 备注
U7: 船长 | V7: 型宽 | W7: 型深 | X7: 船体 | Y7: 轮机 | Z7: 舾装 | AA7: 电气 | AB7: 生产厂商、型号、功率、转速 | AC7: 数量 | AD7: 原动机生产厂商、型号、功率、转速 | AE7: 主发电机功率(KW) | AF7: 数量 | AJ7: 美元($) | AK7: 人民币(￥) | AL7: 原值 | AM7: 净值 | AN7: 原值 | AO7: 净值 | AQ7: 原值 | AR7: 成新率% | AS7: 净值 | AV7: 唯一标识列
A8: =IF(D8="","",ROW()-7) | AS8: =IF(AR8="",AQ8,AR8*AQ8/100) -> 0 | AT8: =IF(AO8-AP8=0,"",(AS8-AO8+AP8)/(AO8-AP8)*100) | AV8: A1
A9: =IF(D9="","",ROW()-7) | AS9: =IF(AR9="",AQ9,AR9*AQ9/100) -> 0 | AT9: =IF(AO9-AP9=0,"",(AS9-AO9+AP9)/(AO9-AP9)*100) | AV9: A2
A10: =IF(D10="","",ROW()-7) | AS10: =IF(AR10="",AQ10,AR10*AQ10/100) -> 0 | AT10: =IF(AO10-AP10=0,"",(AS10-AO10+AP10)/(AO10-AP10)*100) | AV10: A3
A11: =IF(D11="","",ROW()-7) | AS11: =IF(AR11="",AQ11,AR11*AQ11/100) -> 0 | AT11: =IF(AO11-AP11=0,"",(AS11-AO11+AP11)/(AO11-AP11)*100) | AV11: A4
A12: =IF(D12="","",ROW()-7) | AS12: =IF(AR12="",AQ12,AR12*AQ12/100) -> 0 | AT12: =IF(AO12-AP12=0,"",(AS12-AO12+AP12)/(AO12-AP12)*100) | AV12: A5
A13: =IF(D13="","",ROW()-7) | AS13: =IF(AR13="",AQ13,AR13*AQ13/100) -> 0 | AT13: =IF(AO13-AP13=0,"",(AS13-AO13+AP13)/(AO13-AP13)*100) | AV13: A6
A14: =IF(D14="","",ROW()-7) | AS14: =IF(AR14="",AQ14,AR14*AQ14/100) -> 0 | AT14: =IF(AO14-AP14=0,"",(AS14-AO14+AP14)/(AO14-AP14)*100) | AV14: A7
A15: =IF(D15="","",ROW()-7) | AS15: =IF(AR15="",AQ15,AR15*AQ15/100) -> 0 | AT15: =IF(AO15-AP15=0,"",(AS15-AO15+AP15)/(AO15-AP15)*100) | AV15: A8
A16: =IF(D16="","",ROW()-7) | AS16: =IF(AR16="",AQ16,AR16*AQ16/100) -> 0 | AT16: =IF(AO16-AP16=0,"",(AS16-AO16+AP16)/(AO16-AP16)*100) | AV16: A9
A17: =IF(D17="","",ROW()-7) | AS17: =IF(AR17="",AQ17,AR17*AQ17/100) -> 0 | AT17: =IF(AO17-AP17=0,"",(AS17-AO17+AP17)/(AO17-AP17)*100) | AV17: A10
A18: =IF(D18="","",ROW()-7) | AS18: =IF(AR18="",AQ18,AR18*AQ18/100) -> 0 | AT18: =IF(AO18-AP18=0,"",(AS18-AO18+AP18)/(AO18-AP18)*100) | AV18: A11
A19: =IF(D19="","",ROW()-7) | AS19: =IF(AR19="",AQ19,AR19*AQ19/100) -> 0 | AT19: =IF(AO19-AP19=0,"",(AS19-AO19+AP19)/(AO19-AP19)*100) | AV19: A12
... A24: =IF(D24="","",ROW()-7) | AS24: =IF(AR24="",AQ24,AR24*AQ24/100) -> 0 | AT24: =IF(AO24-AP24=0,"",(AS24-AO24+AP24)/(AO24-AP24)*100) | AV24: A17
A25: 船舶合计 | AL25: =SUM(AL8:AL24) -> 0 | AM25: =SUM(AM8:AM24) -> 0 | AN25: =SUM(AN8:AN24) -> 0 | AO25: =SUM(AO8:AO24) -> 0 | AP25: =SUM(AP8:AP24) -> 0 | AQ25: =SUM(AQ8:AQ24) -> 0 | AS25: =SUM(AS8:AS24) -> 0 | AT25: =IF(AO25-AP25=0,"",(AS25-AO25+AP25)/(AO25-AP25)*100)
A26: 减：船舶减值准备 | AM26: =AP25 -> 0 | AO26: =AP25 -> 0 | AT26: =IF(AO26-AP26=0,"",(AS26-AO26+AP26)/(AO26-AP26)*100)
A27: 船舶净额 | AL27: =AL25-AL26 -> 0 | AM27: =AM25-AM26 -> 0 | AN27: =AN25-AN26 -> 0 | AO27: =AO25-AO26 -> 0 | AQ27: =AQ25-AQ26 -> 0 | AS27: =AS25-AS26 -> 0 | AT27: =IF(AO27-AP27=0,"",(AS27-AO27+AP27)/(AO27-AP27)*100)
A28: =基本信息输入表!$K$6&"填表人："&基本信息输入表!$M$66 -> 产权持有人填表人：袁佳 | AQ28: ="评估人员："&基本信息输入表!$Q$66 -> 评估人员：韩策
A29: ="填表日期："&YEAR(基本信息输入表!$O$66)&"年"&MONTH(基本信息输入表!$O$66)&"月"&DAY(基本信息输入表!$O$66)&"日" -> 填表日期：2025年12月15日

Sheet 4-9在建工程汇总
A1: 返回索引目录
A2: 在建工程评估汇总表
A3: ="评估基准日："&TEXT(基本信息输入表!M7,"yyyy年mm月dd日") -> 评估基准日：2025年11月30日
G4: 表4-9
A5: =基本信息输入表!K6&"："&基本信息输入表!M6 -> 产权持有人：湖北省徽工生物技本研究有限公司 | G5: ="金额单位："&基本信息输入表!M10&"元" -> 金额单位：人民币元
A6: 编号 | B6: 科目名称 | C6: 审定前账面价值 | D6: 账面价值 | E6: 评估价值 | F6: 增减值 | G6: 增值率%
A7: 4-7-1 | B7: 在建工程—土建工程 | C7: ='4-9-1在建（土建）'!N25 -> 0 | D7: ='4-9-1在建（土建）'!O25 -> 0 | E7: ='4-9-1在建（土建）'!Q25 -> 0 | F7: =E7-D7 -> 0 | G7: =IF(D7=0,"",F7/D7*100)
A8: 4-7-2 | B8: 在建工程—设备安装工程 | C8: ='4-9-2在建（设备）'!L25 -> 0 | D8: ='4-9-2在建（设备）'!P25 -> 0 | E8: ='4-9-2在建（设备）'!U25 -> 0 | F8: =E8-D8 -> 0 | G8: =IF(D8=0,"",F8/D8*100)
A9: 4-7-3 | B9: 待摊投资 | C9: ='4-9-3在建（待摊投资）'!E30 -> 0 | D9: ='4-9-3在建（待摊投资）'!F30 -> 0 | E9: ='4-9-3在建（待摊投资）'!G30 -> 0 | F9: =E9-D9 -> 0 | G9: =IF(D9=0,"",F9/D9*100)
A25: 在建工程合计 | C25: =SUM(C7:C24) -> 0 | D25: =SUM(D7:D24) -> 0 | E25: =SUM(E7:E24) -> 0 | F25: =E25-D25 -> 0 | G25: =IF(D25=0,"",F25/D25*100)
A26: 减：在建工程减值准备 | C26: ='4-9-1在建（土建）'!N26+'4-9-2在建（设备）'!L26 -> 0 | D26: ='4-9-1在建（土建）'!O26+'4-9-2在建（设备）'!P26 -> 0 | F26: =E26-D26 -> 0 | G26: =IF(D26=0,"",F26/D26*100)
A27: 在建工程净额 | C27: =C25-C26 -> 0 | D27: =D25-D26 -> 0 | E27: =E25 -> 0 | F27: =E27-D27 -> 0 | G27: =IF(D27=0,"",F27/D27*100)
E28: ="评估人员："&基本信息输入表!$Q$67 -> 评估人员：韩策

Sheet 4-9-1在建（土建）
A1: 返回索引目录
A2: 在建工程—土建工程评估明细表
A3: ="评估基准日："&TEXT(基本信息输入表!M7,"yyyy年mm月dd日") -> 评估基准日：2025年11月30日
S4: 表4-9-1
A5: =基本信息输入表!K6&"："&基本信息输入表!M6 -> 产权持有人：湖北省徽工生物技本研究有限公司 | S5: ="金额单位："&基本信息输入表!M10&"元" -> 金额单位：人民币元
A6: 序号 | B6: 项目名称 | C6: 结构 | D6: 建筑面积/容积 （m2/m3） | E6: 开工日期 | F6: 预计完工日期 | G6: 形象进度 | H6: 付款比例 | I6: 概算金额(元) | J6: 土地出让合同 (有/无) | K6: 建筑用地许可证 (有/无) | L6: 建筑规划许可证 (有/无) | M6: 建筑开工许可证 (有/无) | N6: 审定前账面价值 | O6: 账面价值 | P6: 计提减值准备金额 | Q6: 评估价值 | R6: 增值率% | S6: 备注
T7: 唯一标识列
A8: =IF(B8="","",ROW()-7) | R8: =IF(O8-P8=0,"",(Q8-O8+P8)/(O8-P8)*100) | T8: A1
A9: =IF(B9="","",ROW()-7) | R9: =IF(O9-P9=0,"",(Q9-O9+P9)/(O9-P9)*100) | T9: A2
A10: =IF(B10="","",ROW()-7) | R10: =IF(O10-P10=0,"",(Q10-O10+P10)/(O10-P10)*100) | T10: A3
A11: =IF(B11="","",ROW()-7) | R11: =IF(O11-P11=0,"",(Q11-O11+P11)/(O11-P11)*100) | T11: A4
A12: =IF(B12="","",ROW()-7) | R12: =IF(O12-P12=0,"",(Q12-O12+P12)/(O12-P12)*100) | T12: A5
A13: =IF(B13="","",ROW()-7) | R13: =IF(O13-P13=0,"",(Q13-O13+P13)/(O13-P13)*100) | T13: A6
A14: =IF(B14="","",ROW()-7) | R14: =IF(O14-P14=0,"",(Q14-O14+P14)/(O14-P14)*100) | T14: A7
A15: =IF(B15="","",ROW()-7) | R15: =IF(O15-P15=0,"",(Q15-O15+P15)/(O15-P15)*100) | T15: A8
A16: =IF(B16="","",ROW()-7) | R16: =IF(O16-P16=0,"",(Q16-O16+P16)/(O16-P16)*100) | T16: A9
A17: =IF(B17="","",ROW()-7) | R17: =IF(O17-P17=0,"",(Q17-O17+P17)/(O17-P17)*100) | T17: A10
A18: =IF(B18="","",ROW()-7) | R18: =IF(O18-P18=0,"",(Q18-O18+P18)/(O18-P18)*100) | T18: A11
A19: =IF(B19="","",ROW()-7) | R19: =IF(O19-P19=0,"",(Q19-O19+P19)/(O19-P19)*100) | T19: A12
... A24: =IF(B24="","",ROW()-7) | R24: =IF(O24-P24=0,"",(Q24-O24+P24)/(O24-P24)*100) | T24: A17
A25: 在建工程－土建工程合计 | N25: =SUM(N8:N24) -> 0 | O25: =SUM(O8:O24) -> 0 | P25: =SUM(P8:P24) -> 0 | Q25: =SUM(Q8:Q24) -> 0 | R25: =IF(O25-P25=0,"",(Q25-O25+P25)/(O25-P25)*100)
A26: 减：在建土建工程减值准备 | N26: =P25 -> 0 | O26: =P25 -> 0
A27: 在建工程－土建工程净额 | N27: =N25-N26 -> 0 | O27: =O25-O26 -> 0 | Q27: =Q25 -> 0 | R27: =IF(O27=0,"",(Q27-O27)/O27*100)
A28: =基本信息输入表!$K$6&"填表人："&基本信息输入表!$M$68 -> 产权持有人填表人：袁佳 | Q28: ="评估人员："&基本信息输入表!$Q$68 -> 评估人员：韩策
A29: ="填表日期："&YEAR(基本信息输入表!$O$68)&"年"&MONTH(基本信息输入表!$O$68)&"月"&DAY(基本信息输入表!$O$68)&"日" -> 填表日期：2025年12月15日

Sheet 4-9-2在建（设备）
A1: 返回索引目录
A2: 在建工程—设备安装工程评估明细表
A3: ="评估基准日："&TEXT(基本信息输入表!M7,"yyyy年mm月dd日") -> 评估基准日：2025年11月30日
W4: 表4-9-2
A5: =基本信息输入表!K6&"："&基本信息输入表!M6 -> 产权持有人：湖北省徽工生物技本研究有限公司 | W5: ="金额单位："&基本信息输入表!M10&"元" -> 金额单位：人民币元
A6: 序号 | B6: 项目名称 | C6: 设备名称 | D6: 规格型号 | E6: 数量 | F6: 计量单位 | G6: 生产厂家 | H6: 开工 日期 | I6: 预计完 工日期 | J6: 合同(概算)金额 | K6: 付款比例 (%) | L6: 审定前账面价值 | M6: 账面价值 | Q6: 计提减值准备金额 | R6: 评估价值 | V6: 增值率% | W6: 备注
L7: 合计 | M7: 设备费 | N7: 资金成本 | O7: 安装费及其他 | P7: 合计 | R7: 设备费 | S7: 资金成本 | T7: 安装费及其他 | U7: 合计 | X7: 唯一标识列
A8: =IF(B8="","",ROW()-7) | U8: =SUM(R8:T8) -> 0 | V8: =IF(P8-Q8=0,"",(U8-P8+Q8)/(P8-Q8)*100) | X8: A1
A9: =IF(B9="","",ROW()-7) | U9: =SUM(R9:T9) -> 0 | V9: =IF(P9-Q9=0,"",(U9-P9+Q9)/(P9-Q9)*100) | X9: A2
A10: =IF(B10="","",ROW()-7) | U10: =SUM(R10:T10) -> 0 | V10: =IF(P10-Q10=0,"",(U10-P10+Q10)/(P10-Q10)*100) | X10: A3
A11: =IF(B11="","",ROW()-7) | U11: =SUM(R11:T11) -> 0 | V11: =IF(P11-Q11=0,"",(U11-P11+Q11)/(P11-Q11)*100) | X11: A4
A12: =IF(B12="","",ROW()-7) | U12: =SUM(R12:T12) -> 0 | V12: =IF(P12-Q12=0,"",(U12-P12+Q12)/(P12-Q12)*100) | X12: A5
A13: =IF(B13="","",ROW()-7) | U13: =SUM(R13:T13) -> 0 | V13: =IF(P13-Q13=0,"",(U13-P13+Q13)/(P13-Q13)*100) | X13: A6
A14: =IF(B14="","",ROW()-7) | U14: =SUM(R14:T14) -> 0 | V14: =IF(P14-Q14=0,"",(U14-P14+Q14)/(P14-Q14)*100) | X14: A7
A15: =IF(B15="","",ROW()-7) | U15: =SUM(R15:T15) -> 0 | V15: =IF(P15-Q15=0,"",(U15-P15+Q15)/(P15-Q15)*100) | X15: A8
A16: =IF(B16="","",ROW()-7) | U16: =SUM(R16:T16) -> 0 | V16: =IF(P16-Q16=0,"",(U16-P16+Q16)/(P16-Q16)*100) | X16: A9
A17: =IF(B17="","",ROW()-7) | U17: =SUM(R17:T17) -> 0 | V17: =IF(P17-Q17=0,"",(U17-P17+Q17)/(P17-Q17)*100) | X17: A10
A18: =IF(B18="","",ROW()-7) | U18: =SUM(R18:T18) -> 0 | V18: =IF(P18-Q18=0,"",(U18-P18+Q18)/(P18-Q18)*100) | X18: A11
A19: =IF(B19="","",ROW()-7) | U19: =SUM(R19:T19) -> 0 | V19: =IF(P19-Q19=0,"",(U19-P19+Q19)/(P19-Q19)*100) | X19: A12
... A24: =IF(B24="","",ROW()-7) | U24: =SUM(R24:T24) -> 0 | V24: =IF(P24-Q24=0,"",(U24-P24+Q24)/(P24-Q24)*100) | X24: A17
A25: 在建工程－设备在建工程合计 | L25: =SUM(L8:L24) -> 0 | P25: =SUM(P8:P24) -> 0 | Q25: =SUM(Q8:Q24) -> 0 | U25: =SUM(U8:U24) -> 0
A26: 减：在建设备安装工程减值准备 | L26: =Q25 -> 0 | P26: =Q25 -> 0
A27: 在建工程－设备在建工程净额 | L27: =L25-L26 -> 0 | P27: =P25-P26 -> 0 | U27: =U25 -> 0 | V27: =IF(P27=0,"",(U27-P27)/P27*100)
A28: =基本信息输入表!$K$6&"填表人："&基本信息输入表!$M$69 -> 产权持有人填表人：袁佳 | U28: ="评估人员："&基本信息输入表!$Q$69 -> 评估人员：韩策
A29: ="填表日期："&YEAR(基本信息输入表!$O$69)&"年"&MONTH(基本信息输入表!$O$69)&"月"&DAY(基本信息输入表!$O$69)&"日" -> 填表日期：2025年12月15日

Sheet 4-9-3在建（待摊投资）
A1: 返回索引目录
A2: 在建工程-待摊基建支出清查评估明细表
A3: ="评估基准日："&TEXT(基本信息输入表!M7,"yyyy年mm月dd日") -> 评估基准日：2025年11月30日 | I3: 表4-9-3
A5: =基本信息输入表!K6&"："&基本信息输入表!M6 -> 产权持有人：湖北省徽工生物技本研究有限公司 | H5: ="金额单位："&基本信息输入表!M10&"元" -> 金额单位：人民币元
A6: 序号 | B6: 项目名称 | C6: 费用内容 | D6: 发生日期 | E6: 审定前账面价值 | F6: 账面价值 | G6: 评估价值 | H6: 增值率% | I6: 备注 | J6: 唯一标识列
A7: =IF(B7="","",ROW()-7) | H7: =IF(F7=0,"",(G7-F7)/F7*100) | J7: A1
A8: =IF(B8="","",ROW()-7) | H8: =IF(F8=0,"",(G8-F8)/F8*100) | J8: A2
A9: =IF(B9="","",ROW()-7) | H9: =IF(F9=0,"",(G9-F9)/F9*100) | J9: A3
A10: =IF(B10="","",ROW()-7) | H10: =IF(F10=0,"",(G10-F10)/F10*100) | J10: A4
A11: =IF(B11="","",ROW()-7) | H11: =IF(F11=0,"",(G11-F11)/F11*100) | J11: A5
A12: =IF(B12="","",ROW()-7) | H12: =IF(F12=0,"",(G12-F12)/F12*100) | J12: A6
A13: =IF(B13="","",ROW()-7) | H13: =IF(F13=0,"",(G13-F13)/F13*100) | J13: A7
A14: =IF(B14="","",ROW()-7) | H14: =IF(F14=0,"",(G14-F14)/F14*100) | J14: A8
A15: =IF(B15="","",ROW()-7) | H15: =IF(F15=0,"",(G15-F15)/F15*100) | J15: A9
A16: =IF(B16="","",ROW()-7) | H16: =IF(F16=0,"",(G16-F16)/F16*100) | J16: A10
A17: =IF(B17="","",ROW()-7) | H17: =IF(F17=0,"",(G17-F17)/F17*100) | J17: A11
A18: =IF(B18="","",ROW()-7) | H18: =IF(F18=0,"",(G18-F18)/F18*100) | J18: A12
... A29: =IF(B29="","",ROW()-7) | H29: =IF(F29=0,"",(G29-F29)/F29*100) | J29: A23
A30: 合计 | E30: =SUM(E7:E29) -> 0 | F30: =SUM(F7:F29) -> 0 | G30: =SUM(G7:G29) -> 0 | H30: =IF(F30=0,"",(G30-F30)/F30*100)
A31: =基本信息输入表!$K$6&"填表人："&基本信息输入表!$M$70 -> 产权持有人填表人：袁佳 | G31: ="评估人员："&基本信息输入表!$Q$70 -> 评估人员：韩策
A32: ="填表日期："&YEAR(基本信息输入表!$O$70)&"年"&MONTH(基本信息输入表!$O$70)&"月"&DAY(基本信息输入表!$O$70)&"日" -> 填表日期：2025年12月15日

Sheet 4-10生产性生物资产
A1: 返回索引目录
A2: 生产性生物资产评估明细表
A3: ="评估基准日："&TEXT(基本信息输入表!M7,"yyyy年mm月dd日") -> 评估基准日：2025年11月30日
N4: 表4-10
A5: =基本信息输入表!K6&"："&基本信息输入表!M6 -> 产权持有人：湖北省徽工生物技本研究有限公司 | N5: ="金额单位："&基本信息输入表!M10&"元" -> 金额单位：人民币元
A6: 序号 | B6: 种类 | C6: 群别 | D6: 计量单位 | E6: 数量 | F6: 购置日期 | G6: 审定前账面价值 | I6: 账面价值 | K6: 计提减值准备金额 | L6: 评估价值 | O6: 增值率% | P6: 备注
G7: 原值 | H7: 净值 | I7: 原值 | J7: 净值 | L7: 原值 | M7: 成新率% | N7: 净值 | Q7: 唯一标识列
A8: =IF(B8="","",ROW()-7) | N8: =IF(M8="",L8,M8*L8/100) -> 0 | O8: =IF(J8-K8=0,"",(N8-J8+K8)/(J8-K8)*100) | Q8: A1
A9: =IF(B9="","",ROW()-7) | N9: =IF(M9="",L9,M9*L9/100) -> 0 | O9: =IF(J9-K9=0,"",(N9-J9+K9)/(J9-K9)*100) | Q9: A2
A10: =IF(B10="","",ROW()-7) | N10: =IF(M10="",L10,M10*L10/100) -> 0 | O10: =IF(J10-K10=0,"",(N10-J10+K10)/(J10-K10)*100) | Q10: A3
A11: =IF(B11="","",ROW()-7) | N11: =IF(M11="",L11,M11*L11/100) -> 0 | O11: =IF(J11-K11=0,"",(N11-J11+K11)/(J11-K11)*100) | Q11: A4
A12: =IF(B12="","",ROW()-7) | N12: =IF(M12="",L12,M12*L12/100) -> 0 | O12: =IF(J12-K12=0,"",(N12-J12+K12)/(J12-K12)*100) | Q12: A5
A13: =IF(B13="","",ROW()-7) | N13: =IF(M13="",L13,M13*L13/100) -> 0 | O13: =IF(J13-K13=0,"",(N13-J13+K13)/(J13-K13)*100) | Q13: A6
A14: =IF(B14="","",ROW()-7) | N14: =IF(M14="",L14,M14*L14/100) -> 0 | O14: =IF(J14-K14=0,"",(N14-J14+K14)/(J14-K14)*100) | Q14: A7
A15: =IF(B15="","",ROW()-7) | N15: =IF(M15="",L15,M15*L15/100) -> 0 | O15: =IF(J15-K15=0,"",(N15-J15+K15)/(J15-K15)*100) | Q15: A8
A16: =IF(B16="","",ROW()-7) | N16: =IF(M16="",L16,M16*L16/100) -> 0 | O16: =IF(J16-K16=0,"",(N16-J16+K16)/(J16-K16)*100) | Q16: A9
A17: =IF(B17="","",ROW()-7) | N17: =IF(M17="",L17,M17*L17/100) -> 0 | O17: =IF(J17-K17=0,"",(N17-J17+K17)/(J17-K17)*100) | Q17: A10
A18: =IF(B18="","",ROW()-7) | N18: =IF(M18="",L18,M18*L18/100) -> 0 | O18: =IF(J18-K18=0,"",(N18-J18+K18)/(J18-K18)*100) | Q18: A11
A19: =IF(B19="","",ROW()-7) | N19: =IF(M19="",L19,M19*L19/100) -> 0 | O19: =IF(J19-K19=0,"",(N19-J19+K19)/(J19-K19)*100) | Q19: A12
... A24: =IF(B24="","",ROW()-7) | N24: =IF(M24="",L24,M24*L24/100) -> 0 | O24: =IF(J24-K24=0,"",(N24-J24+K24)/(J24-K24)*100) | Q24: A17
A25: 合计 | G25: =SUM(G8:G24) -> 0 | H25: =SUM(H8:H24) -> 0 | I25: =SUM(I8:I24) -> 0 | J25: =SUM(J8:J24) -> 0 | K25: =SUM(K8:K24) -> 0 | L25: =SUM(L8:L24) -> 0 | N25: =SUM(N8:N24) -> 0 | O25: =IF(J25-K25=0,"",(N25-J25+K25)/(J25-K25)*100)
A26: 减：生产性生物资产减值准备 | H26: =K25 -> 0 | J26: =K25 -> 0
A27: 净额 | G27: =G25-G26 -> 0 | H27: =H25-H26 -> 0 | I27: =I25-I26 -> 0 | J27: =J25-J26 -> 0 | L27: =L25-L26 -> 0 | N27: =N25-N26 -> 0 | O27: =IF(J27=0,"",(N27-J27)/J27*100)
A28: =基本信息输入表!$K$6&"填表人："&基本信息输入表!$M$71 -> 产权持有人填表人：袁佳 | N28: ="评估人员："&基本信息输入表!$Q$71 -> 评估人员：韩策
A29: ="填表日期："&YEAR(基本信息输入表!$O$71)&"年"&MONTH(基本信息输入表!$O$71)&"月"&DAY(基本信息输入表!$O$71)&"日" -> 填表日期：2025年12月15日

Sheet 4-11油气资产
A1: 返回索引目录
A2: 油气资产评估明细表
A3: ="评估基准日："&TEXT(基本信息输入表!M7,"yyyy年mm月dd日") -> 评估基准日：2025年11月30日
R4: 表4-11
A5: =基本信息输入表!K6&"："&基本信息输入表!M6 -> 产权持有人：湖北省徽工生物技本研究有限公司 | R5: ="金额单位："&基本信息输入表!M10&"元" -> 金额单位：人民币元
A6: 序号 | B6: 资产编号 | C6: 类别 | D6: 矿区（或油田） | E6: 计量单位 | F6: 数量 | G6: 形成日期 | H6: 来源（购入、自行建造） | I6: 审定前账面价值 | K6: 账面价值 | M6: 计提减值准备金额 | N6: 评估价值 | Q6: 增值率% | R6: 备注
I7: 原值 | J7: 净值 | K7: 原值 | L7: 净值 | N7: 原值 | O7: 成新率% | P7: 净值 | S7: 唯一标识列
A8: =IF(C8="","",ROW()-7) | P8: =IF(O8="",N8,O8*N8/100) -> 0 | Q8: =IF(L8-M8=0,"",(P8-L8+M8)/(L8-M8)*100) | S8: A1
A9: =IF(C9="","",ROW()-7) | P9: =IF(O9="",N9,O9*N9/100) -> 0 | Q9: =IF(L9-M9=0,"",(P9-L9+M9)/(L9-M9)*100) | S9: A2
A10: =IF(C10="","",ROW()-7) | P10: =IF(O10="",N10,O10*N10/100) -> 0 | Q10: =IF(L10-M10=0,"",(P10-L10+M10)/(L10-M10)*100) | S10: A3
A11: =IF(C11="","",ROW()-7) | P11: =IF(O11="",N11,O11*N11/100) -> 0 | Q11: =IF(L11-M11=0,"",(P11-L11+M11)/(L11-M11)*100) | S11: A4
A12: =IF(C12="","",ROW()-7) | P12: =IF(O12="",N12,O12*N12/100) -> 0 | Q12: =IF(L12-M12=0,"",(P12-L12+M12)/(L12-M12)*100) | S12: A5
A13: =IF(C13="","",ROW()-7) | P13: =IF(O13="",N13,O13*N13/100) -> 0 | Q13: =IF(L13-M13=0,"",(P13-L13+M13)/(L13-M13)*100) | S13: A6
A14: =IF(C14="","",ROW()-7) | P14: =IF(O14="",N14,O14*N14/100) -> 0 | Q14: =IF(L14-M14=0,"",(P14-L14+M14)/(L14-M14)*100) | S14: A7
A15: =IF(C15="","",ROW()-7) | P15: =IF(O15="",N15,O15*N15/100) -> 0 | Q15: =IF(L15-M15=0,"",(P15-L15+M15)/(L15-M15)*100) | S15: A8
A16: =IF(C16="","",ROW()-7) | P16: =IF(O16="",N16,O16*N16/100) -> 0 | Q16: =IF(L16-M16=0,"",(P16-L16+M16)/(L16-M16)*100) | S16: A9
A17: =IF(C17="","",ROW()-7) | P17: =IF(O17="",N17,O17*N17/100) -> 0 | Q17: =IF(L17-M17=0,"",(P17-L17+M17)/(L17-M17)*100) | S17: A10
A18: =IF(C18="","",ROW()-7) | P18: =IF(O18="",N18,O18*N18/100) -> 0 | Q18: =IF(L18-M18=0,"",(P18-L18+M18)/(L18-M18)*100) | S18: A11
A19: =IF(C19="","",ROW()-7) | P19: =IF(O19="",N19,O19*N19/100) -> 0 | Q19: =IF(L19-M19=0,"",(P19-L19+M19)/(L19-M19)*100) | S19: A12
... A24: =IF(C24="","",ROW()-7) | P24: =IF(O24="",N24,O24*N24/100) -> 0 | Q24: =IF(L24-M24=0,"",(P24-L24+M24)/(L24-M24)*100) | S24: A17
A25: 油气资产合计 | I25: =SUM(I8:I24) -> 0 | J25: =SUM(J8:J24) -> 0 | K25: =SUM(K8:K24) -> 0 | L25: =SUM(L8:L24) -> 0 | M25: =SUM(M8:M24) -> 0 | N25: =SUM(N8:N24) -> 0 | P25: =SUM(P8:P24) -> 0 | Q25: =IF(L25-M25=0,"",(P25-L25+M25)/(L25-M25)*100)
A26: 减：油气资产减值准备 | J26: =M25 -> 0 | L26: =M25 -> 0
A27: 油气资产净额 | F27: =SUM(F8:F24) -> 0 | I27: =I25-I26 -> 0 | J27: =J25-J26 -> 0 | K27: =K25-K26 -> 0 | L27: =L25-L26 -> 0 | N27: =N25-N26 -> 0 | P27: =P25-P26 -> 0 | Q27: =IF(L27=0,"",(P27-L27)/L27*100)
A28: =基本信息输入表!$K$6&"填表人："&基本信息输入表!$M$72 -> 产权持有人填表人：袁佳 | P28: ="评估人员："&基本信息输入表!$Q$72 -> 评估人员：韩策
A29: ="填表日期："&YEAR(基本信息输入表!$O$72)&"年"&MONTH(基本信息输入表!$O$72)&"月"&DAY(基本信息输入表!$O$72)&"日" -> 填表日期：2025年12月15日

Sheet 4-12使用权资产
A1: 返回索引目录
A2: 使用权资产评估明细表
A3: ="评估基准日："&TEXT(基本信息输入表!M7,"yyyy年mm月dd日") -> 评估基准日：2025年11月30日
L4: 表4-12
A5: =基本信息输入表!K6&"："&基本信息输入表!M6 -> 产权持有人：湖北省徽工生物技本研究有限公司 | L5: ="金额单位："&基本信息输入表!M10&"元" -> 金额单位：人民币元
A6: 序号 | B6: 费用名称或内容 | C6: 形成日期 | D6: 原始发生额 | E6: 预计摊销月数 | F6: 尚存受益月数 | G6: 审定前账面价值 | H6: 账面价值 | I6: 评估价值 | J6: 增减值 | K6: 增值率% | L6: 备注 | M6: 唯一标识列
A7: =IF(B7="","",ROW()-6) | J7: =I7-H7 -> 0 | K7: =IF(H7=0,"",J7/H7*100) | M7: A1
A8: =IF(B8="","",ROW()-6) | J8: =I8-H8 -> 0 | K8: =IF(H8=0,"",J8/H8*100) | M8: A2
A9: =IF(B9="","",ROW()-6) | J9: =I9-H9 -> 0 | K9: =IF(H9=0,"",J9/H9*100) | M9: A3
A10: =IF(B10="","",ROW()-6) | J10: =I10-H10 -> 0 | K10: =IF(H10=0,"",J10/H10*100) | M10: A4
A11: =IF(B11="","",ROW()-6) | J11: =I11-H11 -> 0 | K11: =IF(H11=0,"",J11/H11*100) | M11: A5
A12: =IF(B12="","",ROW()-6) | J12: =I12-H12 -> 0 | K12: =IF(H12=0,"",J12/H12*100) | M12: A6
A13: =IF(B13="","",ROW()-6) | J13: =I13-H13 -> 0 | K13: =IF(H13=0,"",J13/H13*100) | M13: A7
A14: =IF(B14="","",ROW()-6) | J14: =I14-H14 -> 0 | K14: =IF(H14=0,"",J14/H14*100) | M14: A8
A15: =IF(B15="","",ROW()-6) | J15: =I15-H15 -> 0 | K15: =IF(H15=0,"",J15/H15*100) | M15: A9
A16: =IF(B16="","",ROW()-6) | J16: =I16-H16 -> 0 | K16: =IF(H16=0,"",J16/H16*100) | M16: A10
A17: =IF(B17="","",ROW()-6) | J17: =I17-H17 -> 0 | K17: =IF(H17=0,"",J17/H17*100) | M17: A11
A18: =IF(B18="","",ROW()-6) | J18: =I18-H18 -> 0 | K18: =IF(H18=0,"",J18/H18*100) | M18: A12
... A26: =IF(B26="","",ROW()-6) | J26: =I26-H26 -> 0 | K26: =IF(H26=0,"",J26/H26*100) | M26: A20
A27: 合计 | G27: =SUM(G7:G26) -> 0 | H27: =SUM(H7:H26) -> 0 | I27: =SUM(I7:I26) -> 0 | J27: =I27-H27 -> 0 | K27: =IF(H27=0,"",J27/H27*100)
A28: =基本信息输入表!$K$6&"填表人："&基本信息输入表!$M$73 -> 产权持有人填表人：袁佳 | J28: ="评估人员："&基本信息输入表!$Q$73 -> 评估人员：韩策
A29: ="填表日期："&YEAR(基本信息输入表!$O$73)&"年"&MONTH(基本信息输入表!$O$73)&"月"&DAY(基本信息输入表!$O$73)&"日" -> 填表日期：2025年12月15日

Sheet 4-13无形资产汇总
A1: 返回索引目录
A2: 无形资产评估汇总表
A3: ="评估基准日："&TEXT(基本信息输入表!M7,"yyyy年mm月dd日") -> 评估基准日：2025年11月30日
H4: 表4-13
A5: =基本信息输入表!K6&"："&基本信息输入表!M6 -> 产权持有人：湖北省徽工生物技本研究有限公司 | H5: ="金额单位："&基本信息输入表!M10&"元" -> 金额单位：人民币元
A6: 编号 | B6: 科目名称 | C6: 审定前账面价值 | D6: 账面价值 | E6: 计提减值准备金额 | F6: 评估价值 | G6: 增减值 | H6: 增值率%
A7: 4-12-1 | B7: 无形资产-土地使用权 | C7: ='4-13-1无形-土地'!P30 -> 0 | D7: ='4-13-1无形-土地'!Q30 -> 0 | E7: ='4-13-1无形-土地'!R30 -> 0 | F7: ='4-13-1无形-土地'!S32 -> 0 | G7: =F7-D7 -> 0 | H7: =IF(D7-E7=0,"",(F7-D7+E7)/(D7-E7)*100)
A8: 4-12-2 | B8: 无形资产-矿业权 | C8: ='4-13-2无形-矿业权'!L28 -> 0 | D8: ='4-13-2无形-矿业权'!M28 -> 0 | E8: ='4-13-2无形-矿业权'!N28 -> 0 | F8: ='4-13-2无形-矿业权'!O30 -> 0 | G8: =F8-D8 -> 0 | H8: =IF(D8-E8=0,"",(F8-D8+E8)/(D8-E8)*100)
A9: 4-12-3 | B9: 无形资产-其他无形资产 | C9: ='4-13-3无形-其他'!J25 -> 0 | D9: ='4-13-3无形-其他'!K25 -> 0 | E9: ='4-13-3无形-其他'!L25 -> 0 | F9: ='4-13-3无形-其他'!M27 -> 0 | G9: =F9-D9 -> 0 | H9: =IF(D9-E9=0,"",(F9-D9+E9)/(D9-E9)*100)
A24: 无形资产合计 | C24: =SUM(C7:C23) -> 0 | D24: =SUM(D7:D23) -> 0 | E24: =SUM(E7:E23) -> 0 | F24: =SUM(F7:F23) -> 0 | G24: =F24-D24 -> 0 | H24: =IF(D24-E24=0,"",(F24-D24+E24)/(D24-E24)*100)
A25: 其中：土地使用权 | C25: ='4-13-1无形-土地'!P30 -> 0 | D25: ='4-13-1无形-土地'!Q30 -> 0 | F25: ='4-13-1无形-土地'!S32 -> 0
A26: 减：无形资产减值准备 | C26: =E24 -> 0 | D26: =E24 -> 0 | G26: =F26-D26 -> 0 | H26: =IF(D26=0,"",G26/D26*100)
A27: 无形资产净额 | C27: =C24-C26 -> 0 | D27: =D24-D26 -> 0 | F27: =F24-F26 -> 0 | G27: =F27-D27 -> 0 | H27: =IF(D27=0,"",G27/D27*100)
F28: ="评估人员："&基本信息输入表!$Q$74 -> 评估人员：韩策

Sheet 4-13-1无形-土地
A1: 返回索引目录
A2: 无形资产—土地使用权评估明细表
A3: ="评估基准日："&TEXT(基本信息输入表!M7,"yyyy年mm月dd日") -> 评估基准日：2025年11月30日
T4: 表4-13-1
A5: =基本信息输入表!K6&"："&基本信息输入表!M6 -> 产权持有人：湖北省徽工生物技本研究有限公司 | T5: ="金额单位："&基本信息输入表!M10&"元" -> 金额单位：人民币元
A6: 序号 | B6: 证载权利人 | C6: 土地权证编号 | D6: 宗地名称 | E6: 土地位置 | F6: 是否空地 | G6: 取得日期 | H6: 终止日期 | I6: 用地性质 | J6: 他项权利 | K6: 土地用途 | L6: 准用年限 | M6: 开发程度 | N6: 面积(m2) | O6: 原始入账价值 | P6: 审定前账面价值 | Q6: 账面价值 | R6: 计提减值准备金额 | S6: 评估价值 | T6: 增值率% | U6: 备注 | V6: 唯一标识列
A7: =IF(D7="","",ROW()-6) | T7: =IF(Q7-R7=0,"",(S7-Q7+R7)/(Q7-R7)*100) | V7: A1
A8: =IF(D8="","",ROW()-6) | T8: =IF(Q8-R8=0,"",(S8-Q8+R8)/(Q8-R8)*100) | V8: A2
A9: =IF(D9="","",ROW()-6) | T9: =IF(Q9-R9=0,"",(S9-Q9+R9)/(Q9-R9)*100) | V9: A3
A10: =IF(D10="","",ROW()-6) | T10: =IF(Q10-R10=0,"",(S10-Q10+R10)/(Q10-R10)*100) | V10: A4
A11: =IF(D11="","",ROW()-6) | T11: =IF(Q11-R11=0,"",(S11-Q11+R11)/(Q11-R11)*100) | V11: A5
A12: =IF(D12="","",ROW()-6) | T12: =IF(Q12-R12=0,"",(S12-Q12+R12)/(Q12-R12)*100) | V12: A6
A13: =IF(D13="","",ROW()-6) | T13: =IF(Q13-R13=0,"",(S13-Q13+R13)/(Q13-R13)*100) | V13: A7
A14: =IF(D14="","",ROW()-6) | T14: =IF(Q14-R14=0,"",(S14-Q14+R14)/(Q14-R14)*100) | V14: A8
A15: =IF(D15="","",ROW()-6) | T15: =IF(Q15-R15=0,"",(S15-Q15+R15)/(Q15-R15)*100) | V15: A9
A16: =IF(D16="","",ROW()-6) | T16: =IF(Q16-R16=0,"",(S16-Q16+R16)/(Q16-R16)*100) | V16: A10
A17: =IF(D17="","",ROW()-6) | T17: =IF(Q17-R17=0,"",(S17-Q17+R17)/(Q17-R17)*100) | V17: A11
A18: =IF(D18="","",ROW()-6) | T18: =IF(Q18-R18=0,"",(S18-Q18+R18)/(Q18-R18)*100) | V18: A12
... A29: =IF(D29="","",ROW()-6) | T29: =IF(Q29-R29=0,"",(S29-Q29+R29)/(Q29-R29)*100) | V29: A23
A30: 无形-土地合计 | O30: =SUM(O7:O29) -> 0 | P30: =SUM(P7:P29) -> 0 | Q30: =SUM(Q7:Q29) -> 0 | R30: =SUM(R7:R29) -> 0 | S30: =SUM(S7:S29) -> 0 | T30: =IF(Q30-R30=0,"",(S30-Q30+R30)/(Q30-R30)*100)
A31: 减：无形-土地减值准备 | P31: =R30 -> 0 | Q31: =R30 -> 0
A32: 无形-土地净额 | P32: =P30-P31 -> 0 | Q32: =Q30-Q31 -> 0 | S32: =S30-S31 -> 0 | T32: =IF(Q32-R32=0,"",(S32-Q32+R32)/(Q32-R32)*100)
A33: =基本信息输入表!$K$6&"填表人："&基本信息输入表!$M$75 -> 产权持有人填表人：袁佳 | S33: ="评估人员："&基本信息输入表!$Q$75 -> 评估人员：韩策
A34: ="填表日期："&YEAR(基本信息输入表!$O$75)&"年"&MONTH(基本信息输入表!$O$75)&"月"&DAY(基本信息输入表!$O$75)&"日" -> 填表日期：2025年12月15日

Sheet 4-13-2无形-矿业权
A1: 返回索引目录
A2: 无形资产—矿业权评估明细表
A3: ="评估基准日："&TEXT(基本信息输入表!M7,"yyyy年mm月dd日") -> 评估基准日：2025年11月30日
Q4: 表4-13-2
A5: =基本信息输入表!K6&"："&基本信息输入表!M6 -> 产权持有人：湖北省徽工生物技本研究有限公司 | R5: ="金额单位："&基本信息输入表!M10&"元" -> 金额单位：人民币元
A6: 序号 | B6: 名称、种类 （探矿权/采矿权） | C6: 证载权利人 | D6: 勘查（采矿）许可证编号 | E6: 取得方式 | F6: 取得日期 | G6: 终止日期 | H6: 剩余有效年限 | I6: 勘查开发阶段 | J6: 核定（批准） 生产规模 | K6: 原始入账价值 | L6: 审定前账面价值 | M6: 账面价值 | N6: 计提减值准备金额 | O6: 评估价值 | P6: 增减值 | Q6: 增值率% | R6: 备注 | S6: 唯一标识列
A7: =IF(B7="","",ROW()-6) | P7: =O7-M7+N7 -> 0 | Q7: =IF(M7-N7=0,"",P7/(M7-N7)*100) | S7: A1
A8: =IF(B8="","",ROW()-6) | P8: =O8-M8+N8 -> 0 | Q8: =IF(M8-N8=0,"",P8/(M8-N8)*100) | S8: A2
A9: =IF(B9="","",ROW()-6) | P9: =O9-M9+N9 -> 0 | Q9: =IF(M9-N9=0,"",P9/(M9-N9)*100) | S9: A3
A10: =IF(B10="","",ROW()-6) | P10: =O10-M10+N10 -> 0 | Q10: =IF(M10-N10=0,"",P10/(M10-N10)*100) | S10: A4
A11: =IF(B11="","",ROW()-6) | P11: =O11-M11+N11 -> 0 | Q11: =IF(M11-N11=0,"",P11/(M11-N11)*100) | S11: A5
A12: =IF(B12="","",ROW()-6) | P12: =O12-M12+N12 -> 0 | Q12: =IF(M12-N12=0,"",P12/(M12-N12)*100) | S12: A6
A13: =IF(B13="","",ROW()-6) | P13: =O13-M13+N13 -> 0 | Q13: =IF(M13-N13=0,"",P13/(M13-N13)*100) | S13: A7
A14: =IF(B14="","",ROW()-6) | P14: =O14-M14+N14 -> 0 | Q14: =IF(M14-N14=0,"",P14/(M14-N14)*100) | S14: A8
A15: =IF(B15="","",ROW()-6) | P15: =O15-M15+N15 -> 0 | Q15: =IF(M15-N15=0,"",P15/(M15-N15)*100) | S15: A9
A16: =IF(B16="","",ROW()-6) | P16: =O16-M16+N16 -> 0 | Q16: =IF(M16-N16=0,"",P16/(M16-N16)*100) | S16: A10
A17: =IF(B17="","",ROW()-6) | P17: =O17-M17+N17 -> 0 | Q17: =IF(M17-N17=0,"",P17/(M17-N17)*100) | S17: A11
A18: =IF(B18="","",ROW()-6) | P18: =O18-M18+N18 -> 0 | Q18: =IF(M18-N18=0,"",P18/(M18-N18)*100) | S18: A12
... A27: =IF(B27="","",ROW()-6) | P27: =O27-M27+N27 -> 0 | Q27: =IF(M27-N27=0,"",P27/(M27-N27)*100) | S27: A21
A28: 无形-矿业权合计 | K28: =SUM(K7:K27) -> 0 | L28: =SUM(L7:L27) -> 0 | M28: =SUM(M7:M27) -> 0 | N28: =SUM(N7:N27) -> 0 | O28: =SUM(O7:O27) -> 0 | P28: =O28-M28+N28 -> 0 | Q28: =IF(M28-N28=0,"",P28/(M28-N28)*100)
A29: 减：无形-矿业权减值准备 | L29: =N28 -> 0 | M29: =N28 -> 0
A30: 无形-矿业权净额 | L30: =L28-L29 -> 0 | M30: =M28-M29 -> 0 | O30: =O28-O29 -> 0 | P30: =O30-M30 -> 0 | Q30: =IF(M30-N30=0,"",P30/(M30-N30)*100)
A31: =基本信息输入表!$K$6&"填表人："&基本信息输入表!$M$76 -> 产权持有人填表人：袁佳 | P31: ="评估人员："&基本信息输入表!$Q$76 -> 评估人员：韩策
A32: ="填表日期："&YEAR(基本信息输入表!$O$76)&"年"&MONTH(基本信息输入表!$O$76)&"月"&DAY(基本信息输入表!$O$76)&"日" -> 填表日期：2025年12月15日

Sheet 4-13-3无形-其他
A1: 返回索引目录
A2: 无形资产—其他无形资产评估明细表
A3: ="评估基准日："&TEXT(基本信息输入表!M7,"yyyy年mm月dd日") -> 评估基准日：2025年11月30日
P4: 表4-13-3 | AH4: 元/人·月 | AI4: 其它研发费用比率 | AJ4: 管理费用比率
A5: =基本信息输入表!K6&"："&基本信息输入表!M6 -> 产权持有人：湖北省徽工生物技本研究有限公司 | P5: ="金额单位："&基本信息输入表!M10&"元" -> 金额单位：人民币元 | AA5: 45991 | AH5: 4000 | AI5: 0.1 | AJ5: 0.05 | AK5: 0.03 | AL5: =[1]参数!C14 -> 0.068376068 | AO5: =SUM(AO6:AO88) -> 0
A6: 序号 | B6: 无形资产名称和内容 | C6: 无形资产类型 | D6: 权证编号 | E6: 证载权利人 | F6: 取得日期 | G6: 法定/预计使用年限 | H6: 法定尚可使用年限 | I6: 原始入账价值 | J6: 审定前账面价值 | K6: 账面价值 | L6: 计提减值准备金额 | M6: 评估价值 | N6: 增减值 | O6: 增值率% | P6: 备注 | Q6: 唯一标识列 | R6: 申请日 | S6: 公开(公告)日期 | T6: 申请费 | U6: 公告、公布印刷费 | V6: 发明专利申请实质审查费 | W6: 复审费 | X6: 专利登记费 | Y6: 合计 | AA6: 已使用年限 | AB6: 法定/预计使用年限 | AC6: 法定尚可使用年限 | AD6: 实际尚可使用年限 | AE6: 人员(个） | AF6: 人均工时（天） | AG6: 研发周期(年） | AH6: 研发人力成本 | AI6: 其他研发费用 | AJ6: 管理费用 | AK6: 资金成本 | AL6: 合理利润 | AM6: 重置成本 | AN6: 贬值率 | AO6: 评估值
A21: =IF(D21="","",ROW()-6) | N21: =M21-K21+L21 -> 0 | O21: =IF(K21-L21=0,"",N21/(K21-L21)*100) | Q21: A15
A22: =IF(D22="","",ROW()-6) | N22: =M22-K22+L22 -> 0 | O22: =IF(K22-L22=0,"",N22/(K22-L22)*100) | Q22: A16
A23: =IF(D23="","",ROW()-6) | N23: =M23-K23+L23 -> 0 | O23: =IF(K23-L23=0,"",N23/(K23-L23)*100) | Q23: A17
A24: =IF(D24="","",ROW()-6) | N24: =M24-K24+L24 -> 0 | O24: =IF(K24-L24=0,"",N24/(K24-L24)*100) | Q24: A18
A25: 无形-其他合计 | I25: =SUM(I7:I24) -> 0 | J25: =SUM(J7:J24) -> 0 | K25: =SUM(K7:K24) -> 0 | L25: =SUM(L7:L24) -> 0 | M25: =SUM(M7:M24) -> 0 | N25: =M25-K25+L25 -> 0 | O25: =IF(K25-L25=0,"",N25/(K25-L25)*100)
A26: 减：无形-其他减值准备 | J26: =L25 -> 0 | K26: =L25 -> 0
A27: 无形-其他净额 | J27: =J25-J26 -> 0 | K27: =K25-K26 -> 0 | M27: =M25-M26 -> 0 | N27: =M27-K27+L27 -> 0 | O27: =IF(K27=0,"",N27/K27*100)
A28: =基本信息输入表!$K$6&"填表人："&基本信息输入表!$M$77 -> 产权持有人填表人：袁佳 | N28: ="评估人员："&基本信息输入表!$Q$77 -> 评估人员：韩策
A29: ="填表日期："&YEAR(基本信息输入表!$O$77)&"年"&MONTH(基本信息输入表!$O$77)&"月"&DAY(基本信息输入表!$O$77)&"日" -> 填表日期：2025年12月15日 | R29: https://www.gov.cn/xinwen/2017-02/16/5168227/files/9a3208af3178474eb8d0715acad2c7f3.pdf

Sheet 参数
C1: 重置成本=研发人力成本+其他研发支出成本+管理费用+机会成本
C3: 研发人力成本=研发人数*人员平均工资
C5: 其他研发支出成本
C6: 本次评估，其他研发支出成本按研发人力成本25%计取
C8: 资金成本/机会成本
C9: 机会成本率=LPR
C10: =3% -> 0.03
C11: 机会成本=（研发人力成本+其他研发支出成本+管理费用）*机会成本率*研发周期*1/2
C13: 合理利润
C14: =(100-93.8)/93.8 -> 0.066098081 | E14: 成本费用利润率
C15: 机会成本=（研发人力成本+其他研发支出成本+管理费用+资金成本）*合理利润率
C16: 重置成本
C17: 重置成本=研发人力成本+其他研发支出成本+管理费用+机会成本
C19: 成新率

Sheet 4-14开发支出
A1: 返回索引目录
A2: 开发支出评估明细表
A3: ="评估基准日："&TEXT(基本信息输入表!M7,"yyyy年mm月dd日") -> 评估基准日：2025年11月30日
N4: 表4-14
A5: =基本信息输入表!K6&"："&基本信息输入表!M6 -> 产权持有人：湖北省徽工生物技本研究有限公司 | N5: ="金额单位："&基本信息输入表!M10&"元" -> 金额单位：人民币元
A6: 序号 | B6: 内容或名称 | C6: 发生日期 （年月） | D6: 预计完成日期 （年月） | E6: 拟形成无形资产类型（专有技术/专利） | F6: 技术成熟度 | G6: 业内技术水平 | H6: 预算投入金额 | I6: 审定前账面价值 | J6: 账面价值 | K6: 评估价值 | L6: 增减值 | M6: 增值率% | N6: 备注 | O6: 唯一标识列
A7: =IF(B7="","",ROW()-6) | L7: =K7-J7 -> 0 | M7: =IF(J7=0,"",L7/J7*100) | O7: A1
A8: =IF(B8="","",ROW()-6) | L8: =K8-J8 -> 0 | M8: =IF(J8=0,"",L8/J8*100) | O8: A2
A9: =IF(B9="","",ROW()-6) | L9: =K9-J9 -> 0 | M9: =IF(J9=0,"",L9/J9*100) | O9: A3
A10: =IF(B10="","",ROW()-6) | L10: =K10-J10 -> 0 | M10: =IF(J10=0,"",L10/J10*100) | O10: A4
A11: =IF(B11="","",ROW()-6) | L11: =K11-J11 -> 0 | M11: =IF(J11=0,"",L11/J11*100) | O11: A5
A12: =IF(B12="","",ROW()-6) | L12: =K12-J12 -> 0 | M12: =IF(J12=0,"",L12/J12*100) | O12: A6
A13: =IF(B13="","",ROW()-6) | L13: =K13-J13 -> 0 | M13: =IF(J13=0,"",L13/J13*100) | O13: A7
A14: =IF(B14="","",ROW()-6) | L14: =K14-J14 -> 0 | M14: =IF(J14=0,"",L14/J14*100) | O14: A8
A15: =IF(B15="","",ROW()-6) | L15: =K15-J15 -> 0 | M15: =IF(J15=0,"",L15/J15*100) | O15: A9
A16: =IF(B16="","",ROW()-6) | L16: =K16-J16 -> 0 | M16: =IF(J16=0,"",L16/J16*100) | O16: A10
A17: =IF(B17="","",ROW()-6) | L17: =K17-J17 -> 0 | M17: =IF(J17=0,"",L17/J17*100) | O17: A11
A18: =IF(B18="","",ROW()-6) | L18: =K18-J18 -> 0 | M18: =IF(J18=0,"",L18/J18*100) | O18: A12
... A26: =IF(B26="","",ROW()-6) | L26: =K26-J26 -> 0 | M26: =IF(J26=0,"",L26/J26*100) | O26: A20
A27: 合计 | I27: =SUM(I7:I26) -> 0 | J27: =SUM(J7:J26) -> 0 | K27: =SUM(K7:K26) -> 0 | L27: =K27-J27 -> 0 | M27: =IF(J27=0,"",L27/J27*100)
A28: =基本信息输入表!$K$6&"填表人："&基本信息输入表!$M$78 -> 产权持有人填表人：袁佳 | L28: ="评估人员："&基本信息输入表!$Q$78 -> 评估人员：韩策
A29: ="填表日期："&YEAR(基本信息输入表!$O$78)&"年"&MONTH(基本信息输入表!$O$78)&"月"&DAY(基本信息输入表!$O$78)&"日" -> 填表日期：2025年12月15日

Sheet 4-15商誉
A1: 返回索引目录
A2: 商誉评估明细表
A3: ="评估基准日："&TEXT(基本信息输入表!M7,"yyyy年mm月dd日") -> 评估基准日：2025年11月30日
I4: 表4-15
A5: =基本信息输入表!K6&"："&基本信息输入表!M6 -> 产权持有人：湖北省徽工生物技本研究有限公司 | I5: ="金额单位："&基本信息输入表!M10&"元" -> 金额单位：人民币元
A6: 序号 | B6: 内容或名称 | C6: 取得日期 | D6: 审定前账面价值 | E6: 账面价值 | F6: 评估价值 | G6: 增减值 | H6: 增值率% | I6: 备注 | J6: 唯一标识列
A7: =IF(B7="","",ROW()-6) | G7: =F7-E7 -> 0 | H7: =IF(E7=0,"",G7/E7*100) | J7: A1
A8: =IF(B8="","",ROW()-6) | G8: =F8-E8 -> 0 | H8: =IF(E8=0,"",G8/E8*100) | J8: A2
A9: =IF(B9="","",ROW()-6) | G9: =F9-E9 -> 0 | H9: =IF(E9=0,"",G9/E9*100) | J9: A3
A10: =IF(B10="","",ROW()-6) | G10: =F10-E10 -> 0 | H10: =IF(E10=0,"",G10/E10*100) | J10: A4
A11: =IF(B11="","",ROW()-6) | G11: =F11-E11 -> 0 | H11: =IF(E11=0,"",G11/E11*100) | J11: A5
A12: =IF(B12="","",ROW()-6) | G12: =F12-E12 -> 0 | H12: =IF(E12=0,"",G12/E12*100) | J12: A6
A13: =IF(B13="","",ROW()-6) | G13: =F13-E13 -> 0 | H13: =IF(E13=0,"",G13/E13*100) | J13: A7
A14: =IF(B14="","",ROW()-6) | G14: =F14-E14 -> 0 | H14: =IF(E14=0,"",G14/E14*100) | J14: A8
A15: =IF(B15="","",ROW()-6) | G15: =F15-E15 -> 0 | H15: =IF(E15=0,"",G15/E15*100) | J15: A9
A16: =IF(B16="","",ROW()-6) | G16: =F16-E16 -> 0 | H16: =IF(E16=0,"",G16/E16*100) | J16: A10
A17: =IF(B17="","",ROW()-6) | G17: =F17-E17 -> 0 | H17: =IF(E17=0,"",G17/E17*100) | J17: A11
A18: =IF(B18="","",ROW()-6) | G18: =F18-E18 -> 0 | H18: =IF(E18=0,"",G18/E18*100) | J18: A12
... A24: =IF(B24="","",ROW()-6) | G24: =F24-E24 -> 0 | H24: =IF(E24=0,"",G24/E24*100) | J24: A18
A25: 商誉合计 | D25: =SUM(D7:D24) -> 0 | E25: =SUM(E7:E24) -> 0 | F25: =SUM(F7:F24) -> 0 | G25: =F25-E25 -> 0 | H25: =IF(E25=0,"",G25/E25*100)
A26: 减：商誉减值准备 | G26: =F26-E26 -> 0 | H26: =IF(E26=0,"",G26/E26*100)
A27: 商誉净额 | D27: =D25-D26 -> 0 | E27: =E25-E26 -> 0 | F27: =F25-F26 -> 0 | G27: =F27-E27 -> 0 | H27: =IF(E27=0,"",G27/E27*100)
A28: =基本信息输入表!$K$6&"填表人："&基本信息输入表!$M$79 -> 产权持有人填表人：袁佳 | G28: ="评估人员："&基本信息输入表!$Q$79 -> 评估人员：韩策
A29: ="填表日期："&YEAR(基本信息输入表!$O$79)&"年"&MONTH(基本信息输入表!$O$79)&"月"&DAY(基本信息输入表!$O$79)&"日" -> 填表日期：2025年12月15日

Sheet 4-16长期待摊费用
A1: 返回索引目录
A2: 长期待摊费用评估明细表
A3: ="评估基准日："&TEXT(基本信息输入表!M7,"yyyy年mm月dd日") -> 评估基准日：2025年11月30日
L4: 表4-16
A5: =基本信息输入表!K6&"："&基本信息输入表!M6 -> 产权持有人：湖北省徽工生物技本研究有限公司 | L5: ="金额单位："&基本信息输入表!M10&"元" -> 金额单位：人民币元
A6: 序号 | B6: 费用名称或内容 | C6: 形成日期 | D6: 原始发生额 | E6: 预计摊销月数 | F6: 尚存受益月数 | G6: 审定前账面价值 | H6: 账面价值 | I6: 评估价值 | J6: 增减值 | K6: 增值率% | L6: 备注 | M6: 唯一标识列
A7: =IF(B7="","",ROW()-6) | J7: =I7-H7 -> 0 | K7: =IF(H7=0,"",J7/H7*100) | M7: A1
A8: =IF(B8="","",ROW()-6) | J8: =I8-H8 -> 0 | K8: =IF(H8=0,"",J8/H8*100) | M8: A2
A9: =IF(B9="","",ROW()-6) | J9: =I9-H9 -> 0 | K9: =IF(H9=0,"",J9/H9*100) | M9: A3
A10: =IF(B10="","",ROW()-6) | J10: =I10-H10 -> 0 | K10: =IF(H10=0,"",J10/H10*100) | M10: A4
A11: =IF(B11="","",ROW()-6) | J11: =I11-H11 -> 0 | K11: =IF(H11=0,"",J11/H11*100) | M11: A5
A12: =IF(B12="","",ROW()-6) | J12: =I12-H12 -> 0 | K12: =IF(H12=0,"",J12/H12*100) | M12: A6
A13: =IF(B13="","",ROW()-6) | J13: =I13-H13 -> 0 | K13: =IF(H13=0,"",J13/H13*100) | M13: A7
A14: =IF(B14="","",ROW()-6) | J14: =I14-H14 -> 0 | K14: =IF(H14=0,"",J14/H14*100) | M14: A8
A15: =IF(B15="","",ROW()-6) | J15: =I15-H15 -> 0 | K15: =IF(H15=0,"",J15/H15*100) | M15: A9
A16: =IF(B16="","",ROW()-6) | J16: =I16-H16 -> 0 | K16: =IF(H16=0,"",J16/H16*100) | M16: A10
A17: =IF(B17="","",ROW()-6) | J17: =I17-H17 -> 0 | K17: =IF(H17=0,"",J17/H17*100) | M17: A11
A18: =IF(B18="","",ROW()-6) | J18: =I18-H18 -> 0 | K18: =IF(H18=0,"",J18/H18*100) | M18: A12
... A26: =IF(B26="","",ROW()-6) | J26: =I26-H26 -> 0 | K26: =IF(H26=0,"",J26/H26*100) | M26: A20
A27: 合计 | G27: =SUM(G7:G26) -> 0 | H27: =SUM(H7:H26) -> 0 | I27: =SUM(I7:I26) -> 0 | J27: =I27-H27 -> 0 | K27: =IF(H27=0,"",J27/H27*100)
A28: =基本信息输入表!$K$6&"填表人："&基本信息输入表!$M$80 -> 产权持有人填表人：袁佳 | J28: ="评估人员："&基本信息输入表!$Q$80 -> 评估人员：韩策
A29: ="填表日期："&YEAR(基本信息输入表!$O$80)&"年"&MONTH(基本信息输入表!$O$80)&"月"&DAY(基本信息输入表!$O$80)&"日" -> 填表日期：2025年12月15日

Sheet 4-17递延所得税资产
A1: 返回索引目录
A2: 递延所得税资产评估明细表
A3: ="评估基准日："&TEXT(基本信息输入表!M7,"yyyy年mm月dd日") -> 评估基准日：2025年11月30日
G4: 表4-17
A5: =基本信息输入表!K6&"："&基本信息输入表!M6 -> 产权持有人：湖北省徽工生物技本研究有限公司 | G5: ="金额单位："&基本信息输入表!M10&"元" -> 金额单位：人民币元
A6: 序号 | B6: 内容或名称 | C6: 发生日期 | D6: 审定前账面价值 | E6: 账面价值 | F6: 评估价值 | G6: 备注 | H6: 唯一标识列
A7: =IF(B7="","",ROW()-6) | H7: A1
A8: =IF(B8="","",ROW()-6) | H8: A2
A9: =IF(B9="","",ROW()-6) | H9: A3
A10: =IF(B10="","",ROW()-6) | H10: A4
A11: =IF(B11="","",ROW()-6) | H11: A5
A12: =IF(B12="","",ROW()-6) | H12: A6
A13: =IF(B13="","",ROW()-6) | H13: A7
A14: =IF(B14="","",ROW()-6) | H14: A8
A15: =IF(B15="","",ROW()-6) | H15: A9
A16: =IF(B16="","",ROW()-6) | H16: A10
A17: =IF(B17="","",ROW()-6) | H17: A11
A18: =IF(B18="","",ROW()-6) | H18: A12
... A26: =IF(B26="","",ROW()-6) | H26: A20
A27: 合计 | D27: =SUM(D7:D26) -> 0 | E27: =SUM(E7:E26) -> 0 | F27: =SUM(F7:F26) -> 0
A28: =基本信息输入表!$K$6&"填表人："&基本信息输入表!$M$81 -> 产权持有人填表人：袁佳 | E28: ="评估人员："&基本信息输入表!$Q$81 -> 评估人员：韩策
A29: ="填表日期："&YEAR(基本信息输入表!$O$81)&"年"&MONTH(基本信息输入表!$O$81)&"月"&DAY(基本信息输入表!$O$81)&"日" -> 填表日期：2025年12月15日

Sheet 4-18其他非流动资产
A1: 返回索引目录
A2: 其他非流动资产评估明细表
A3: ="评估基准日："&TEXT(基本信息输入表!M7,"yyyy年mm月dd日") -> 评估基准日：2025年11月30日
H4: 表4-18
A5: =基本信息输入表!K6&"："&基本信息输入表!M6 -> 产权持有人：湖北省徽工生物技本研究有限公司 | H5: ="金额单位："&基本信息输入表!M10&"元" -> 金额单位：人民币元
A6: 序号 | B6: 内容或名称 | C6: 取得日期 | D6: 审定前账面价值 | E6: 账面价值 | F6: 评估价值 | G6: 增值率% | H6: 备注 | I6: 唯一标识列
A7: =IF(B7="","",ROW()-6) | G7: =IF(E7=0,"",(F7-E7)/E7*100) | I7: A1
A8: =IF(B8="","",ROW()-6) | G8: =IF(E8=0,"",(F8-E8)/E8*100) | I8: A2
A9: =IF(B9="","",ROW()-6) | G9: =IF(E9=0,"",(F9-E9)/E9*100) | I9: A3
A10: =IF(B10="","",ROW()-6) | G10: =IF(E10=0,"",(F10-E10)/E10*100) | I10: A4
A11: =IF(B11="","",ROW()-6) | G11: =IF(E11=0,"",(F11-E11)/E11*100) | I11: A5
A12: =IF(B12="","",ROW()-6) | G12: =IF(E12=0,"",(F12-E12)/E12*100) | I12: A6
A13: =IF(B13="","",ROW()-6) | G13: =IF(E13=0,"",(F13-E13)/E13*100) | I13: A7
A14: =IF(B14="","",ROW()-6) | G14: =IF(E14=0,"",(F14-E14)/E14*100) | I14: A8
A15: =IF(B15="","",ROW()-6) | G15: =IF(E15=0,"",(F15-E15)/E15*100) | I15: A9
A16: =IF(B16="","",ROW()-6) | G16: =IF(E16=0,"",(F16-E16)/E16*100) | I16: A10
A17: =IF(B17="","",ROW()-6) | I17: A11
A18: =IF(B18="","",ROW()-6) | I18: A12
A19: =IF(B19="","",ROW()-6) | G19: =IF(E19=0,"",(F19-E19)/E19*100) | I19: A13
A20: =IF(B20="","",ROW()-6) | G20: =IF(E20=0,"",(F20-E20)/E20*100) | I20: A14
A21: =IF(B21="","",ROW()-6) | G21: =IF(E21=0,"",(F21-E21)/E21*100) | I21: A15
A22: =IF(B22="","",ROW()-6) | G22: =IF(E22=0,"",(F22-E22)/E22*100) | I22: A16
A23: =IF(B23="","",ROW()-6) | G23: =IF(E23=0,"",(F23-E23)/E23*100) | I23: A17
A24: =IF(B24="","",ROW()-6) | G24: =IF(E24=0,"",(F24-E24)/E24*100) | I24: A18
A25: =IF(B25="","",ROW()-6) | G25: =IF(E25=0,"",(F25-E25)/E25*100) | I25: A19
A26: =IF(B26="","",ROW()-6) | G26: =IF(E26=0,"",(F26-E26)/E26*100) | I26: A20
A27: 合计 | D27: =SUM(D7:D26) -> 0 | E27: =SUM(E7:E26) -> 0 | F27: =SUM(F7:F26) -> 0 | G27: =IF(E27=0,"",(F27-E27)/E27*100)
A28: =基本信息输入表!$K$6&"填表人："&基本信息输入表!$M$82 -> 产权持有人填表人：袁佳 | F28: ="评估人员："&基本信息输入表!$Q$82 -> 评估人员：韩策
A29: ="填表日期："&YEAR(基本信息输入表!$O$82)&"年"&MONTH(基本信息输入表!$O$82)&"月"&DAY(基本信息输入表!$O$82)&"日" -> 填表日期：2025年12月15日

Sheet 5-流动负债汇总
A1: 返回索引目录
A2: 流动负债评估汇总表
A3: ="评估基准日："&TEXT(基本信息输入表!M7,"yyyy年mm月dd日") -> 评估基准日：2025年11月30日
G4: 表5
A5: =基本信息输入表!K6&"："&基本信息输入表!M6 -> 产权持有人：湖北省徽工生物技本研究有限公司 | G5: ="金额单位："&基本信息输入表!M10&"元" -> 金额单位：人民币元
A6: 编号 | B6: 科目名称 | C6: 审定前账面价值 | D6: 账面价值 | E6: 评估价值 | F6: 增值额 | G6: 增值率%
A7: 5-1 | B7: 短期借款 | C7: ='5-1短期借款'!I27 -> 0 | D7: ='5-1短期借款'!J27 -> 0 | E7: ='5-1短期借款'!K27 -> 0 | F7: =E7-D7 -> 0 | G7: =IF(D7=0,"",F7/D7*100)
A8: 5-2 | B8: 交易性金融负债 | C8: ='5-2交易性金融负债'!G27 -> 0 | D8: ='5-2交易性金融负债'!H27 -> 0 | E8: ='5-2交易性金融负债'!I27 -> 0 | F8: =E8-D8 -> 0 | G8: =IF(D8=0,"",F8/D8*100)
A9: 5-3 | B9: 衍生金融负债 | C9: ='5-3衍生金融负债'!F27 -> 0 | D9: ='5-3衍生金融负债'!G27 -> 0 | E9: ='5-3衍生金融负债'!H27 -> 0 | F9: =E9-D9 -> 0 | G9: =IF(D9=0,"",F9/D9*100)
A10: 5-4 | B10: 应付票据 | C10: ='5-4应付票据'!F27 -> 0 | D10: ='5-4应付票据'!G27 -> 0 | E10: ='5-4应付票据'!H27 -> 0 | F10: =E10-D10 -> 0 | G10: =IF(D10=0,"",F10/D10*100)
A11: 5-5 | B11: 应付账款 | C11: ='5-5应付账款'!G28 -> 0 | D11: ='5-5应付账款'!H28 -> 0 | E11: ='5-5应付账款'!I28 -> 0 | F11: =E11-D11 -> 0 | G11: =IF(D11=0,"",F11/D11*100)
A12: 5-6 | B12: 预收款项 | C12: ='5-6预收款项'!G27 -> 0 | D12: ='5-6预收款项'!H27 -> 0 | E12: ='5-6预收款项'!I27 -> 0 | F12: =E12-D12 -> 0 | G12: =IF(D12=0,"",F12/D12*100)
A13: 5-7 | B13: 合同负债 | C13: ='5-7合同负债'!G27 -> 0 | D13: ='5-7合同负债'!H27 -> 0 | E13: ='5-7合同负债'!I27 -> 0 | F13: =E13-D13 -> 0 | G13: =IF(D13=0,"",F13/D13*100)
A14: 5-8 | B14: 应付职工薪酬 | C14: ='5-8职工薪酬'!D25 -> 0 | D14: ='5-8职工薪酬'!E25 -> 0 | E14: ='5-8职工薪酬'!F25 -> 0 | F14: =E14-D14 -> 0 | G14: =IF(D14=0,"",F14/D14*100)
A15: 5-9 | B15: 应交税费 | C15: ='5-9应交税费'!E26 -> 0 | D15: ='5-9应交税费'!F26 -> 0 | E15: ='5-9应交税费'!G26 -> 0 | F15: =E15-D15 -> 0 | G15: =IF(D15=0,"",F15/D15*100)
A16: 5-10 | B16: 其他应付款 | C16: ='5-10其他应付款'!G31 -> 0 | D16: ='5-10其他应付款'!H31 -> 0 | E16: ='5-10其他应付款'!I31 -> 0 | F16: =E16-D16 -> 0 | G16: =IF(D16=0,"",F16/D16*100)
A17: 5-11 | B17: 持有待售负债 | C17: ='5-11持有待售负债'!G27 -> 0 | D17: ='5-11持有待售负债'!H27 -> 0 | E17: ='5-11持有待售负债'!I27 -> 0 | F17: =E17-D17 -> 0 | G17: =IF(D17=0,"",F17/D17*100)
A18: 5-12 | B18: 一年内到期的非流动负债 | C18: ='5-12一年到期非流动负债'!F27 -> 0 | D18: ='5-12一年到期非流动负债'!G27 -> 0 | E18: ='5-12一年到期非流动负债'!H27 -> 0 | F18: =E18-D18 -> 0 | G18: =IF(D18=0,"",F18/D18*100)
A19: 5-13 | B19: 其他流动负债 | C19: ='5-13其他流动负债'!E27 -> 0 | D19: ='5-13其他流动负债'!F27 -> 0 | E19: ='5-13其他流动负债'!G27 -> 0 | F19: =E19-D19 -> 0 | G19: =IF(D19=0,"",F19/D19*100)
A29: 流动负债合计 | C29: =SUM(C7:C28) -> 0 | D29: =SUM(D7:D28) -> 0 | E29: =SUM(E7:E28) -> 0 | F29: =E29-D29 -> 0 | G29: =IF(D29=0,"",F29/D29*100)
E30: ="评估人员："&基本信息输入表!$Q$83 -> 评估人员：韩策

Sheet 5-1短期借款
A1: 返回索引目录
A2: 短期借款评估明细表
A3: ="评估基准日："&TEXT(基本信息输入表!M7,"yyyy年mm月dd日") -> 评估基准日：2025年11月30日
M4: 表5-1
A5: =基本信息输入表!K6&"："&基本信息输入表!M6 -> 产权持有人：湖北省徽工生物技本研究有限公司 | M5: ="金额单位："&基本信息输入表!M10&"元" -> 金额单位：人民币元
